Workbook
Name APIKEY: 'General information'!$B$37
Name RegionsAirplanes1: Vars!$E$1:$E$39
Name RegionsAirplanes2: Vars!$F$1:$F$39
Name RegionsFood1: Vars!$G$1:$G$39
Name RegionsFood2: Vars!$H$1:$H$39
Name RegionsHouse1: Vars!$A$1:$A$39
Name RegionsHouse2: Vars!$B$1:$B$39
Name RegionsWeapons1: Vars!$C$1:$C$39
Name RegionsWeapons2: Vars!$D$1:$D$39

Sheet Countries
A1: name | B1: id | C1: bonus_frm | D1: bonus_wrm | E1: bonus_hrm | F1: bonus_arm | G1: bonus_food | H1: bonus_weapon | I1: bonus_house | J1: bonus_aircraft | K1: t_frm_income | L1: t_frm_import | M1: t_frm_vat | N1: t_wrm_income | O1: t_wrm_import | P1: t_wrm_vat | Q1: t_hrm_income | R1: t_hrm_import | S1: t_hrm_vat | T1: t_arm_income | U1: t_arm_import | V1: t_arm_vat | W1: t_food_income | X1: t_food_import | Y1: t_food_vat | Z1: t_weapon_income | AA1: t_weapon_import | AB1: t_weapon_vat | AC1: t_house_income | AD1: t_house_import | AE1: t_house_vat | AF1: t_aircraft_income | AG1: t_aircraft_import | AH1: t_aircraft_vat | AI1: t_movingticket_income | AJ1: t_movingticket_import | AK1: t_movingticket_vat | AL1: salary_average
A2: Albania | B2: 167 | C2: 0 | D2: 0 | E2: 0 | F2: 0 | G2: 0 | H2: 0 | I2: 0 | J2: 0 | K2: 0.01 | L2: 0.01 | M2: 0 | N2: 0.01 | O2: 0.01 | P2: 0 | Q2: 0.01 | R2: 0.01 | S2: 0 | T2: 0.01 | U2: 0.01 | V2: 0 | W2: 0.01 | X2: 0.01 | Y2: 0.01 | Z2: 0.01 | AA2: 0.01 | AB2: 0.01 | AC2: 0.01 | AD2: 0.01 | AE2: 0.01 | AF2: 0.01 | AG2: 0.01 | AH2: 0.01 | AI2: 0.01 | AJ2: 0.01 | AK2: 0.01 | AL2: 3953.91
A3: Argentina | B3: 27 | C3: 0.9 | D3: 0.3 | E3: 0 | F3: 0.65 | G3: 0.9 | H3: 0.3 | I3: 0 | J3: 0.65 | K3: 0.01 | L3: 0.01 | M3: 0 | N3: 0.01 | O3: 0.01 | P3: 0 | Q3: 0.01 | R3: 0.01 | S3: 0 | T3: 0.01 | U3: 0.01 | V3: 0 | W3: 0.01 | X3: 0.99 | Y3: 0.01 | Z3: 0.01 | AA3: 0.99 | AB3: 0.01 | AC3: 0.01 | AD3: 0.01 | AE3: 0.01 | AF3: 0.01 | AG3: 0.99 | AH3: 0.01 | AI3: 0.01 | AJ3: 0.01 | AK3: 0.01 | AL3: 4629.21
A4: Armenia | B4: 169 | C4: 0.1 | D4: 0.1 | E4: 0.24 | F4: 0.35 | G4: 0.1 | H4: 0.1 | I4: 0.24 | J4: 0.35 | K4: 0.01 | L4: 0.1 | M4: 0 | N4: 0.01 | O4: 0.01 | P4: 0 | Q4: 0.01 | R4: 0.01 | S4: 0 | T4: 0.01 | U4: 0.01 | V4: 0 | W4: 0.01 | X4: 0.01 | Y4: 0.01 | Z4: 0.01 | AA4: 0.01 | AB4: 0.01 | AC4: 0.01 | AD4: 0.01 | AE4: 0.01 | AF4: 0.01 | AG4: 0.01 | AH4: 0.01 | AI4: 0.01 | AJ4: 0.1 | AK4: 0.01 | AL4: 4597.59
A5: Australia | B5: 50 | C5: 1 | D5: 0 | E5: 0 | F5: 0 | G5: 1 | H5: 0 | I5: 0 | J5: 0 | K5: 0.01 | L5: 0.01 | M5: 0 | N5: 0.01 | O5: 0.01 | P5: 0 | Q5: 0.01 | R5: 0.08 | S5: 0 | T5: 0.01 | U5: 0.01 | V5: 0 | W5: 0.01 | X5: 0.08 | Y5: 0.01 | Z5: 0.01 | AA5: 0.08 | AB5: 0.01 | AC5: 0.01 | AD5: 0.49 | AE5: 0.01 | AF5: 0.01 | AG5: 0.49 | AH5: 0.01 | AI5: 0.01 | AJ5: 0.99 | AK5: 0.01 | AL5: 5186.22
A6: Austria | B6: 33 | C6: 0.22 | D6: 0 | E6: 0.45 | F6: 0 | G6: 0.22 | H6: 0 | I6: 0.45 | J6: 0 | K6: 0.01 | L6: 0.99 | M6: 0 | N6: 0.01 | O6: 0.5 | P6: 0 | Q6: 0.01 | R6: 0.01 | S6: 0 | T6: 0.01 | U6: 0.01 | V6: 0 | W6: 0.01 | X6: 0.2 | Y6: 0.01 | Z6: 0.01 | AA6: 0.01 | AB6: 0.01 | AC6: 0.01 | AD6: 0.2 | AE6: 0.01 | AF6: 0.01 | AG6: 0.01 | AH6: 0.01 | AI6: 0.01 | AJ6: 0.15 | AK6: 0.1 | AL6: 4868.93
A7: Belarus | B7: 83 | C7: 0.5 | D7: 0 | E7: 0 | F7: 0.45 | G7: 0.5 | H7: 0 | I7: 0 | J7: 0.45 | K7: 0.01 | L7: 0.01 | M7: 0 | N7: 0.01 | O7: 0.01 | P7: 0 | Q7: 0.01 | R7: 0.01 | S7: 0 | T7: 0.01 | U7: 0.01 | V7: 0 | W7: 0.01 | X7: 0.01 | Y7: 0.01 | Z7: 0.01 | AA7: 0.05 | AB7: 0.01 | AC7: 0.01 | AD7: 0.01 | AE7: 0.01 | AF7: 0.01 | AG7: 0.1 | AH7: 0.01 | AI7: 0.01 | AJ7: 0.01 | AK7: 0.01 | AL7: 4931.63
A8: Belgium | B8: 32 | C8: 0.25 | D8: 0.25 | E8: 0 | F8: 0.45 | G8: 0.25 | H8: 0.25 | I8: 0 | J8: 0.45 | K8: 0.01 | L8: 0.99 | M8: 0 | N8: 0.01 | O8: 0.99 | P8: 0 | Q8: 0.01 | R8: 0.02 | S8: 0 | T8: 0.01 | U8: 0.02 | V8: 0 | W8: 0.01 | X8: 0.01 | Y8: 0.01 | Z8: 0.01 | AA8: 0.99 | AB8: 0.01 | AC8: 0.01 | AD8: 0.01 | AE8: 0.01 | AF8: 0.01 | AG8: 0.03 | AH8: 0.01 | AI8: 0.01 | AJ8: 0.02 | AK8: 0.02 | AL8: 5362.58
A9: Bolivia | B9: 76 | C9: 0 | D9: 0 | E9: 0 | F9: 0 | G9: 0 | H9: 0 | I9: 0 | J9: 0 | K9: 0.01 | L9: 0.02 | M9: 0 | N9: 0.01 | O9: 0.02 | P9: 0 | Q9: 0.01 | R9: 0.02 | S9: 0 | T9: 0.01 | U9: 0.01 | V9: 0 | W9: 0.01 | X9: 0.05 | Y9: 0.01 | Z9: 0.01 | AA9: 0.02 | AB9: 0.01 | AC9: 0.01 | AD9: 0.01 | AE9: 0.01 | AF9: 0.01 | AG9: 0.01 | AH9: 0.01 | AI9: 0.01 | AJ9: 0.01 | AK9: 0.01 | AL9: 3315.65
A10: Bosnia and Herzegovina | B10: 69 | C10: 0 | D10: 0 | E10: 0 | F10: 0 | G10: 0 | H10: 0 | I10: 0 | J10: 0 | K10: 0.01 | L10: 0.01 | M10: 0 | N10: 0.01 | O10: 0.01 | P10: 0 | Q10: 0.01 | R10: 0.01 | S10: 0 | T10: 0.01 | U10: 0.01 | V10: 0 | W10: 0.01 | X10: 0.99 | Y10: 0.02 | Z10: 0.01 | AA10: 0.99 | AB10: 0.01 | AC10: 0.01 | AD10: 0.05 | AE10: 0.01 | AF10: 0.01 | AG10: 0.01 | AH10: 0.01 | AI10: 0.01 | AJ10: 0.01 | AK10: 0.01 | AL10: 3881.91
A11: Brazil | B11: 9 | C11: 1 | D11: 0.1 | E11: 0 | F11: 0.05 | G11: 1 | H11: 0.1 | I11: 0 | J11: 0.05 | K11: 0.01 | L11: 0.01 | M11: 0 | N11: 0.01 | O11: 0.01 | P11: 0 | Q11: 0.01 | R11: 0.01 | S11: 0 | T11: 0.01 | U11: 0.01 | V11: 0 | W11: 0.01 | X11: 0.01 | Y11: 0.01 | Z11: 0.01 | AA11: 0.01 | AB11: 0.01 | AC11: 0.01 | AD11: 0.01 | AE11: 0.01 | AF11: 0.01 | AG11: 0.01 | AH11: 0.01 | AI11: 0.01 | AJ11: 0.01 | AK11: 0.01 | AL11: 4852.92
A12: Bulgaria | B12: 42 | C12: 1 | D12: 0.37 | E12: 0.05 | F12: 1 | G12: 1 | H12: 0.37 | I12: 0.05 | J12: 1 | K12: 0.01 | L12: 0.01 | M12: 0 | N12: 0.01 | O12: 0.01 | P12: 0 | Q12: 0.01 | R12: 0.01 | S12: 0 | T12: 0.01 | U12: 0.01 | V12: 0 | W12: 0.01 | X12: 0.01 | Y12: 0.01 | Z12: 0.01 | AA12: 0.01 | AB12: 0.01 | AC12: 0.01 | AD12: 0.01 | AE12: 0.01 | AF12: 0.01 | AG12: 0.01 | AH12: 0.01 | AI12: 0.01 | AJ12: 0.01 | AK12: 0.01 | AL12: 5143.91
A13: Canada | B13: 23 | C13: 0.25 | D13: 1 | E13: 0.3 | F13: 0.55 | G13: 0.25 | H13: 1 | I13: 0.3 | J13: 0.55 | K13: 0.01 | L13: 0.01 | M13: 0 | N13: 0.01 | O13: 0.01 | P13: 0 | Q13: 0.01 | R13: 0.01 | S13: 0 | T13: 0.01 | U13: 0.01 | V13: 0 | W13: 0.01 | X13: 0.01 | Y13: 0.01 | Z13: 0.01 | AA13: 0.01 | AB13: 0.01 | AC13: 0.01 | AD13: 0.01 | AE13: 0.01 | AF13: 0.01 | AG13: 0.01 | AH13: 0.01 | AI13: 0.01 | AJ13: 0.01 | AK13: 0.01 | AL13: 4639.46
... A75: Venezuela | B75: 28 | C75: 0.3 | D75: 0.3 | E75: 0.1 | F75: 0.1 | G75: 0.3 | H75: 0.3 | I75: 0.1 | J75: 0.1 | K75: 0.01 | L75: 0.01 | M75: 0 | N75: 0.01 | O75: 0.01 | P75: 0 | Q75: 0.01 | R75: 0.01 | S75: 0 | T75: 0.01 | U75: 0.01 | V75: 0 | W75: 0.01 | X75: 0.01 | Y75: 0.01 | Z75: 0.01 | AA75: 0.01 | AB75: 0.01 | AC75: 0.01 | AD75: 0.01 | AE75: 0.01 | AF75: 0.01 | AG75: 0.01 | AH75: 0.01 | AI75: 0.01 | AJ75: 0.01 | AK75: 0.01 | AL75: 4940.12

Sheet Regions
A1: id | B1: name | C1: pollution_frm | D1: pollution_food_1 | E1: pollution_food_2 | F1: pollution_food_3 | G1: pollution_food_4 | H1: pollution_food_5 | I1: pollution_food_6 | J1: pollution_food_7 | K1: pollution_wrm | L1: pollution_weapon_1 | M1: pollution_weapon_2 | N1: pollution_weapon_3 | O1: pollution_weapon_4 | P1: pollution_weapon_5 | Q1: pollution_weapon_6 | R1: pollution_weapon_7 | S1: pollution_hrm | T1: pollution_house_1 | U1: pollution_house_2 | V1: pollution_house_3 | W1: pollution_house_4 | X1: pollution_house_5 | Y1: pollution_house_6 | Z1: pollution_house_7 | AA1: pollution_arm | AB1: pollution_aircraft_1 | AC1: pollution_aircraft_2 | AD1: pollution_aircraft_3 | AE1: pollution_aircraft_4 | AF1: pollution_aircraft_5 | AG1: pollution_aircraft_6 | AH1: pollution_aircraft_7 | AI1: productivity_absolute_frm | AJ1: productivity_absolute_food_1 | AK1: productivity_absolute_food_2 | AL1: productivity_absolute_food_3 | AM1: productivity_absolute_food_4 | AN1: productivity_absolute_food_5 | AO1: productivity_absolute_food_6 | AP1: productivity_absolute_food_7 | AQ1: productivity_absolute_wrm | AR1: productivity_absolute_weapon_1 | AS1: productivity_absolute_weapon_2 | AT1: productivity_absolute_weapon_3 | AU1: productivity_absolute_weapon_4 | AV1: productivity_absolute_weapon_5 | AW1: productivity_absolute_weapon_6 | AX1: productivity_absolute_weapon_7 | AY1: productivity_absolute_hrm | AZ1: productivity_absolute_house_1 | BA1: productivity_absolute_house_2 | BB1: productivity_absolute_house_3 | BC1: productivity_absolute_house_4 | BD1: productivity_absolute_house_5 | BE1: productivity_absolute_house_6 | BF1: productivity_absolute_house_7 | BG1: productivity_absolute_arm | BH1: productivity_absolute_aircraft_1 | BI1: productivity_absolute_aircraft_2 | BJ1: productivity_absolute_aircraft_3 | BK1: productivity_absolute_aircraft_4 | BL1: productivity_absolute_aircraft_5 | BM1: productivity_absolute_aircraft_6 | BN1: productivity_absolute_aircraft_7 | BO1: bonus_food | BP1: bonus_weapon | BQ1: bonus_house | BR1: bonus_aircraft | BS1: current_owner_country_id | BT1: original_owner_country_id
A2: 3 | B2: Dobrogea | C2: 2.81 | D2: 16.49 | E2: 5.75 | F2: 1.63 | G2: 0.15 | H2: 0.15 | I2: 0 | J2: 1.31 | K2: 0.19 | L2: 0 | M2: 0.03 | N2: 0 | O2: 0 | P2: 0 | Q2: 0 | R2: 7.61 | S2: 0 | T2: 1.35 | U2: 0 | V2: 0 | W2: 0 | X2: 0 | Y2: 0 | Z2: 0 | AA2: 25 | AB2: 6.65 | AC2: 0.29 | AD2: 0 | AE2: 0 | AF2: 25 | AG2: 0 | AH2: 0 | AI2: 97.19 | AJ2: 83.51 | AK2: 94.25 | AL2: 98.37 | AM2: 99.85 | AN2: 99.85 | AO2: 100 | AP2: 98.69 | AQ2: 34.81 | AR2: 35 | AS2: 34.97 | AT2: 35 | AU2: 35 | AV2: 35 | AW2: 35 | AX2: 27.39 | AY2: 20 | AZ2: 18.65 | BA2: 20 | BB2: 20 | BC2: 20 | BD2: 20 | BE2: 20 | BF2: 20 | BG2: 89 | BH2: 107.35 | BI2: 113.71 | BJ2: 114 | BK2: 114 | BL2: 89 | BM2: 114 | BN2: 114 | BO2: 0 | BP2: 0 | BQ2: 0 | BR2: 14 | BS2: 1 | BT2: 1
A3: 5 | B3: Muntenia | C3: 2.96 | D3: 3.35 | E3: 7.79 | F3: 3.28 | G3: 0.37 | H3: 0.75 | I3: 0 | J3: 2.15 | K3: 0.26 | L3: 0 | M3: 0 | N3: 0 | O3: 0 | P3: 0 | Q3: 0 | R3: 6.64 | S3: 0 | T3: 0.42 | U3: 0 | V3: 0 | W3: 0 | X3: 0 | Y3: 0 | Z3: 0 | AA3: 0 | AB3: 0 | AC3: 0 | AD3: 0 | AE3: 0 | AF3: 1.11 | AG3: 0 | AH3: 0 | AI3: 97.04 | AJ3: 96.65 | AK3: 92.21 | AL3: 96.72 | AM3: 99.63 | AN3: 99.25 | AO3: 100 | AP3: 97.85 | AQ3: 34.74 | AR3: 35 | AS3: 35 | AT3: 35 | AU3: 35 | AV3: 35 | AW3: 35 | AX3: 28.36 | AY3: 20 | AZ3: 19.58 | BA3: 20 | BB3: 20 | BC3: 20 | BD3: 20 | BE3: 20 | BF3: 20 | BG3: 100 | BH3: 100 | BI3: 100 | BJ3: 100 | BK3: 100 | BL3: 98.89 | BM3: 100 | BN3: 100 | BO3: 0 | BP3: 0 | BQ3: 0 | BR3: 0 | BS3: 1 | BT3: 1
A4: 9 | B4: Oltenia | C4: 1.31 | D4: 7.36 | E4: 4.87 | F4: 0.93 | G4: 0.69 | H4: 0.06 | I4: 0 | J4: 0.15 | K4: 0 | L4: 0 | M4: 0 | N4: 0 | O4: 0 | P4: 0 | Q4: 0 | R4: 2.07 | S4: 0 | T4: 0 | U4: 0 | V4: 0 | W4: 0 | X4: 0 | Y4: 0 | Z4: 0 | AA4: 0 | AB4: 0 | AC4: 0 | AD4: 0 | AE4: 0 | AF4: 0 | AG4: 0 | AH4: 0 | AI4: 98.69 | AJ4: 92.64 | AK4: 95.13 | AL4: 99.07 | AM4: 99.31 | AN4: 99.94 | AO4: 100 | AP4: 99.85 | AQ4: 35 | AR4: 35 | AS4: 35 | AT4: 35 | AU4: 35 | AV4: 35 | AW4: 35 | AX4: 32.93 | AY4: 20 | AZ4: 20 | BA4: 20 | BB4: 20 | BC4: 20 | BD4: 20 | BE4: 20 | BF4: 20 | BG4: 100 | BH4: 100 | BI4: 100 | BJ4: 100 | BK4: 100 | BL4: 100 | BM4: 100 | BN4: 100 | BO4: 0 | BP4: 0 | BQ4: 0 | BR4: 0 | BS4: 1 | BT4: 1
A5: 11 | B5: Banat | C5: 0 | D5: 0 | E5: 0 | F5: 0 | G5: 0 | H5: 0 | I5: 0 | J5: 0 | K5: 0 | L5: 0 | M5: 0 | N5: 0 | O5: 0 | P5: 0 | Q5: 0 | R5: 0 | S5: 0 | T5: 0 | U5: 0 | V5: 0 | W5: 0 | X5: 0 | Y5: 0 | Z5: 0 | AA5: 0 | AB5: 0 | AC5: 0 | AD5: 0 | AE5: 0 | AF5: 0 | AG5: 0 | AH5: 0 | AI5: 15 | AJ5: 15 | AK5: 15 | AL5: 15 | AM5: 15 | AN5: 15 | AO5: 15 | AP5: 15 | AQ5: 0 | AR5: 0 | AS5: 0 | AT5: 0 | AU5: 0 | AV5: 0 | AW5: 0 | AX5: 0 | AY5: 45 | AZ5: 45 | BA5: 45 | BB5: 45 | BC5: 45 | BD5: 45 | BE5: 45 | BF5: 45 | BG5: 10 | BH5: 10 | BI5: 10 | BJ5: 10 | BK5: 10 | BL5: 10 | BM5: 10 | BN5: 10 | BO5: 0 | BP5: 0 | BQ5: 0 | BR5: 0 | BS5: 54 | BT5: 1
A6: 35 | B6: Transilvania | C6: 12.88 | D6: 11.43 | E6: 9.01 | F6: 5.66 | G6: 5.5 | H6: 17.91 | I6: 2.66 | J6: 6.52 | K6: 1.17 | L6: 0 | M6: 0 | N6: 0 | O6: 0 | P6: 0 | Q6: 0 | R6: 13.18 | S6: 0 | T6: 4.05 | U6: 2.31 | V6: 0 | W6: 0 | X6: 0 | Y6: 0 | Z6: 0 | AA6: 1.97 | AB6: 0 | AC6: 0 | AD6: 0 | AE6: 0 | AF6: 11.22 | AG6: 0 | AH6: 0 | AI6: 105.12 | AJ6: 106.57 | AK6: 108.99 | AL6: 112.34 | AM6: 112.5 | AN6: 100.09 | AO6: 115.34 | AP6: 111.48 | AQ6: 33.83 | AR6: 35 | AS6: 35 | AT6: 35 | AU6: 35 | AV6: 35 | AW6: 35 | AX6: 21.82 | AY6: 20 | AZ6: 15.95 | BA6: 17.69 | BB6: 20 | BC6: 20 | BD6: 20 | BE6: 20 | BF6: 20 | BG6: 98.03 | BH6: 100 | BI6: 100 | BJ6: 100 | BK6: 100 | BL6: 88.78 | BM6: 100 | BN6: 100 | BO6: 18 | BP6: 0 | BQ6: 0 | BR6: 0 | BS6: 1 | BT6: 1
A7: 36 | B7: Crisana | C7: 0 | D7: 0 | E7: 0 | F7: 0 | G7: 0 | H7: 0 | I7: 0 | J7: 0 | K7: 0 | L7: 0 | M7: 0 | N7: 0 | O7: 0 | P7: 0 | Q7: 0 | R7: 0 | S7: 0 | T7: 0 | U7: 0 | V7: 0 | W7: 0 | X7: 0 | Y7: 0 | Z7: 0 | AA7: 0 | AB7: 0 | AC7: 0 | AD7: 0 | AE7: 0 | AF7: 8.37 | AG7: 0 | AH7: 0 | AI7: 100 | AJ7: 100 | AK7: 100 | AL7: 100 | AM7: 100 | AN7: 100 | AO7: 100 | AP7: 100 | AQ7: 35 | AR7: 35 | AS7: 35 | AT7: 35 | AU7: 35 | AV7: 35 | AW7: 35 | AX7: 35 | AY7: 20 | AZ7: 20 | BA7: 20 | BB7: 20 | BC7: 20 | BD7: 20 | BE7: 20 | BF7: 20 | BG7: 100 | BH7: 100 | BI7: 100 | BJ7: 100 | BK7: 100 | BL7: 91.63 | BM7: 100 | BN7: 100 | BO7: 0 | BP7: 0 | BQ7: 0 | BR7: 0 | BS7: 1 | BT7: 1
A8: 37 | B8: Moldova | C8: 14.67 | D8: 14.18 | E8: 19.02 | F8: 8.67 | G8: 4.52 | H8: 18.82 | I8: 1.91 | J8: 11.61 | K8: 8 | L8: 2.05 | M8: 0.25 | N8: 0.09 | O8: 0.25 | P8: 0.42 | Q8: 0.42 | R8: 25 | S8: 0.03 | T8: 4.13 | U8: 3.24 | V8: 1.13 | W8: 0 | X8: 0 | Y8: 0 | Z8: 0 | AA8: 1.67 | AB8: 0.21 | AC8: 0 | AD8: 0 | AE8: 0 | AF8: 19.15 | AG8: 0 | AH8: 0 | AI8: 85.33 | AJ8: 85.82 | AK8: 80.98 | AL8: 91.33 | AM8: 95.48 | AN8: 81.18 | AO8: 98.09 | AP8: 88.39 | AQ8: 34 | AR8: 39.95 | AS8: 41.75 | AT8: 41.91 | AU8: 41.75 | AV8: 41.58 | AW8: 41.58 | AX8: 17 | AY8: 19.97 | AZ8: 15.87 | BA8: 16.76 | BB8: 18.87 | BC8: 20 | BD8: 20 | BE8: 20 | BF8: 20 | BG8: 98.33 | BH8: 99.79 | BI8: 100 | BJ8: 100 | BK8: 100 | BL8: 80.85 | BM8: 100 | BN8: 100 | BO8: 0 | BP8: 7 | BQ8: 0 | BR8: 0 | BS8: 1 | BT8: 1
A9: 38 | B9: Maramures | C9: 0 | D9: 0 | E9: 0 | F9: 0 | G9: 0 | H9: 0 | I9: 0 | J9: 0 | K9: 0 | L9: 0 | M9: 0 | N9: 0 | O9: 0 | P9: 0 | Q9: 0 | R9: 0 | S9: 0 | T9: 0 | U9: 0 | V9: 0 | W9: 0 | X9: 0 | Y9: 0 | Z9: 0 | AA9: 0 | AB9: 0 | AC9: 0 | AD9: 0 | AE9: 0 | AF9: 0 | AG9: 0 | AH9: 0 | AI9: 35 | AJ9: 35 | AK9: 35 | AL9: 35 | AM9: 35 | AN9: 35 | AO9: 35 | AP9: 35 | AQ9: 0 | AR9: 0 | AS9: 0 | AT9: 0 | AU9: 0 | AV9: 0 | AW9: 0 | AX9: 0 | AY9: 35 | AZ9: 35 | BA9: 35 | BB9: 35 | BC9: 35 | BD9: 35 | BE9: 35 | BF9: 35 | BG9: 0 | BH9: 0 | BI9: 0 | BJ9: 0 | BK9: 0 | BL9: 0 | BM9: 0 | BN9: 0 | BO9: 0 | BP9: 0 | BQ9: 0 | BR9: 0 | BS9: 10 | BT9: 1
A10: 39 | B10: Bucovina | C10: 0.83 | D10: 3.68 | E10: 2.06 | F10: 2.23 | G10: 0 | H10: 3.7 | I10: 0 | J10: 0.15 | K10: 0 | L10: 0 | M10: 0 | N10: 0 | O10: 0 | P10: 0 | Q10: 0 | R10: 3.57 | S10: 0 | T10: 0 | U10: 0 | V10: 0 | W10: 0 | X10: 0 | Y10: 0 | Z10: 0 | AA10: 2.91 | AB10: 0.21 | AC10: 0 | AD10: 0 | AE10: 0 | AF10: 11.67 | AG10: 0 | AH10: 0 | AI10: 99.17 | AJ10: 96.32 | AK10: 97.94 | AL10: 97.77 | AM10: 100 | AN10: 96.3 | AO10: 100 | AP10: 99.85 | AQ10: 35 | AR10: 35 | AS10: 35 | AT10: 35 | AU10: 35 | AV10: 35 | AW10: 35 | AX10: 31.43 | AY10: 20 | AZ10: 20 | BA10: 20 | BB10: 20 | BC10: 20 | BD10: 20 | BE10: 20 | BF10: 20 | BG10: 97.09 | BH10: 99.79 | BI10: 100 | BJ10: 100 | BK10: 100 | BL10: 88.33 | BM10: 100 | BN10: 100 | BO10: 0 | BP10: 0 | BQ10: 0 | BR10: 0 | BS10: 1 | BT10: 1
A11: 40 | B11: Alabama | C11: 0 | D11: 0 | E11: 0 | F11: 0 | G11: 0 | H11: 0 | I11: 0 | J11: 0 | K11: 0 | L11: 0 | M11: 0 | N11: 0 | O11: 0 | P11: 0 | Q11: 0 | R11: 0 | S11: 0 | T11: 0 | U11: 0 | V11: 0 | W11: 0 | X11: 0 | Y11: 0 | Z11: 0 | AA11: 0 | AB11: 0 | AC11: 0 | AD11: 0 | AE11: 0 | AF11: 0 | AG11: 0 | AH11: 0 | AI11: 0 | AJ11: 0 | AK11: 0 | AL11: 0 | AM11: 0 | AN11: 0 | AO11: 0 | AP11: 0 | AQ11: 70 | AR11: 70 | AS11: 70 | AT11: 70 | AU11: 70 | AV11: 70 | AW11: 70 | AX11: 70 | AY11: 50 | AZ11: 50 | BA11: 50 | BB11: 50 | BC11: 50 | BD11: 50 | BE11: 50 | BF11: 50 | BG11: 10 | BH11: 10 | BI11: 10 | BJ11: 10 | BK11: 10 | BL11: 10 | BM11: 10 | BN11: 10 | BO11: 0 | BP11: 0 | BQ11: 0 | BR11: 0 | BS11: 71 | BT11: 24
A12: 41 | B12: Alaska | C12: 0 | D12: 2.66 | E12: 0 | F12: 0 | G12: 0 | H12: 1.02 | I12: 0 | J12: 0 | K12: 0.2 | L12: 0 | M12: 0 | N12: 0 | O12: 0 | P12: 0 | Q12: 0 | R12: 4.06 | S12: 0 | T12: 0 | U12: 0 | V12: 0 | W12: 0 | X12: 0 | Y12: 0 | Z12: 0 | AA12: 0 | AB12: 0 | AC12: 0 | AD12: 0 | AE12: 0 | AF12: 0 | AG12: 0 | AH12: 0 | AI12: 100 | AJ12: 97.34 | AK12: 100 | AL12: 100 | AM12: 100 | AN12: 98.98 | AO12: 100 | AP12: 100 | AQ12: 99.8 | AR12: 100 | AS12: 100 | AT12: 100 | AU12: 100 | AV12: 100 | AW12: 100 | AX12: 95.94 | AY12: 0 | AZ12: 0 | BA12: 0 | BB12: 0 | BC12: 0 | BD12: 0 | BE12: 0 | BF12: 0 | BG12: 0 | BH12: 0 | BI12: 0 | BJ12: 0 | BK12: 0 | BL12: 0 | BM12: 0 | BN12: 0 | BO12: 0 | BP12: 0 | BQ12: 0 | BR12: 0 | BS12: 24 | BT12: 24
A13: 42 | B13: Arizona | C13: 0 | D13: 0 | E13: 0 | F13: 0 | G13: 0 | H13: 0 | I13: 0 | J13: 0 | K13: 0 | L13: 0 | M13: 0 | N13: 0 | O13: 0 | P13: 0 | Q13: 0 | R13: 0 | S13: 0 | T13: 0 | U13: 0 | V13: 0 | W13: 0 | X13: 0 | Y13: 0 | Z13: 0 | AA13: 0 | AB13: 0 | AC13: 0 | AD13: 0 | AE13: 0 | AF13: 0 | AG13: 0 | AH13: 0 | AI13: 100 | AJ13: 100 | AK13: 100 | AL13: 100 | AM13: 100 | AN13: 100 | AO13: 100 | AP13: 100 | AQ13: 10 | AR13: 10 | AS13: 10 | AT13: 10 | AU13: 10 | AV13: 10 | AW13: 10 | AX13: 10 | AY13: 0 | AZ13: 0 | BA13: 0 | BB13: 0 | BC13: 0 | BD13: 0 | BE13: 0 | BF13: 0 | BG13: 5 | BH13: 5 | BI13: 5 | BJ13: 5 | BK13: 5 | BL13: 5 | BM13: 5 | BN13: 5 | BO13: 0 | BP13: 0 | BQ13: 0 | BR13: 0 | BS13: 9 | BT13: 24
... A575: 764 | B575: Oriente | C575: 0 | D575: 0 | E575: 0 | F575: 0 | G575: 0 | H575: 0 | I575: 0 | J575: 0 | K575: 0 | L575: 0 | M575: 0 | N575: 0 | O575: 0 | P575: 0 | Q575: 0 | R575: 0 | S575: 0 | T575: 0 | U575: 0 | V575: 0 | W575: 0 | X575: 0 | Y575: 0 | Z575: 0 | AA575: 0 | AB575: 0 | AC575: 0 | AD575: 0 | AE575: 0 | AF575: 0 | AG575: 0 | AH575: 0 | AI575: 55 | AJ575: 55 | AK575: 55 | AL575: 55 | AM575: 55 | AN575: 55 | AO575: 55 | AP575: 55 | AQ575: 4 | AR575: 4 | AS575: 4 | AT575: 4 | AU575: 4 | AV575: 4 | AW575: 4 | AX575: 4 | AY575: 26.5 | AZ575: 26.5 | BA575: 26.5 | BB575: 26.5 | BC575: 26.5 | BD575: 26.5 | BE575: 26.5 | BF575: 26.5 | BG575: 0 | BH575: 0 | BI575: 0 | BJ575: 0 | BK575: 0 | BL575: 0 | BM575: 0 | BN575: 0 | BO575: 0 | BP575: 4 | BQ575: 4 | BR575: 0 | BS575: 171 | BT575: 171

Sheet Vars
A1: {=_xlfn._xlws.SORT(_xlfn._xlws.FILTER(Regions[name],VLOOKUP('General information'!C5,'Countries'!$A$1:$B$75,2,FALSE)=Regions[current_owner_country_id]))} -> #N/A | B1: {=_xlfn._xlws.SORT(_xlfn._xlws.FILTER(Regions[name],VLOOKUP('General information'!D5,'Countries'!$A$1:$B$75,2,FALSE)=Regions[current_owner_country_id]))} -> #N/A | C1: {=_xlfn._xlws.SORT(_xlfn._xlws.FILTER(Regions[name],VLOOKUP('General information'!C19,'Countries'!$A$1:$B$75,2,FALSE)=Regions[current_owner_country_id]))} -> #N/A | D1: {=_xlfn._xlws.SORT(_xlfn._xlws.FILTER(Regions[name],VLOOKUP('General information'!D19,'Countries'!$A$1:$B$75,2,FALSE)=Regions[current_owner_country_id]))} -> #N/A | E1: {=_xlfn._xlws.SORT(_xlfn._xlws.FILTER(Regions[name],VLOOKUP('General information'!K5,'Countries'!$A$1:$B$75,2,FALSE)=Regions[current_owner_country_id]))} -> #N/A | F1: {=_xlfn._xlws.SORT(_xlfn._xlws.FILTER(Regions[name],VLOOKUP('General information'!L5,'Countries'!$A$1:$B$75,2,FALSE)=Regions[current_owner_country_id]))} -> #N/A | G1: {=_xlfn._xlws.SORT(_xlfn._xlws.FILTER(Regions[name],VLOOKUP('General information'!K19,'Countries'!$A$1:$B$75,2,FALSE)=Regions[current_owner_country_id]))} -> #N/A | H1: {=_xlfn._xlws.SORT(_xlfn._xlws.FILTER(Regions[name],VLOOKUP('General information'!L19,'Countries'!$A$1:$B$75,2,FALSE)=Regions[current_owner_country_id]))} -> #N/A

Sheet Gold_Price
A1: Gold_Price
A2: 994.999

Sheet WQ6 Offers
A1: id | B1: country_id | C1: amount | D1: net | E1: gross | F1: added
A2: 75896577 | B2: 24 | C2: 786 | D2: 39.5743 | E2: 39.97 | F2: 2024-11-07 02:34:04
A3: 75882600 | B3: 24 | C3: 18 | D3: 39.5842 | E3: 39.98 | F3: 2024-11-07 02:34:04
A4: 75894001 | B4: 65 | C4: 980 | D4: 39.5941 | E4: 39.99 | F4: 2024-11-07 02:34:04
A5: 75893487 | B5: 65 | C5: 3980 | D5: 39.604 | E5: 40 | F5: 2024-11-07 02:34:04
A6: 75883867 | B6: 43 | C6: 3273 | D6: 39.604 | E6: 40 | F6: 2024-11-07 02:34:04
A7: 75614155 | B7: 54 | C7: 2500 | D7: 39.604 | E7: 40 | F7: 2024-11-07 02:34:04
A8: 75891601 | B8: 43 | C8: 40 | D8: 39.604 | E8: 40 | F8: 2024-11-07 02:34:04
A9: 75893490 | B9: 43 | C9: 3 | D9: 39.604 | E9: 40 | F9: 2024-11-07 02:34:04
A10: 75882991 | B10: 81 | C10: 312 | D10: 39.6733 | E10: 40.07 | F10: 2024-11-07 02:34:04
A11: 75878610 | B11: 65 | C11: 785 | D11: 39.703 | E11: 40.1 | F11: 2024-11-07 02:34:04
A12: 75719256 | B12: 40 | C12: 1051 | D12: 40.099 | E12: 40.5 | F12: 2024-11-07 02:34:04
A13: 75835441 | B13: 24 | C13: 1286 | D13: 40.4158 | E13: 40.82 | F13: 2024-11-07 02:34:04
... A31: 75894657 | B31: 9 | C31: 377 | D31: 44.1078 | E31: 44.99 | F31: 2024-11-07 02:34:03

Sheet WQ5 Offers
A1: id | B1: country_id | C1: amount | D1: net | E1: gross | F1: added
A2: 75896822 | B2: 35 | C2: 2650 | D2: 29.5545 | E2: 29.85 | F2: 2024-11-07 02:34:04
A3: 75895209 | B3: 35 | C3: 700 | D3: 14.925 | E3: 29.85 | F3: 2024-11-07 02:34:04
A4: 75897931 | B4: 35 | C4: 320 | D4: 29.5545 | E4: 29.85 | F4: 2024-11-07 02:34:04
A5: 75897874 | B5: 65 | C5: 95 | D5: 29.8911 | E5: 30.19 | F5: 2024-11-07 02:34:04
A6: 75897638 | B6: 65 | C6: 791 | D6: 29.901 | E6: 30.2 | F6: 2024-11-07 02:34:04
A7: 75895828 | B7: 65 | C7: 26 | D7: 29.9208 | E7: 30.22 | F7: 2024-11-07 02:34:04
A8: 75889727 | B8: 65 | C8: 70 | D8: 29.9307 | E8: 30.23 | F8: 2024-11-07 02:34:04
A9: 75885786 | B9: 65 | C9: 1000 | D9: 29.9604 | E9: 30.26 | F9: 2024-11-07 02:34:04
A10: 75882989 | B10: 81 | C10: 205 | D10: 29.9703 | E10: 30.27 | F10: 2024-11-07 02:34:04
A11: 75885720 | B11: 79 | C11: 152 | D11: 30.0792 | E11: 30.38 | F11: 2024-11-07 02:34:04
A12: 75819672 | B12: 78 | C12: 1550 | D12: 30.4851 | E12: 30.79 | F12: 2024-11-07 02:34:04
A13: 75614152 | B13: 54 | C13: 1613 | D13: 30.6931 | E13: 31 | F13: 2024-11-07 02:34:04
... A31: 75882597 | B31: 24 | C31: 87 | D31: 33.6436 | E31: 33.98 | F31: 2024-11-07 02:34:04

Sheet WQ4 Offers
A1: id | B1: country_id | C1: amount | D1: net | E1: gross | F1: added
A2: 75835628 | B2: 168 | C2: 12915 | D2: 9.901 | E2: 10 | F2: 2024-11-07 02:34:04
A3: 75772710 | B3: 26 | C3: 19403 | D3: 10.0891 | E3: 10.19 | F3: 2024-11-07 02:34:04
A4: 75821384 | B4: 26 | C4: 245 | D4: 10.0891 | E4: 10.19 | F4: 2024-11-07 02:34:04
A5: 75812229 | B5: 26 | C5: 52 | D5: 10.0891 | E5: 10.19 | F5: 2024-11-07 02:34:04
A6: 75891238 | B6: 81 | C6: 177 | D6: 10.1089 | E6: 10.21 | F6: 2024-11-07 02:34:04
A7: 75882988 | B7: 81 | C7: 102 | D7: 10.1089 | E7: 10.21 | F7: 2024-11-07 02:34:04
A8: 75715381 | B8: 81 | C8: 290 | D8: 10.1188 | E8: 10.22 | F8: 2024-11-07 02:34:04
A9: 75895820 | B9: 65 | C9: 640 | D9: 10.4158 | E9: 10.52 | F9: 2024-11-07 02:34:04
A10: 75893989 | B10: 65 | C10: 531 | D10: 10.4158 | E10: 10.52 | F10: 2024-11-07 02:34:04
A11: 75897503 | B11: 65 | C11: 253 | D11: 5.26 | E11: 10.52 | F11: 2024-11-07 02:34:04
A12: 75888441 | B12: 65 | C12: 100 | D12: 10.4455 | E12: 10.55 | F12: 2024-11-07 02:34:04
A13: 75881712 | B13: 65 | C13: 200 | D13: 10.4554 | E13: 10.56 | F13: 2024-11-07 02:34:04
... A31: 75889558 | B31: 44 | C31: 90 | D31: 11.8812 | E31: 12 | F31: 2024-11-07 02:34:04

Sheet WQ3 Offers
A1: id | B1: country_id | C1: amount | D1: net | E1: gross | F1: added
A2: 75896305 | B2: 49 | C2: 20 | D2: 3.9604 | E2: 4 | F2: 2024-11-07 02:34:04
A3: 75892481 | B3: 65 | C3: 2129 | D3: 4.6436 | E3: 4.69 | F3: 2024-11-07 02:34:04
A4: 75895818 | B4: 65 | C4: 359 | D4: 4.6436 | E4: 4.69 | F4: 2024-11-07 02:34:04
A5: 75896848 | B5: 65 | C5: 102 | D5: 4.6436 | E5: 4.69 | F5: 2024-11-07 02:34:04
A6: 75881711 | B6: 65 | C6: 65 | D6: 4.6436 | E6: 4.69 | F6: 2024-11-07 02:34:04
A7: 75892312 | B7: 65 | C7: 21 | D7: 4.6436 | E7: 4.69 | F7: 2024-11-07 02:34:04
A8: 75887673 | B8: 13 | C8: 2200 | D8: 4.9307 | E8: 4.98 | F8: 2024-11-07 02:34:04
A9: 75870392 | B9: 13 | C9: 632 | D9: 4.9307 | E9: 4.98 | F9: 2024-11-07 02:34:04
A10: 75894973 | B10: 13 | C10: 187 | D10: 4.9307 | E10: 4.98 | F10: 2024-11-07 02:34:04
A11: 75820934 | B11: 13 | C11: 4980 | D11: 4.9505 | E11: 5 | F11: 2024-11-07 02:34:04
A12: 75894247 | B12: 49 | C12: 100 | D12: 4.9505 | E12: 5 | F12: 2024-11-07 02:34:04
A13: 75772708 | B13: 26 | C13: 28341 | D13: 5.6436 | E13: 5.7 | F13: 2024-11-07 02:34:04
... A31: 75815538 | B31: 23 | C31: 240 | D31: 6.3235 | E31: 6.45 | F31: 2024-11-07 02:34:04

Sheet WQ2 Offers
A1: id | B1: country_id | C1: amount | D1: net | E1: gross | F1: added
A2: 75892994 | B2: 82 | C2: 147 | D2: 2.9703 | E2: 3 | F2: 2024-11-07 02:34:04
A3: 75772705 | B3: 26 | C3: 15521 | D3: 3 | E3: 3.03 | F3: 2024-11-07 02:34:04
A4: 75882721 | B4: 65 | C4: 896 | D4: 3.0594 | E4: 3.09 | F4: 2024-11-07 02:34:04
A5: 75887222 | B5: 65 | C5: 190 | D5: 3.0594 | E5: 3.09 | F5: 2024-11-07 02:34:04
A6: 75895815 | B6: 65 | C6: 189 | D6: 3.0594 | E6: 3.09 | F6: 2024-11-07 02:34:04
A7: 75896846 | B7: 65 | C7: 63 | D7: 3.0594 | E7: 3.09 | F7: 2024-11-07 02:34:04
A8: 75820930 | B8: 13 | C8: 5679 | D8: 3.0693 | E8: 3.1 | F8: 2024-11-07 02:34:04
A9: 75887677 | B9: 13 | C9: 1000 | D9: 3.0693 | E9: 3.1 | F9: 2024-11-07 02:34:04
A10: 75870391 | B10: 13 | C10: 600 | D10: 3.0693 | E10: 3.1 | F10: 2024-11-07 02:34:04
A11: 75889754 | B11: 13 | C11: 175 | D11: 3.0693 | E11: 3.1 | F11: 2024-11-07 02:34:04
A12: 75881710 | B12: 65 | C12: 100 | D12: 3.0693 | E12: 3.1 | F12: 2024-11-07 02:34:04
A13: 75894978 | B13: 13 | C13: 25 | D13: 3.0693 | E13: 3.1 | F13: 2024-11-07 02:34:04
... A31: 75874069 | B31: 35 | C31: 3990 | D31: 4.505 | E31: 4.55 | F31: 2024-11-07 02:34:04

Sheet WQ1 Offers
A1: id | B1: country_id | C1: amount | D1: net | E1: gross | F1: added
A2: 75897820 | B2: 65 | C2: 9 | D2: 1.4059 | E2: 1.42 | F2: 2024-11-07 02:34:04
A3: 75897138 | B3: 65 | C3: 117 | D3: 1.4158 | E3: 1.43 | F3: 2024-11-07 02:34:04
A4: 75772703 | B4: 26 | C4: 16113 | D4: 1.4257 | E4: 1.44 | F4: 2024-11-07 02:34:04
A5: 75894394 | B5: 65 | C5: 816 | D5: 1.4257 | E5: 1.44 | F5: 2024-11-07 02:34:04
A6: 75892894 | B6: 65 | C6: 3 | D6: 1.4356 | E6: 1.45 | F6: 2024-11-07 02:34:04
A7: 75784860 | B7: 65 | C7: 4850 | D7: 1.4554 | E7: 1.47 | F7: 2024-11-07 02:34:04
A8: 75811674 | B8: 38 | C8: 441 | D8: 1.4851 | E8: 1.5 | F8: 2024-11-07 02:34:04
A9: 75819417 | B9: 70 | C9: 499 | D9: 1.5644 | E9: 1.58 | F9: 2024-11-07 02:34:04
A10: 75897803 | B10: 67 | C10: 40 | D10: 1.5743 | E10: 1.59 | F10: 2024-11-07 02:34:04
A11: 75891654 | B11: 79 | C11: 100 | D11: 1.5842 | E11: 1.6 | F11: 2024-11-07 02:34:04
A12: 75709681 | B12: 168 | C12: 90 | D12: 1.5842 | E12: 1.6 | F12: 2024-11-07 02:34:04
A13: 75897021 | B13: 43 | C13: 122 | D13: 1.6337 | E13: 1.65 | F13: 2024-11-07 02:34:04
... A31: 75893951 | B31: 53 | C31: 3300 | D31: 1.9802 | E31: 2 | F31: 2024-11-07 02:34:04

Sheet FQ7 Offers
A1: id | B1: country_id | C1: amount | D1: net | E1: gross | F1: added
A2: 75896533 | B2: 24 | C2: 284000 | D2: 5.396 | E2: 5.45 | F2: 2024-11-07 02:34:04
A3: 75897985 | B3: 42 | C3: 823 | D3: 5.4257 | E3: 5.48 | F3: 2024-11-07 02:34:04
A4: 75897283 | B4: 42 | C4: 799 | D4: 5.4257 | E4: 5.48 | F4: 2024-11-07 02:34:04
A5: 75897959 | B5: 42 | C5: 200 | D5: 5.4257 | E5: 5.48 | F5: 2024-11-07 02:34:04
A6: 75897852 | B6: 42 | C6: 175 | D6: 5.4257 | E6: 5.48 | F6: 2024-11-07 02:34:04
A7: 75896496 | B7: 42 | C7: 198 | D7: 5.3824 | E7: 5.49 | F7: 2024-11-07 02:34:04
A8: 75896599 | B8: 54 | C8: 8050 | D8: 5.4455 | E8: 5.5 | F8: 2024-11-07 02:34:04
A9: 75897152 | B9: 79 | C9: 229 | D9: 5.4455 | E9: 5.5 | F9: 2024-11-07 02:34:04
A10: 75896517 | B10: 24 | C10: 79 | D10: 5.3922 | E10: 5.5 | F10: 2024-11-07 02:34:04
A11: 75897893 | B11: 65 | C11: 49 | D11: 5.4554 | E11: 5.51 | F11: 2024-11-07 02:34:04
A12: 75897634 | B12: 65 | C12: 5150 | D12: 5.4653 | E12: 5.52 | F12: 2024-11-07 02:34:04
A13: 75895324 | B13: 35 | C13: 4252 | D13: 5.4752 | E13: 5.53 | F13: 2024-11-07 02:34:04
... A31: 75891768 | B31: 27 | C31: 504 | D31: 5.5941 | E31: 5.65 | F31: 2024-11-07 02:34:04

Sheet FQ6 Offers
A1: id | B1: country_id | C1: amount | D1: net | E1: gross | F1: added
A2: 75886441 | B2: 37 | C2: 497973 | D2: 3.2673 | E2: 3.3 | F2: 2024-11-07 02:34:04
A3: 75725392 | B3: 50 | C3: 2000 | D3: 3.0275 | E3: 3.3 | F3: 2024-11-07 02:34:04
A4: 75894065 | B4: 29 | C4: 4287 | D4: 3.3069 | E4: 3.34 | F4: 2024-11-07 02:34:04
A5: 75843737 | B5: 23 | C5: 86999 | D5: 3.3168 | E5: 3.35 | F5: 2024-11-07 02:34:04
A6: 75849432 | B6: 23 | C6: 14000 | D6: 3.3168 | E6: 3.35 | F6: 2024-11-07 02:34:04
A7: 75886995 | B7: 49 | C7: 1000 | D7: 3.1604 | E7: 3.35 | F7: 2024-11-07 02:34:04
A8: 75886988 | B8: 23 | C8: 1000 | D8: 3.2843 | E8: 3.35 | F8: 2024-11-07 02:34:04
A9: 75897855 | B9: 23 | C9: 625 | D9: 3.3168 | E9: 3.35 | F9: 2024-11-07 02:34:04
A10: 75886689 | B10: 168 | C10: 500 | D10: 2.913 | E10: 3.35 | F10: 2024-11-07 02:34:04
A11: 75886999 | B11: 47 | C11: 1000 | D11: 3.3235 | E11: 3.39 | F11: 2024-11-07 02:34:04
A12: 75572234 | B12: 47 | C12: 933 | D12: 3.3235 | E12: 3.39 | F12: 2024-11-07 02:34:04
A13: 75864155 | B13: 42 | C13: 3000 | D13: 3.3663 | E13: 3.4 | F13: 2024-11-07 02:34:04
... A31: 75857606 | B31: 13 | C31: 49763 | D31: 3.4653 | E31: 3.5 | F31: 2024-11-07 02:34:04

Sheet FQ4 Offers
A1: id | B1: country_id | C1: amount | D1: net | E1: gross | F1: added
A2: 75892348 | B2: 40 | C2: 3946 | D2: 2.1089 | E2: 2.13 | F2: 2024-11-07 02:34:04
A3: 75898113 | B3: 65 | C3: 342 | D3: 2.1188 | E3: 2.14 | F3: 2024-11-07 02:34:04
A4: 75893124 | B4: 49 | C4: 7070 | D4: 2.1287 | E4: 2.15 | F4: 2024-11-07 02:34:04
A5: 75898102 | B5: 65 | C5: 339 | D5: 2.1287 | E5: 2.15 | F5: 2024-11-07 02:34:04
A6: 75894062 | B6: 29 | C6: 16386 | D6: 2.1386 | E6: 2.16 | F6: 2024-11-07 02:34:04
A7: 75898080 | B7: 65 | C7: 355 | D7: 2.1386 | E7: 2.16 | F7: 2024-11-07 02:34:04
A8: 75837956 | B8: 42 | C8: 242826 | D8: 2.1584 | E8: 2.18 | F8: 2024-11-07 02:34:04
A9: 75896579 | B9: 24 | C9: 6135 | D9: 2.1584 | E9: 2.18 | F9: 2024-11-07 02:34:04
A10: 75897062 | B10: 42 | C10: 1191 | D10: 2.1584 | E10: 2.18 | F10: 2024-11-07 02:34:04
A11: 75896559 | B11: 42 | C11: 790 | D11: 2.1584 | E11: 2.18 | F11: 2024-11-07 02:34:04
A12: 75732262 | B12: 50 | C12: 495 | D12: 2 | E12: 2.18 | F12: 2024-11-07 02:34:04
A13: 75893178 | B13: 65 | C13: 117002 | D13: 2.1683 | E13: 2.19 | F13: 2024-11-07 02:34:04
... A31: 75896632 | B31: 27 | C31: 565 | D31: 2.1782 | E31: 2.2 | F31: 2024-11-07 02:34:04

Sheet FQ3 Offers
A1: id | B1: country_id | C1: amount | D1: net | E1: gross | F1: added
A2: 75897900 | B2: 13 | C2: 999 | D2: 1.5842 | E2: 1.6 | F2: 2024-11-07 02:34:04
A3: 75898020 | B3: 65 | C3: 100 | D3: 1.6139 | E3: 1.63 | F3: 2024-11-07 02:34:04
A4: 75897862 | B4: 65 | C4: 7544 | D4: 1.6238 | E4: 1.64 | F4: 2024-11-07 02:34:04
A5: 75896568 | B5: 1 | C5: 393 | D5: 1.6238 | E5: 1.64 | F5: 2024-11-07 02:34:03
A6: 75895122 | B6: 65 | C6: 915860 | D6: 1.6337 | E6: 1.65 | F6: 2024-11-07 02:34:04
A7: 75867548 | B7: 13 | C7: 586920 | D7: 1.6337 | E7: 1.65 | F7: 2024-11-07 02:34:04
A8: 75878980 | B8: 72 | C8: 82310 | D8: 1.6337 | E8: 1.65 | F8: 2024-11-07 02:34:04
A9: 75876270 | B9: 56 | C9: 38899 | D9: 1.6176 | E9: 1.65 | F9: 2024-11-07 02:34:04
A10: 75888710 | B10: 1 | C10: 18900 | D10: 1.6337 | E10: 1.65 | F10: 2024-11-07 02:34:03
A11: 75893884 | B11: 49 | C11: 13850 | D11: 1.6337 | E11: 1.65 | F11: 2024-11-07 02:34:04
A12: 75886879 | B12: 65 | C12: 7923 | D12: 1.6337 | E12: 1.65 | F12: 2024-11-07 02:34:04
A13: 75894061 | B13: 29 | C13: 6286 | D13: 1.6337 | E13: 1.65 | F13: 2024-11-07 02:34:04
... A31: 75897276 | B31: 27 | C31: 399 | D31: 1.6634 | E31: 1.68 | F31: 2024-11-07 02:34:04

Sheet FQ2 Offers
A1: id | B1: country_id | C1: amount | D1: net | E1: gross | F1: added
A2: 75898022 | B2: 27 | C2: 24821 | D2: 1.0792 | E2: 1.09 | F2: 2024-11-07 02:34:04
A3: 75898059 | B3: 49 | C3: 15896 | D3: 1.0792 | E3: 1.09 | F3: 2024-11-07 02:34:04
A4: 75896939 | B4: 49 | C4: 12897 | D4: 1.0792 | E4: 1.09 | F4: 2024-11-07 02:34:04
A5: 75896832 | B5: 27 | C5: 1000 | D5: 1.0792 | E5: 1.09 | F5: 2024-11-07 02:34:04
A6: 75894734 | B6: 27 | C6: 754 | D6: 1.0792 | E6: 1.09 | F6: 2024-11-07 02:34:04
A7: 75896629 | B7: 27 | C7: 543 | D7: 1.0792 | E7: 1.09 | F7: 2024-11-07 02:34:04
A8: 75896103 | B8: 29 | C8: 4000 | D8: 1.0891 | E8: 1.1 | F8: 2024-11-07 02:34:04
A9: 75893131 | B9: 49 | C9: 3446 | D9: 1.0891 | E9: 1.1 | F9: 2024-11-07 02:34:04
A10: 75764101 | B10: 32 | C10: 2350 | D10: 1.0784 | E10: 1.1 | F10: 2024-11-07 02:34:04
A11: 75897980 | B11: 65 | C11: 740 | D11: 1.0891 | E11: 1.1 | F11: 2024-11-07 02:34:04
A12: 75897899 | B12: 65 | C12: 4216 | D12: 1.099 | E12: 1.11 | F12: 2024-11-07 02:34:04
A13: 75880935 | B13: 54 | C13: 4301 | D13: 1.098 | E13: 1.12 | F13: 2024-11-07 02:34:04
... A31: 75893745 | B31: 64 | C31: 22955 | D31: 1.1485 | E31: 1.16 | F31: 2024-11-07 02:34:04

Sheet HQ5 Offers
A1: id | B1: country_id | C1: amount | D1: net | E1: gross | F1: added
A2: 75897842 | B2: 35 | C2: 1 | D2: 278217.82 | E2: 281000 | F2: 2024-11-07 02:34:04
A3: 75898003 | B3: 42 | C3: 1 | D3: 276470.59 | E3: 282000 | F3: 2024-11-07 02:34:04
A4: 75895535 | B4: 12 | C4: 1 | D4: 187377.48 | E4: 282940 | F4: 2024-11-07 02:34:04
A5: 75897401 | B5: 42 | C5: 1 | D5: 280198.02 | E5: 283000 | F5: 2024-11-07 02:34:04
A6: 75897357 | B6: 13 | C6: 1 | D6: 281089.11 | E6: 283900 | F6: 2024-11-07 02:34:04
A7: 75893297 | B7: 38 | C7: 1 | D7: 281128.71 | E7: 283940 | F7: 2024-11-07 02:34:04
A8: 75895744 | B8: 27 | C8: 1 | D8: 281138.61 | E8: 283950 | F8: 2024-11-07 02:34:04
A9: 75896768 | B9: 24 | C9: 1 | D9: 281187.13 | E9: 283999 | F9: 2024-11-07 02:34:04
A10: 75893903 | B10: 24 | C10: 1 | D10: 281188.02 | E10: 283999.9 | F10: 2024-11-07 02:34:04
A11: 75874131 | B11: 27 | C11: 1 | D11: 281188.12 | E11: 284000 | F11: 2024-11-07 02:34:04
A12: 75890564 | B12: 24 | C12: 1 | D12: 281188.12 | E12: 284000 | F12: 2024-11-07 02:34:04
A13: 75893614 | B13: 35 | C13: 1 | D13: 278431.37 | E13: 284000 | F13: 2024-11-07 02:34:04
... A31: 75882466 | B31: 70 | C31: 1 | D31: 285701.61 | E31: 288558.63 | F31: 2024-11-07 02:34:04

Sheet HQ4 Offers
A1: id | B1: country_id | C1: amount | D1: net | E1: gross | F1: added
A2: 75888133 | B2: 38 | C2: 3 | D2: 196039.6 | E2: 198000 | F2: 2024-11-07 02:34:04
A3: 75880567 | B3: 29 | C3: 1 | D3: 196039.6 | E3: 198000 | F3: 2024-11-07 02:34:04
A4: 75884555 | B4: 29 | C4: 1 | D4: 196039.6 | E4: 198000 | F4: 2024-11-07 02:34:04
A5: 75885794 | B5: 53 | C5: 1 | D5: 196039.6 | E5: 198000 | F5: 2024-11-07 02:34:04
A6: 75892028 | B6: 9 | C6: 1 | D6: 196039.6 | E6: 198000 | F6: 2024-11-07 02:34:03
A7: 75847280 | B7: 36 | C7: 1 | D7: 190876.72 | E7: 198511.79 | F7: 2024-11-07 02:34:04
A8: 75848796 | B8: 70 | C8: 1 | D8: 196546.33 | E8: 198511.79 | F8: 2024-11-07 02:34:04
A9: 75474819 | B9: 77 | C9: 3 | D9: 195097.84 | E9: 198999.8 | F9: 2024-11-07 02:34:04
A10: 75845455 | B10: 10 | C10: 2 | D10: 197029.7 | E10: 199000 | F10: 2024-11-07 02:34:03
A11: 75876791 | B11: 10 | C11: 1 | D11: 197029.7 | E11: 199000 | F11: 2024-11-07 02:34:03
A12: 75897465 | B12: 65 | C12: 1 | D12: 197029.7 | E12: 199000 | F12: 2024-11-07 02:34:04
A13: 75856884 | B13: 47 | C13: 3 | D13: 197640.63 | E13: 199617.04 | F13: 2024-11-07 02:34:04
... A31: 75895685 | B31: 35 | C31: 1 | D31: 197049.02 | E31: 200990 | F31: 2024-11-07 02:34:04

Sheet HQ2 Offers
A1: id | B1: country_id | C1: amount | D1: net | E1: gross | F1: added
A2: 75871947 | B2: 14 | C2: 17 | D2: 47303.96 | E2: 47777 | F2: 2024-11-07 02:34:04
A3: 75085411 | B3: 14 | C3: 8 | D3: 47303.96 | E3: 47777 | F3: 2024-11-07 02:34:04
A4: 75880211 | B4: 76 | C4: 5 | D4: 46841.078 | E4: 47777.9 | F4: 2024-11-07 02:34:04
A5: 75896619 | B5: 24 | C5: 4 | D5: 47326.723 | E5: 47799.99 | F5: 2024-11-07 02:34:04
A6: 75891459 | B6: 24 | C6: 3 | D6: 47326.733 | E6: 47800 | F6: 2024-11-07 02:34:04
A7: 75895763 | B7: 11 | C7: 4 | D7: 47376.238 | E7: 47850 | F7: 2024-11-07 02:34:03
A8: 75883242 | B8: 11 | C8: 1 | D8: 47400.99 | E8: 47875 | F8: 2024-11-07 02:34:03
A9: 75865883 | B9: 24 | C9: 24 | D9: 47415.743 | E9: 47889.9 | F9: 2024-11-07 02:34:04
A10: 75898061 | B10: 49 | C10: 3 | D10: 47423.762 | E10: 47898 | F10: 2024-11-07 02:34:04
A11: 75888956 | B11: 50 | C11: 1 | D11: 47436.634 | E11: 47911 | F11: 2024-11-07 02:34:04
A12: 75850661 | B12: 24 | C12: 8 | D12: 47513.743 | E12: 47988.88 | F12: 2024-11-07 02:34:04
A13: 75706991 | B13: 80 | C13: 5 | D13: 47049.02 | E13: 47990 | F13: 2024-11-07 02:34:04
... A31: 75896279 | B31: 169 | C31: 6 | D31: 47352.941 | E31: 48300 | F31: 2024-11-07 02:34:04

Sheet AQ5 Offers
A1: id | B1: country_id | C1: amount | D1: net | E1: gross | F1: added
A2: 75898125 | B2: 65 | C2: 502 | D2: 1702.9604 | E2: 1719.99 | F2: 2024-11-07 02:34:04
A3: 75897636 | B3: 35 | C3: 270 | D3: 1686.2745 | E3: 1720 | F3: 2024-11-07 02:34:04
A4: 75898029 | B4: 42 | C4: 308 | D4: 1691.1765 | E4: 1725 | F4: 2024-11-07 02:34:04
A5: 75897106 | B5: 31 | C5: 152 | D5: 1707.9208 | E5: 1725 | F5: 2024-11-07 02:34:04
A6: 75897509 | B6: 35 | C6: 49 | D6: 1691.1765 | E6: 1725 | F6: 2024-11-07 02:34:04
A7: 75896592 | B7: 11 | C7: 40 | D7: 1707.9208 | E7: 1725 | F7: 2024-11-07 02:34:03
A8: 75897511 | B8: 42 | C8: 38 | D8: 1691.1765 | E8: 1725 | F8: 2024-11-07 02:34:04
A9: 75894713 | B9: 11 | C9: 31 | D9: 1707.9208 | E9: 1725 | F9: 2024-11-07 02:34:03
A10: 75898034 | B10: 1 | C10: 306 | D10: 1694.1176 | E10: 1728 | F10: 2024-11-07 02:34:03
A11: 75895228 | B11: 10 | C11: 86 | D11: 1710.8911 | E11: 1728 | F11: 2024-11-07 02:34:03
A12: 75896971 | B12: 24 | C12: 20300 | D12: 1711.8812 | E12: 1729 | F12: 2024-11-07 02:34:04
A13: 75896617 | B13: 24 | C13: 1049 | D13: 1711.8812 | E13: 1729 | F13: 2024-11-07 02:34:04
... A31: 75885902 | B31: 65 | C31: 121 | D31: 1713.7624 | E31: 1730.9 | F31: 2024-11-07 02:34:04

Sheet AQ4 Offers
A1: id | B1: country_id | C1: amount | D1: net | E1: gross | F1: added
A2: 75874642 | B2: 70 | C2: 53 | D2: 1237.6238 | E2: 1250 | F2: 2024-11-07 02:34:04
A3: 75801058 | B3: 78 | C3: 337 | D3: 1366.3366 | E3: 1380 | F3: 2024-11-07 02:34:04
A4: 75880679 | B4: 42 | C4: 934 | D4: 1376.2376 | E4: 1390 | F4: 2024-11-07 02:34:04
A5: 75894071 | B5: 29 | C5: 10 | D5: 1376.2376 | E5: 1390 | F5: 2024-11-07 02:34:04
A6: 75482001 | B6: 9 | C6: 585 | D6: 1386.1386 | E6: 1400 | F6: 2024-11-07 02:34:03
A7: 75880077 | B7: 42 | C7: 350 | D7: 1386.1386 | E7: 1400 | F7: 2024-11-07 02:34:04
A8: 75027030 | B8: 81 | C8: 2 | D8: 1386.1386 | E8: 1400 | F8: 2024-11-07 02:34:04
A9: 75025939 | B9: 81 | C9: 2 | D9: 1386.1386 | E9: 1400 | F9: 2024-11-07 02:34:04
A10: 75707852 | B10: 65 | C10: 1 | D10: 1386.1386 | E10: 1400 | F10: 2024-11-07 02:34:04
A11: 75881358 | B11: 78 | C11: 250 | D11: 1376.6667 | E11: 1404.2 | F11: 2024-11-07 02:34:04
A12: 75881366 | B12: 70 | C12: 250 | D12: 1376.6667 | E12: 1404.2 | F12: 2024-11-07 02:34:04
A13: 75678136 | B13: 81 | C13: 211 | D13: 1386.5686 | E13: 1414.3 | F13: 2024-11-07 02:34:04
... A31: 75881406 | B31: 164 | C31: 250 | D31: 1445.4902 | E31: 1474.4 | F31: 2024-11-07 02:34:04

Sheet AQ3 Offers
A1: id | B1: country_id | C1: amount | D1: net | E1: gross | F1: added
A2: 75482000 | B2: 9 | C2: 657 | D2: 1118.8119 | E2: 1130 | F2: 2024-11-07 02:34:03
A3: 75892978 | B3: 42 | C3: 516 | D3: 1118.8119 | E3: 1130 | F3: 2024-11-07 02:34:04
A4: 75896020 | B4: 82 | C4: 53 | D4: 1128.7129 | E4: 1140 | F4: 2024-11-07 02:34:04
A5: 75458175 | B5: 9 | C5: 226 | D5: 1119.1176 | E5: 1141.5 | F5: 2024-11-07 02:34:03
A6: 75481924 | B6: 40 | C6: 100 | D6: 1175.2475 | E6: 1187 | F6: 2024-11-07 02:34:04
A7: 75717131 | B7: 28 | C7: 6 | D7: 1178.2178 | E7: 1190 | F7: 2024-11-07 02:34:04
A8: 75754403 | B8: 58 | C8: 276 | D8: 1175.098 | E8: 1198.6 | F8: 2024-11-07 02:34:04
A9: 75678023 | B9: 81 | C9: 253 | D9: 1175.098 | E9: 1198.6 | F9: 2024-11-07 02:34:04
A10: 75612863 | B10: 29 | C10: 240 | D10: 1175.098 | E10: 1198.6 | F10: 2024-11-07 02:34:04
A11: 75472831 | B11: 54 | C11: 221 | D11: 1175.098 | E11: 1198.6 | F11: 2024-11-07 02:34:04
A12: 75667458 | B12: 35 | C12: 10 | D12: 1175.098 | E12: 1198.6 | F12: 2024-11-07 02:34:04
A13: 75536945 | B13: 36 | C13: 232 | D13: 1178.8679 | E13: 1249.6 | F13: 2024-11-07 02:34:04
... A31: 75881228 | B31: 76 | C31: 296 | D31: 1497.451 | E31: 1527.4 | F31: 2024-11-07 02:34:04

Sheet AQ2 Offers
A1: id | B1: country_id | C1: amount | D1: net | E1: gross | F1: added
A2: 75869799 | B2: 71 | C2: 62 | D2: 787.1287 | E2: 795 | F2: 2024-11-07 02:34:04
A3: 75865913 | B3: 35 | C3: 516 | D3: 792.0792 | E3: 800 | F3: 2024-11-07 02:34:04
A4: 75883760 | B4: 24 | C4: 100 | D4: 865.2178 | E4: 873.87 | F4: 2024-11-07 02:34:04
A5: 75883330 | B5: 24 | C5: 74 | D5: 865.2277 | E5: 873.88 | F5: 2024-11-07 02:34:04
A6: 75777337 | B6: 24 | C6: 8 | D6: 866.3366 | E6: 875 | F6: 2024-11-07 02:34:04
A7: 75481997 | B7: 9 | C7: 398 | D7: 875.2376 | E7: 883.99 | F7: 2024-11-07 02:34:03
A8: 75845787 | B8: 42 | C8: 60 | D8: 891.0891 | E8: 900 | F8: 2024-11-07 02:34:04
A9: 75872414 | B9: 9 | C9: 17 | D9: 891.0891 | E9: 900 | F9: 2024-11-07 02:34:03
A10: 75880676 | B10: 42 | C10: 1000 | D10: 900.9901 | E10: 910 | F10: 2024-11-07 02:34:04
A11: 73841260 | B11: 166 | C11: 2 | D11: 900 | E11: 918 | F11: 2024-11-07 02:34:04
A12: 75888269 | B12: 33 | C12: 80 | D12: 952.6139 | E12: 962.14 | F12: 2024-11-07 02:34:04
A13: 75888266 | B13: 72 | C13: 80 | D13: 943.2745 | E13: 962.14 | F13: 2024-11-07 02:34:04
... A31: 75881136 | B31: 76 | C31: 316 | D31: 946.3725 | E31: 965.3 | F31: 2024-11-07 02:34:04

Sheet AQ1 Offers
A1: id | B1: country_id | C1: amount | D1: net | E1: gross | F1: added
A2: 75898117 | B2: 65 | C2: 7 | D2: 652.4158 | E2: 658.94 | F2: 2024-11-07 02:34:04
A3: 75898109 | B3: 65 | C3: 8 | D3: 652.4257 | E3: 658.95 | F3: 2024-11-07 02:34:04
A4: 75896794 | B4: 35 | C4: 83 | D4: 652.4752 | E4: 659 | F4: 2024-11-07 02:34:04
A5: 75892223 | B5: 35 | C5: 3 | D5: 652.4752 | E5: 659 | F5: 2024-11-07 02:34:04
A6: 75897710 | B6: 65 | C6: 14 | D6: 653.297 | E6: 659.83 | F6: 2024-11-07 02:34:04
A7: 75891207 | B7: 65 | C7: 25 | D7: 653.4455 | E7: 659.98 | F7: 2024-11-07 02:34:04
A8: 75887210 | B8: 35 | C8: 395 | D8: 653.4554 | E8: 659.99 | F8: 2024-11-07 02:34:04
A9: 75894073 | B9: 29 | C9: 10 | D9: 658.4158 | E9: 665 | F9: 2024-11-07 02:34:04
A10: 75893153 | B10: 27 | C10: 55 | D10: 662.3762 | E10: 669 | F10: 2024-11-07 02:34:04
A11: 75882423 | B11: 24 | C11: 490 | D11: 663.3663 | E11: 670 | F11: 2024-11-07 02:34:04
A12: 75884992 | B12: 65 | C12: 101 | D12: 691.0891 | E12: 698 | F12: 2024-11-07 02:34:04
A13: 75886063 | B13: 42 | C13: 50 | D13: 691.0891 | E13: 698 | F13: 2024-11-07 02:34:04
... A31: 74435237 | B31: 42 | C31: 817 | D31: 709.049 | E31: 723.23 | F31: 2024-11-07 02:34:04

Sheet General information
B1: Citizenship Country
B2: Average Salary | E2: Number of Tickets | F2: {=SUM(Houses!C5:C9)+SUM(Houses!C15:C19)+SUM(Houses!C25:C29)+SUM(Houses!C35:C39)+SUM(Weapons!D17:D23)+SUM(Weapons!D39:D43)+SUM(Weapons!D5:D11)+SUM(Weapons!D29:D33)+SUM(Food!D5:D11)+SUM(Food!D17:D23)+SUM(Food!D29:D33)+SUM(Food!D39:D43+SUM(Airplanes!C5:C9)+SUM(Airplanes!C15:C19)+SUM(Airplanes!C25:C29)+SUM(Airplanes!C35:C39))} -> 0 | H2: Tycoon Pack | I2: 0 | K2: Management Companies | L2: =SUM(Weapons!C5:C11)+SUM(Weapons!C17:C23)+SUM(Weapons!C29:C33)+SUM(Weapons!C39:C43)+SUM(Food!C5:C11)+SUM(Food!C17:C23)+SUM(Food!C29:C33)+SUM(Food!C39:C43) -> 0 | N2: Gold Price | O2: {=Gold_Price[]} -> 994.999
B4: Houses | J4: Airplanes
G5: =C5 -> 0 | H5: =D5 -> 0 | O5: =K5 -> 0 | P5: =L5 -> 0
B7: Company | C7: Pollution | D7: Pollution | F7: Productivity/Test | G7: =(100+$G$8+$G$9+$G$10)-G11 -> 100 | H7: =(100+$H$8+$H$9+$H$10)-H11 -> 100 | J7: Company | K7: Pollution | L7: Pollution | N7: Productivity/Test | O7: =(100+$O$8+$O$9+$O$10)-O11 -> 100 | P7: =(100+$P$8+$P$9+$P$10)-P11 -> 100
B8: Raw Material | C8: =IFERROR(VLOOKUP($C$6,'Regions'!$B$2:$BT$575,18,FALSE),0) -> 0 | D8: =IFERROR(VLOOKUP($D$6,'Regions'!$B$2:$BT$575,18,FALSE),0) -> 0 | F8: Country Bonus | G8: =IFERROR(VLOOKUP($C$5,'Countries'!$A$2:$AL$75,9,FALSE)*100,0) -> 0 | H8: =IFERROR(VLOOKUP($D$5,'Countries'!$A$2:$AL$75,9,FALSE)*100,0) -> 0 | J8: Raw Material | K8: =IFERROR(VLOOKUP($K$6,'Regions'!$B$2:$BT$575,26,FALSE),0) -> 0 | L8: =IFERROR(VLOOKUP($L$6,'Regions'!$B$2:$BT$575,26,FALSE),0) -> 0 | N8: Country Bonus | O8: =IFERROR(VLOOKUP($K$5,'Countries'!$A$2:$AL$75,10,FALSE)*100,0) -> 0 | P8: =IFERROR(VLOOKUP($L$5,'Countries'!$A$2:$AL$75,10,FALSE)*100,0) -> 0
B9: Q1 | C9: =IFERROR(VLOOKUP($C$6,'Regions'!$B$2:$BT$575,19,FALSE),0) -> 0 | D9: =IFERROR(VLOOKUP($D$6,'Regions'!$B$2:$BT$575,19,FALSE),0) -> 0 | F9: Region Bonus | G9: =IFERROR(VLOOKUP($C$6,'Regions'!$B$2:$BT$575,68,FALSE),0) -> 0 | H9: =IFERROR(VLOOKUP($D$6,'Regions'!$B$2:$BT$575,68,FALSE),0) -> 0 | J9: Q1 | K9: =IFERROR(VLOOKUP($K$6,'Regions'!$B$2:$BT$575,27,FALSE),0) -> 0 | L9: =IFERROR(VLOOKUP($L$6,'Regions'!$B$2:$BT$575,27,FALSE),0) -> 0 | N9: Region Bonus | O9: =IFERROR(VLOOKUP($K$6,'Regions'!$B$2:$BT$575,69,FALSE),0) -> 0 | P9: =IFERROR(VLOOKUP($L$6,'Regions'!$B$2:$BT$575,69,FALSE),0) -> 0
B10: Q2 | C10: =IFERROR(VLOOKUP($C$6,'Regions'!$B$2:$BT$575,20,FALSE),0) -> 0 | D10: =IFERROR(VLOOKUP($D$6,'Regions'!$B$2:$BT$575,20,FALSE),0) -> 0 | F10: Booster | G10: =IF('General information'!$I$2=1,20,IF('General information'!$I$2=2,26,0)) -> 0 | H10: =IF('General information'!$I$2=1,20,IF('General information'!$I$2=2,26,0)) -> 0 | J10: Q2 | K10: =IFERROR(VLOOKUP($K$6,'Regions'!$B$2:$BT$575,28,FALSE),0) -> 0 | L10: =IFERROR(VLOOKUP($L$6,'Regions'!$B$2:$BT$575,28,FALSE),0) -> 0 | N10: Booster | O10: =IF('General information'!$I$2=1,20,IF('General information'!$I$2=2,26,0)) -> 0 | P10: =IF('General information'!$I$2=1,20,IF('General information'!$I$2=2,26,0)) -> 0
B11: Q3 | C11: =IFERROR(VLOOKUP($C$6,'Regions'!$B$2:$BT$575,21,FALSE),0) -> 0 | D11: =IFERROR(VLOOKUP($D$6,'Regions'!$B$2:$BT$575,21,FALSE),0) -> 0 | F11: Pollution | J11: Q3 | K11: =IFERROR(VLOOKUP($K$6,'Regions'!$B$2:$BT$575,29,FALSE),0) -> 0 | L11: =IFERROR(VLOOKUP($L$6,'Regions'!$B$2:$BT$575,29,FALSE),0) -> 0 | N11: Pollution
B12: Q4 | C12: =IFERROR(VLOOKUP($C$6,'Regions'!$B$2:$BT$575,22,FALSE),0) -> 0 | D12: =IFERROR(VLOOKUP($D$6,'Regions'!$B$2:$BT$575,22,FALSE),0) -> 0 | J12: Q4 | K12: =IFERROR(VLOOKUP($K$6,'Regions'!$B$2:$BT$575,30,FALSE),0) -> 0 | L12: =IFERROR(VLOOKUP($L$6,'Regions'!$B$2:$BT$575,30,FALSE),0) -> 0
B13: Q5 | C13: =IFERROR(VLOOKUP($C$6,'Regions'!$B$2:$BT$575,23,FALSE),0) -> 0 | D13: =IFERROR(VLOOKUP($D$6,'Regions'!$B$2:$BT$575,23,FALSE),0) -> 0 | J13: Q5 | K13: =IFERROR(VLOOKUP($K$6,'Regions'!$B$2:$BT$575,31,FALSE),0) -> 0 | L13: =IFERROR(VLOOKUP($L$6,'Regions'!$B$2:$BT$575,31,FALSE),0) -> 0
B14: Q6 | C14: =IFERROR(VLOOKUP($C$6,'Regions'!$B$2:$BT$575,24,FALSE),0) -> 0 | D14: =IFERROR(VLOOKUP($D$6,'Regions'!$B$2:$BT$575,24,FALSE),0) -> 0 | G14: TAX - VAT | H14: 1 | J14: Q6 | K14: =IFERROR(VLOOKUP($K$6,'Regions'!$B$2:$BT$575,32,FALSE),0) -> 0 | L14: =IFERROR(VLOOKUP($L$6,'Regions'!$B$2:$BT$575,32,FALSE),0) -> 0 | O14: TAX - VAT | P14: 1
B15: Q7 | C15: =IFERROR(VLOOKUP($C$6,'Regions'!$B$2:$BT$575,25,FALSE),0) -> 0 | D15: =IFERROR(VLOOKUP($D$6,'Regions'!$B$2:$BT$575,25,FALSE),0) -> 0 | G15: TAX - Import | H15: 0 | J15: Q7 | K15: =IFERROR(VLOOKUP($K$6,'Regions'!$B$2:$BT$575,33,FALSE),0) -> 0 | L15: =IFERROR(VLOOKUP($L$6,'Regions'!$B$2:$BT$575,33,FALSE),0) -> 0 | O15: TAX - Import | P15: 0
B18: Weapons | J18: Food
G19: =C19 -> 0 | H19: =D19 -> 0 | O19: =K19 -> 0 | P19: =L19 -> 0
B21: Company | C21: Pollution | D21: Pollution | F21: Productivity/Test | G21: =(100+$G$22+$G$23+$G$24)-G25 -> 100 | H21: =(100+$H$22+$H$23+$H$24)-H25 -> 100 | J21: Company | K21: Pollution | L21: Pollution | N21: Productivity/Test | O21: =(100+$O$22+$O$23+$O$24)-O25 -> 100 | P21: =(100+$P$22+$P$23+$P$24)-P25 -> 100
B22: Raw Material | C22: =IFERROR(VLOOKUP($C$20,'Regions'!$B$2:$BT$575,10,FALSE),0) -> 0 | D22: =IFERROR(VLOOKUP($D$20,'Regions'!$B$2:$BT$575,10,FALSE),0) -> 0 | F22: Country Bonus | G22: =IFERROR(VLOOKUP($C$19,'Countries'!$A$2:$AL$75,8,FALSE)*100,0) -> 0 | H22: =IFERROR(VLOOKUP($D$19,'Countries'!$A$2:$AL$75,8,FALSE)*100,0) -> 0 | J22: Raw Material | K22: =IFERROR(VLOOKUP($K$20,'Regions'!$B$2:$BT$575,2,FALSE),0) -> 0 | L22: =IFERROR(VLOOKUP($L$20,'Regions'!$B$2:$BT$575,2,FALSE),0) -> 0 | N22: Country Bonus | O22: =IFERROR(VLOOKUP($K$19,'Countries'!$A$2:$AL$75,7,FALSE)*100,0) -> 0 | P22: =IFERROR(VLOOKUP($L$19,'Countries'!$A$2:$AL$75,7,FALSE)*100,0) -> 0
B23: Q1 | C23: =IFERROR(VLOOKUP($C$20,'Regions'!$B$2:$BT$575,11,FALSE),0) -> 0 | D23: =IFERROR(VLOOKUP($D$20,'Regions'!$B$2:$BT$575,11,FALSE),0) -> 0 | F23: Region Bonus | G23: =IFERROR(VLOOKUP($C$20,'Regions'!$B$2:$BT$575,67,FALSE),0) -> 0 | H23: =IFERROR(VLOOKUP($D$20,'Regions'!$B$2:$BT$575,67,FALSE),0) -> 0 | J23: Q1 | K23: =IFERROR(VLOOKUP($K$20,'Regions'!$B$2:$BT$575,3,FALSE),0) -> 0 | L23: =IFERROR(VLOOKUP($L$20,'Regions'!$B$2:$BT$575,3,FALSE),0) -> 0 | N23: Region Bonus | O23: =IFERROR(VLOOKUP($K$20,'Regions'!$B$2:$BT$575,66,FALSE),0) -> 0 | P23: =IFERROR(VLOOKUP($L$20,'Regions'!$B$2:$BT$575,66,FALSE),0) -> 0
B24: Q2 | C24: =IFERROR(VLOOKUP($C$20,'Regions'!$B$2:$BT$575,12,FALSE),0) -> 0 | D24: =IFERROR(VLOOKUP($D$20,'Regions'!$B$2:$BT$575,12,FALSE),0) -> 0 | F24: Booster | G24: =IF('General information'!$I$2=1,20,IF('General information'!$I$2=2,26,0)) -> 0 | H24: =IF('General information'!$I$2=1,20,IF('General information'!$I$2=2,26,0)) -> 0 | J24: Q2 | K24: =IFERROR(VLOOKUP($K$20,'Regions'!$B$2:$BT$575,4,FALSE),0) -> 0 | L24: =IFERROR(VLOOKUP($L$20,'Regions'!$B$2:$BT$575,4,FALSE),0) -> 0 | N24: Booster | O24: =IF('General information'!$I$2=1,20,IF('General information'!$I$2=2,26,0)) -> 0 | P24: =IF('General information'!$I$2=1,20,IF('General information'!$I$2=2,26,0)) -> 0
B25: Q3 | C25: =IFERROR(VLOOKUP($C$20,'Regions'!$B$2:$BT$575,13,FALSE),0) -> 0 | D25: =IFERROR(VLOOKUP($D$20,'Regions'!$B$2:$BT$575,13,FALSE),0) -> 0 | F25: Pollution | J25: Q3 | K25: =IFERROR(VLOOKUP($K$20,'Regions'!$B$2:$BT$575,5,FALSE),0) -> 0 | L25: =IFERROR(VLOOKUP($L$20,'Regions'!$B$2:$BT$575,5,FALSE),0) -> 0 | N25: Pollution
B26: Q4 | C26: =IFERROR(VLOOKUP($C$20,'Regions'!$B$2:$BT$575,14,FALSE),0) -> 0 | D26: =IFERROR(VLOOKUP($D$20,'Regions'!$B$2:$BT$575,14,FALSE),0) -> 0 | J26: Q4 | K26: =IFERROR(VLOOKUP($K$20,'Regions'!$B$2:$BT$575,6,FALSE),0) -> 0 | L26: =IFERROR(VLOOKUP($L$20,'Regions'!$B$2:$BT$575,6,FALSE),0) -> 0
B27: Q5 | C27: =IFERROR(VLOOKUP($C$20,'Regions'!$B$2:$BT$575,15,FALSE),0) -> 0 | D27: =IFERROR(VLOOKUP($D$20,'Regions'!$B$2:$BT$575,15,FALSE),0) -> 0 | J27: Q5 | K27: =IFERROR(VLOOKUP($K$20,'Regions'!$B$2:$BT$575,7,FALSE),0) -> 0 | L27: =IFERROR(VLOOKUP($L$20,'Regions'!$B$2:$BT$575,7,FALSE),0) -> 0
B28: Q6 | C28: =IFERROR(VLOOKUP($C$20,'Regions'!$B$2:$BT$575,16,FALSE),0) -> 0 | D28: =IFERROR(VLOOKUP($D$20,'Regions'!$B$2:$BT$575,16,FALSE),0) -> 0 | J28: Q6 | K28: =IFERROR(VLOOKUP($K$20,'Regions'!$B$2:$BT$575,8,FALSE),0) -> 0 | L28: =IFERROR(VLOOKUP($L$20,'Regions'!$B$2:$BT$575,8,FALSE),0) -> 0
B29: Q7 | C29: =IFERROR(VLOOKUP($C$20,'Regions'!$B$2:$BT$575,17,FALSE),0) -> 0 | D29: =IFERROR(VLOOKUP($D$20,'Regions'!$B$2:$BT$575,17,FALSE),0) -> 0 | J29: Q7 | K29: =IFERROR(VLOOKUP($K$20,'Regions'!$B$2:$BT$575,9,FALSE),0) -> 0 | L29: =IFERROR(VLOOKUP($L$20,'Regions'!$B$2:$BT$575,9,FALSE),0) -> 0
C31: Average Salary | D31: Tax | E31: Manager Tax | K31: Average Salary | L31: Tax | M31: Manager Tax
B32: =C19 -> 0 | C32: =IFERROR(VLOOKUP($C$19,'Countries'!$A$2:$AL$75,38,FALSE),0) -> 0 | D32: =IFERROR(VLOOKUP($C$19,'Countries'!$A$2:$AL$75,14,FALSE)*100,0) -> 0 | E32: =C32*D32% -> 0 | J32: =K19 -> 0 | K32: =IFERROR(VLOOKUP($K$19,'Countries'!$A$2:$AL$75,38,FALSE),0) -> 0 | L32: =IFERROR(VLOOKUP($K$19,'Countries'!$A$2:$AL$75,11,FALSE)*100,0) -> 0 | M32: =K32*L32% -> 0
B33: =D19 -> 0 | C33: =IFERROR(VLOOKUP($D$19,'Countries'!$A$2:$AL$75,38,FALSE),0) -> 0 | D33: =IFERROR(VLOOKUP($D$19,'Countries'!$A$2:$AL$75,14,FALSE)*100,0) -> 0 | E33: =C33*D33% -> 0 | G33: TAX - VAT | H33: 1 | J33: =L19 -> 0 | K33: =IFERROR(VLOOKUP($L$19,'Countries'!$A$2:$AL$75,38,FALSE),0) -> 0 | L33: =IFERROR(VLOOKUP($L$19,'Countries'!$A$2:$AL$75,11,FALSE)*100,0) -> 0 | M33: =K33*L33% -> 0 | O33: TAX - VAT | P33: 1
B34: Country of Citizenship | C34: =IFERROR(VLOOKUP($C$1,'Countries'!$A$2:$AL$75,38,FALSE),0) -> 0 | D34: =IFERROR(VLOOKUP($C$1,'Countries'!$A$2:$AL$75,14,FALSE)*100,0) -> 0 | E34: =C34*D34% -> 0 | G34: TAX - Import | H34: 0 | J34: Country of Citizenship | K34: =IFERROR(VLOOKUP($C$1,'Countries'!$A$2:$AL$75,38,FALSE),0) -> 0 | L34: =IFERROR(VLOOKUP($C$1,'Countries'!$A$2:$AL$75,11,FALSE)*100,0) -> 0 | M34: =K34*L34% -> 0 | O34: TAX - Import | P34: 0
B36: API KEY

Sheet Houses
B2: Holding 1
B3: Houses | C3: Employees | D3: Production | E3: Raw/Day | F3: Time (Days) | G3: Number of Houses (Day) | H3: Houses by Time | I3: Total Salaries | J3: Raw Material per House | K3: Raw Material Cost | L3: Unit Cost - Without Taxes | M3: Unit Cost - With Taxes | N3: Revenue | O3: Profit/Loss | P3: % Profit/Loss - Per House
B4: Quality
B5: Q1 | D5: =C5*(20*((100+'General information'!$G$8+'General information'!$G$9+'General information'!$G$10)-'General information'!$C$9)/100) -> 0 | E5: =(C5*(20*((100+'General information'!$G$8+'General information'!$G$9+'General information'!$G$10)-'General information'!C9)))/1000 -> 0 | F5: =IF(ISERROR(100/D5),0,100/D5) -> 0 | G5: =IFERROR(1/F5,0) -> 0 | H5: =IF((G5*F5)<1,G5*F5*G5,1)*IF(G5<1,1,INT(G5)) -> 0 | I5: =IF(F5=1,C5*'General information'!$C$2,IF(F5<0,(H5)*C5*'General information'!$C$2,(F5*H5)*C5*'General information'!$C$2)) -> 0 | J5: =10*H5 -> 0 | K5: =J5*Houses!$N$24 -> 0 | L5: =IFERROR((I5)/H5+IF(I5=0,0,K5/H5),0) -> 0 | M5: =L5+IF(L5=0,0,$O$25) -> 0 | N5: =($N$25-$O$25)*H5 -> 0 | O5: =(N5-(L5*H5)) -> 0 | P5: =IF(D5=0,0,(IF((ISERROR(($N$25-$O$25)/L5)),0,($N$25-$O$25)/L5)-1)) -> 0
B6: Q2 | D6: =C6*(10*((100+'General information'!$G$8+'General information'!$G$9+'General information'!$G$10)-'General information'!$C$10)/100) -> 0 | E6: =(C6*(20*((100+'General information'!$G$8+'General information'!$G$9+'General information'!$G$10)-'General information'!C10)))/1000 -> 0 | F6: =IF(ISERROR(100/D6),0,100/D6) -> 0 | G6: =IFERROR(1/F6,0) -> 0 | H6: =IF((G6*F6)<1,G6*F6*G6,1)*IF(G6<1,1,INT(G6)) -> 0 | I6: =IF(F6=1,C6*'General information'!$C$2,IF(F6<0,(H6)*C6*'General information'!$C$2,(F6*H6)*C6*'General information'!$C$2)) -> 0 | J6: =20*H6 -> 0 | K6: =J6*Houses!$N$24 -> 0 | L6: =IFERROR((I6)/H6+IF(I6=0,0,K6/H6),0) -> 0 | M6: =L6+IF(L6=0,0,$O$26) -> 0 | N6: =($N$26-$O$26)*H6 -> 0 | O6: =(N6-(L6*H6)) -> 0 | P6: =IF(D6=0,0,(IF((ISERROR(($N$26-$O$26)/L6)),0,($N$26-$O$26)/L6)-1)) -> 0
B7: Q3 | D7: =C7*(5*((100+'General information'!$G$8+'General information'!$G$9+'General information'!$G$10)-'General information'!$C$11)/100) -> 0 | E7: =(C7*(20*((100+'General information'!$G$8+'General information'!$G$9+'General information'!$G$10)-'General information'!C11)))/1000 -> 0 | F7: =IF(ISERROR(100/D7),0,100/D7) -> 0 | G7: =IFERROR(1/F7,0) -> 0 | H7: =IF((G7*F7)<1,G7*F7*G7,1)*IF(G7<1,1,INT(G7)) -> 0 | I7: =IF(F7=1,C7*'General information'!$C$2,IF(F7<0,(H7)*C7*'General information'!$C$2,(F7*H7)*C7*'General information'!$C$2)) -> 0 | J7: =40*H7 -> 0 | K7: =J7*Houses!$N$24 -> 0 | L7: =IFERROR((I7)/H7+IF(I7=0,0,K7/H7),0) -> 0 | M7: =L7+IF(L7=0,0,$O$27) -> 0 | N7: =($N$27-$O$27)*H7 -> 0 | O7: =(N7-(L7*H7)) -> 0 | P7: =IF(D7=0,0,(IF((ISERROR(($N$27-$O$27)/L7)),0,($N$27-$O$27)/L7)-1)) -> 0
B8: Q4 | D8: =C8*(2.5*((100+'General information'!$G$8+'General information'!$G$9+'General information'!$G$10)-'General information'!$C$12)/100) -> 0 | E8: =(C8*(20*((100+'General information'!$G$8+'General information'!$G$9+'General information'!$G$10)-'General information'!C12)))/1000 -> 0 | F8: =IF(ISERROR(100/D8),0,100/D8) -> 0 | G8: =IFERROR(1/F8,0) -> 0 | H8: =IF((G8*F8)<1,G8*F8*G8,1)*IF(G8<1,1,INT(G8)) -> 0 | I8: =IF(F8=1,C8*'General information'!$C$2,IF(F8<0,(H8)*C8*'General information'!$C$2,(F8*H8)*C8*'General information'!$C$2)) -> 0 | J8: =80*H8 -> 0 | K8: =J8*Houses!$N$24 -> 0 | L8: =IFERROR((I8)/H8+IF(I8=0,0,K8/H8),0) -> 0 | M8: =L8+IF(L8=0,0,$O$28) -> 0 | N8: =($N$28-$O$28)*H8 -> 0 | O8: =(N8-(L8*H8)) -> 0 | P8: =IF(D8=0,0,(IF((ISERROR(($N$28-$O$28)/L8)),0,($N$28-$O$28)/L8)-1)) -> 0
B9: Q5 | D9: =C9*(1.6666*((100+'General information'!$G$8+'General information'!$G$9+'General information'!$G$10)-'General information'!$C$13)/100) -> 0 | E9: =(C9*(20*((100+'General information'!$G$8+'General information'!$G$9+'General information'!$G$10)-'General information'!C13)))/1000 -> 0 | F9: =IF(ISERROR(100/D9),0,100/D9) -> 0 | G9: =IFERROR(1/F9,0) -> 0 | H9: =IF((G9*F9)<1,G9*F9*G9,1)*IF(G9<1,1,INT(G9)) -> 0 | I9: =IF(F9=1,C9*'General information'!$C$2,IF(F9<0,(H9)*C9*'General information'!$C$2,(F9*H9)*C9*'General information'!$C$2)) -> 0 | J9: =120*H9 -> 0 | K9: =J9*Houses!$N$24 -> 0 | L9: =IFERROR((I9)/H9+IF(I9=0,0,K9/H9),0) -> 0 | M9: =L9+IF(L9=0,0,$O$29) -> 0 | N9: =($N$29-$O$29)*H9 -> 0 | O9: =(N9-(L9*H9)) -> 0 | P9: =IF(D9=0,0,(IF((ISERROR(($N$29-$O$29)/L9)),0,($N$29-$O$29)/L9)-1)) -> 0
B10: Total | E10: =SUM(E5:E9) -> 0 | I10: =SUM(I5:I9) -> 0 | J10: =SUM(J5:J9) -> 0 | K10: =SUM(K5:K9) -> 0 | L10: =(L5*H5+L6*H6+L7*H7+L8*H8+L9*H9) -> 0 | N10: =SUM(N5:N9) -> 0 | O10: =SUM(O5:O9) -> 0
B12: Holding 2
B13: Houses | C13: Employees | D13: Production | E13: Raw/Day | F13: Time (Days) | G13: Number of Houses (Day) | H13: Houses by Time | I13: Total Salaries | J13: Raw Material per House | K13: Raw Material Cost | L13: Unit Cost - Without Taxes | M13: Unit Cost - With Taxes | N13: Revenue | O13: Profit/Loss | P13: % Profit/Loss - Per House
A14: 0 | B14: Quality
B15: Q1 | D15: =C15*(20*((100+'General information'!$H$8+'General information'!$H$9+'General information'!$H$10)-'General information'!$D$9)/100) -> 0 | E15: =($D$15*10*C15)/100 -> 0 | F15: =IF(ISERROR(100/D15),0,100/D15) -> 0 | G15: =IFERROR(1/F15,0) -> 0 | H15: =IF((G15*F15)<1,G15*F15*G15,1)*IF(G15<1,1,INT(G15)) -> 0 | I15: =IF(F15=1,C15*'General information'!$C$2,IF(F15<0,(H15)*C15*'General information'!$C$2,(F15*H15)*C15*'General information'!$C$2)) -> 0 | J15: =10*H15 -> 0 | K15: =J15*Houses!$N$24 -> 0 | L15: =IFERROR((I15)/H15+IF(I15=0,0,K15/H15),0) -> 0 | M15: =L15+IF(L15=0,0,O25) -> 0 | N15: =($N$25-$O$25)*H15 -> 0 | O15: =(N15-(L15*H15)) -> 0 | P15: =IF(D15=0,0,(IF((ISERROR(($N$25-$O$25)/L15)),0,($N$25-$O$25)/L15)-1)) -> 0
B16: Q2 | D16: =C16*(10*((100+'General information'!$H$8+'General information'!$H$9+'General information'!$H$10)-'General information'!$D$10)/100) -> 0 | E16: =(D16*2*C16*10)/100 -> 0 | F16: =IF(ISERROR(100/D16),0,100/D16) -> 0 | G16: =IFERROR(1/F16,0) -> 0 | H16: =IF((G16*F16)<1,G16*F16*G16,1)*IF(G16<1,1,INT(G16)) -> 0 | I16: =IF(F16=1,C16*'General information'!$C$2,IF(F16<0,(H16)*C16*'General information'!$C$2,(F16*H16)*C16*'General information'!$C$2)) -> 0 | J16: =20*H16 -> 0 | K16: =J16*Houses!$N$24 -> 0 | L16: =IFERROR((I16)/H16+IF(I16=0,0,K16/H16),0) -> 0 | M16: =L16+IF(L16=0,0,O25) -> 0 | N16: =($N$26-$O$26)*H16 -> 0 | O16: =(N16-(L16*H16)) -> 0 | P16: =IF(D16=0,0,(IF((ISERROR(($N$26-$O$26)/L16)),0,($N$26-$O$26)/L16)-1)) -> 0
B17: Q3 | D17: =C17*(5*((100+'General information'!$H$8+'General information'!$H$9+'General information'!$H$10)-'General information'!$D$11)/100) -> 0 | E17: =(D17*4*C17*10)/100 -> 0 | F17: =IF(ISERROR(100/D17),0,100/D17) -> 0 | G17: =IFERROR(1/F17,0) -> 0 | H17: =IF((G17*F17)<1,G17*F17*G17,1)*IF(G17<1,1,INT(G17)) -> 0 | I17: =IF(F17=1,C17*'General information'!$C$2,IF(F17<0,(H17)*C17*'General information'!$C$2,(F17*H17)*C17*'General information'!$C$2)) -> 0 | J17: =40*H17 -> 0 | K17: =J17*Houses!$N$24 -> 0 | L17: =IFERROR((I17)/H17+IF(I17=0,0,K17/H17),0) -> 0 | M17: =L17+IF(L17=0,0,N27) -> 0 | N17: =($N$27-$O$27)*H17 -> 0 | O17: =(N17-(L17*H17)) -> 0 | P17: =IF(D17=0,0,(IF((ISERROR(($N$27-$O$27)/L17)),0,($N$27-$O$27)/L17)-1)) -> 0
B18: Q4 | D18: =C18*(2.5*((100+'General information'!$H$8+'General information'!$H$9+'General information'!$H$10)-'General information'!$D$12)/100) -> 0 | E18: =(D18*8*C18*10)/100 -> 0 | F18: =IF(ISERROR(100/D18),0,100/D18) -> 0 | G18: =IFERROR(1/F18,0) -> 0 | H18: =IF((G18*F18)<1,G18*F18*G18,1)*IF(G18<1,1,INT(G18)) -> 0 | I18: =IF(F18=1,C18*'General information'!$C$2,IF(F18<0,(H18)*C18*'General information'!$C$2,(F18*H18)*C18*'General information'!$C$2)) -> 0 | J18: =80*H18 -> 0 | K18: =J18*Houses!$N$24 -> 0 | L18: =IFERROR((I18)/H18+IF(I18=0,0,K18/H18),0) -> 0 | M18: =L18+IF(L18=0,0,N28) -> 0 | N18: =($N$28-$O$28)*H18 -> 0 | O18: =(N18-(L18*H18)) -> 0 | P18: =IF(D18=0,0,(IF((ISERROR(($N$28-$O$28)/L18)),0,($N$28-$O$28)/L18)-1)) -> 0
B19: Q5 | D19: =C19*(1.6666*((100+'General information'!$H$8+'General information'!$H$9+'General information'!$H$10)-'General information'!$D$13)/100) -> 0 | E19: =(D19*12.00480191*C19*10)/100 -> 0 | F19: =IF(ISERROR(100/D19),0,100/D19) -> 0 | G19: =IFERROR(1/F19,0) -> 0 | H19: =IF((G19*F19)<1,G19*F19*G19,1)*IF(G19<1,1,INT(G19)) -> 0 | I19: =IF(F19=1,C19*'General information'!$C$2,IF(F19<0,(H19)*C19*'General information'!$C$2,(F19*H19)*C19*'General information'!$C$2)) -> 0 | J19: =120*H19 -> 0 | K19: =J19*Houses!$N$24 -> 0 | L19: =IFERROR((I19)/H19+IF(I19=0,0,K19/H19),0) -> 0 | M19: =L19+IF(L19=0,0,O29) -> 0 | N19: =($N$29-$O$29)*H19 -> 0 | O19: =(N19-(L19*H19)) -> 0 | P19: =IF(D19=0,0,(IF((ISERROR(($N$29-$O$29)/L19)),0,($N$29-$O$29)/L19)-1)) -> 0
B20: Total | E20: =SUM(E15:E19) -> 0 | I20: =SUM(I15:I19) -> 0 | J20: =SUM(J15:J19) -> 0 | K20: =SUM(K15:K19) -> 0 | L20: =(L15*H15+L16*H16+L17*H17+L18*H18+L19*H19) -> 0 | N20: =SUM(N15:N19) -> 0 | O20: =SUM(O15:O19) -> 0
B22: Holding 1 | M22: Stock - Houses
B23: Raw Material | C23: Employees | D23: Production | E23: Total Salaries | F23: Unit Cost - Raw Material | G23: Export Tax | I23: Revenue | J23: Profit/Loss | K23: % Profit/Loss | M23: Quality | N23: Avg Price | O23: Tax | P23: Amount | Q23: Gross Value | R23: Total Tax | S23: Net Total
B24: Quality | M24: Raw | N24: =AVERAGE(HRM_Offers[gross]) -> 1010.7783 | O24: =IF(D30=0,0,(($N$24*'General information'!$H$15%))) -> 0 | Q24: =N24*P24 -> 0 | R24: =IF(P24=0,0,(($N$24*'General information'!$H$15%)*P24)) -> 0 | S24: =Q24-R24 -> 0
B25: Q1 | D25: =((35*((100+'General information'!$G$8+'General information'!$G$9+'General information'!$G$10)-'General information'!$C$8)/100)*C25)/100 -> 0 | E25: =C25*'General information'!$C$2 -> 0 | F25: =IF(ISERROR(E25/D25),0,E25/D25) -> 0 | G25: =IF(D25=0,0,(($N$24*'General information'!$H$15%)*D25)) -> 0 | I25: =D25*(Houses!$N$24-$O$24) -> 0 | J25: =I25-E25 -> 0 | K25: =IF(D25=0,0,(IF((ISERROR(($N$24-$O$24)/F25)),0,($N$24-$O$24)/F25)-1)) -> 0 | M25: Q1 | N25: =AVERAGE(HQ1_Offers[gross]) -> 23392.351 | O25: =(N25*'General information'!$H$14%)+(N25*'General information'!$H$15%) -> 233.92351 | Q25: =N25*P25 -> 0 | R25: =((N25*'General information'!$H$14%)+(N25*'General information'!$H$15%))*P25 -> 0 | S25: =Q25-R25 -> 0
B26: Q2 | D26: =((70*((100+'General information'!$G$8+'General information'!$G$9+'General information'!$G$10)-'General information'!$C$8)/100)*C26)/100 -> 0 | E26: =C26*'General information'!$C$2 -> 0 | F26: =IF(ISERROR(E26/D26),0,E26/D26) -> 0 | G26: =IF(D26=0,0,(($N$24*'General information'!$H$15%)*D26)) -> 0 | I26: =D26*(Houses!$N$24-$O$24) -> 0 | J26: =I26-E26 -> 0 | K26: =IF(D26=0,0,(IF((ISERROR(($N$24-$O$24)/F26)),0,($N$24-$O$24)/F26)-1)) -> 0 | M26: Q2 | N26: =AVERAGE(HQ2_Offers[gross]) -> 47994.785 | O26: =(N26*'General information'!$H$14%)+(N26*'General information'!$H$15%) -> 479.94785 | Q26: =N26*P26 -> 0 | R26: =((N26*'General information'!$H$14%)+(N26*'General information'!$H$15%))*P26 -> 0 | S26: =Q26-R26 -> 0
B27: Q3 | D27: =((125*((100+'General information'!$G$8+'General information'!$G$9+'General information'!$G$10)-'General information'!$C$8)/100)*C27)/100 -> 0 | E27: =C27*'General information'!$C$2 -> 0 | F27: =IF(ISERROR(E27/D27),0,E27/D27) -> 0 | G27: =IF(D27=0,0,(($N$24*'General information'!$H$15%)*D27)) -> 0 | I27: =D27*(Houses!$N$24-$O$24) -> 0 | J27: =I27-E27 -> 0 | K27: =IF(D27=0,0,(IF((ISERROR(($N$24-$O$24)/F27)),0,($N$24-$O$24)/F27)-1)) -> 0 | M27: Q3 | N27: =AVERAGE(HQ3_Offers[gross]) -> 99828.743 | O27: =(N27*'General information'!$H$14%)+(N27*'General information'!$H$15%) -> 998.28743 | Q27: =N27*P27 -> 0 | R27: =((N27*'General information'!$H$14%)+(N27*'General information'!$H$15%))*P27 -> 0 | S27: =Q27-R27 -> 0
B28: Q4 | D28: =((175*((100+'General information'!$G$8+'General information'!$G$9+'General information'!$G$10)-'General information'!$C$8)/100)*C28)/100 -> 0 | E28: =C28*'General information'!$C$2 -> 0 | F28: =IF(ISERROR(E28/D28),0,E28/D28) -> 0 | G28: =IF(D28=0,0,(($N$24*'General information'!$H$15%)*D28)) -> 0 | I28: =D28*(Houses!$N$24-$O$24) -> 0 | J28: =I28-E28 -> 0 | K28: =IF(D28=0,0,(IF((ISERROR(($N$24-$O$24)/F28)),0,($N$24-$O$24)/F28)-1)) -> 0 | M28: Q4 | N28: =AVERAGE(HQ4_Offers[gross]) -> 199540.18 | O28: =(N28*'General information'!$H$14%)+(N28*'General information'!$H$15%) -> 1995.4018 | Q28: =N28*P28 -> 0 | R28: =((N28*'General information'!$H$14%)+(N28*'General information'!$H$15%))*P28 -> 0 | S28: =Q28-R28 -> 0
B29: Q5 | D29: =((250*((100+'General information'!$G$8+'General information'!$G$9+'General information'!$G$10)-'General information'!$C$8)/100)*C29)/100 -> 0 | E29: =C29*'General information'!$C$2 -> 0 | F29: =IF(ISERROR(E29/D29),0,E29/D29) -> 0 | G29: =IF(D29=0,0,(($N$24*'General information'!$H$15%)*D29)) -> 0 | I29: =D29*(Houses!$N$24-$O$24) -> 0 | J29: =I29-E29 -> 0 | K29: =IF(D29=0,0,(IF((ISERROR(($N$24-$O$24)/F29)),0,($N$24-$O$24)/F29)-1)) -> 0 | M29: Q5 | N29: =AVERAGE(HQ5_Offers[gross]) -> 284842.38 | O29: =(N29*'General information'!$H$14%)+(N29*'General information'!$H$15%) -> 2848.4238 | Q29: =N29*P29 -> 0 | R29: =((N29*'General information'!$H$14%)+(N29*'General information'!$H$15%))*P29 -> 0 | S29: =Q29-R29 -> 0
B30: Total | C30: - | D30: =SUM(D25:D29) -> 0 | E30: =SUM(E25:E29) -> 0 | F30: =IF(ISERROR(E30/D30),0,E30/D30) -> 0 | G30: =SUM(G25:G29) -> 0 | I30: =SUM(I25:I29) -> 0 | J30: =SUM(J25:J29) -> 0 | O30: =SUM(O24:O29) -> 6555.9844 | Q30: =SUM(Q24:Q29) -> 0 | R30: =SUM(R24:R29) -> 0 | S30: =SUM(S24:S29) -> 0
B32: Holding 2 | N32: Raw | O32: Cost | P32: Average Cost
B33: Raw Material | C33: Employees | D33: Production | E33: Total Salaries | F33: Unit Cost - Raw Material | G33: Export Tax | I33: Revenue | J33: Profit/Loss | K33: % Profit/Loss | M33: Daily use | N33: =E10+E20 -> 0 | O33: =O34+O35 -> 0 | P33: =IF(N33>N34,(P34+P35)/(IF(P34=0,1,2)),P34) -> 0
B34: Quality | M34: Production | N34: =D30+D40 -> 0 | O34: =N34*((F30+F40)/2) -> 0 | P34: =IF(ISERROR(O34/N34),0,O34/N34) -> 0
B35: Q1 | D35: =((35*((100+'General information'!$H$8+'General information'!$H$9+'General information'!$H$10)-'General information'!D8)/100)*C35)/100 -> 0 | E35: =C35*'General information'!$C$2 -> 0 | F35: =IF(ISERROR(E35/D35),0,E35/D35) -> 0 | G35: =IF(D35=0,0,(($N$24*'General information'!$H$15%)*D35)) -> 0 | I35: =D35*Houses!$N$24 -> 0 | J35: =I35-(E35+G35) -> 0 | K35: =IF(D35=0,0,(IF((ISERROR(($N$24-$O$24)/F35)),0,($N$24-$O$24)/F35)-1)) -> 0 | M35: Purchase | N35: =IF(N33>N34,N33-N34,0) -> 0 | O35: =N35*Houses!N24 -> 0 | P35: =IF(ISERROR(O35/N35),0,O35/N35) -> 0
B36: Q2 | D36: =((70*((100+'General information'!$H$8+'General information'!$H$9+'General information'!$H$10)-'General information'!D8)/100)*C36)/100 -> 0 | E36: =C36*'General information'!$C$2 -> 0 | F36: =IF(ISERROR(E36/D36),0,E36/D36) -> 0 | G36: =IF(D36=0,0,(($N$24*'General information'!$H$15%)*D36)) -> 0 | I36: =D36*Houses!$N$24 -> 0 | J36: =I36-(E36+G36) -> 0 | K36: =IF(D36=0,0,(IF((ISERROR(($N$24-$O$24)/F36)),0,($N$24-$O$24)/F36)-1)) -> 0 | M36: Surplus / Shortage | N36: =N34-N33 -> 0 | O36: =N36*Houses!N24 -> 0 | P36: =IF(ISERROR(O36/N36),0,O36/N36) -> 0
B37: Q3 | D37: =((125*((100+'General information'!$H$8+'General information'!$H$9+'General information'!$H$10)-'General information'!D8)/100)*C37)/100 -> 0 | E37: =C37*'General information'!$C$2 -> 0 | F37: =IF(ISERROR(E37/D37),0,E37/D37) -> 0 | G37: =IF(D37=0,0,(($N$24*'General information'!$H$15%)*D37)) -> 0 | I37: =D37*Houses!$N$24 -> 0 | J37: =I37-(E37+G37) -> 0 | K37: =IF(D37=0,0,(IF((ISERROR(($N$24-$O$24)/F37)),0,($N$24-$O$24)/F37)-1)) -> 0
B38: Q4 | D38: =((175*((100+'General information'!$H$8+'General information'!$H$9+'General information'!$H$10)-'General information'!D8)/100)*C38)/100 -> 0 | E38: =C38*'General information'!$C$2 -> 0 | F38: =IF(ISERROR(E38/D38),0,E38/D38) -> 0 | G38: =IF(D38=0,0,(($N$24*'General information'!$H$15%)*D38)) -> 0 | I38: =D38*Houses!$N$24 -> 0 | J38: =I38-(E38+G38) -> 0 | K38: =IF(D38=0,0,(IF((ISERROR(($N$24-$O$24)/F38)),0,($N$24-$O$24)/F38)-1)) -> 0
B39: Q5 | D39: =((250*((100+'General information'!$H$8+'General information'!$H$9+'General information'!$H$10)-'General information'!D8)/100)*C39)/100 -> 0 | E39: =C39*'General information'!$C$2 -> 0 | F39: =IF(ISERROR(E39/D39),0,E39/D39) -> 0 | G39: =IF(D39=0,0,(($N$24*'General information'!$H$15%)*D39)) -> 0 | I39: =D39*Houses!$N$24 -> 0 | J39: =I39-(E39+G39) -> 0 | K39: =IF(D39=0,0,(IF((ISERROR(($N$24-$O$24)/F39)),0,($N$24-$O$24)/F39)-1)) -> 0
B40: Total | C40: - | D40: =SUM(D35:D39) -> 0 | E40: =SUM(E35:E39) -> 0 | F40: =IF(ISERROR(E40/D40),0,E40/D40) -> 0 | G40: =IF(ISERROR(F40/E40),0,F40/E40) -> 0 | I40: =SUM(I35:I39) -> 0 | J40: =SUM(J35:J39) -> 0

Sheet Weapons
B2: Holding 1
B3: Weapons | C3: Manager | D3: Employees | E3: Production | F3: Raw/Day | G3: Total Salaries | H3: Manager Tax | I3: Raw Material Cost | J3: Total Cost - Without Taxes | K3: Unit Cost - Without Taxes | L3: Unit Cost - With Taxes | M3: Revenue | N3: Profit/Loss | O3: % Profit/Loss Per Weapon
B4: Quality
B5: Q1 | E5: =(10*((100+'General information'!$G$22+'General information'!$G$23+'General information'!$G$24)-'General information'!C23)/100)*(D5+C5) -> 0 | F5: =(E5*10)/100 -> 0 | G5: =D5*'General information'!$C$2 -> 0 | H5: =(('General information'!$E$32*C5)*0.8+('General information'!$E$34*C5)*0.2) -> 0 | I5: =F5*Weapons!$P$28 -> 0 | J5: =(G5+I5+H5) -> 0 | K5: =IF(ISERROR((J5/E5)),0,((J5/E5))) -> 0 | L5: =IF(E5=0,0,K5+P5) -> 0 | M5: =(E5*($P$29-$Q$29)) -> 0 | N5: =M5-J5 -> 0 | O5: =IF(E5=0,0,(IF((ISERROR(($P$29-$Q$29)/K5)),0,($P$29-$Q$29)/K5)-1)) -> 0
B6: Q2 | E6: =(10*((100+'General information'!$G$22+'General information'!$G$23+'General information'!$G$24)-'General information'!C24)/100)*(D6+C6) -> 0 | F6: =(E6*20)/100 -> 0 | G6: =D6*'General information'!$C$2 -> 0 | H6: =(('General information'!$E$32*C6)*0.8+('General information'!$E$34*C6)*0.2) -> 0 | I6: =F6*Weapons!$P$28 -> 0 | J6: =(G6+I6+H6) -> 0 | K6: =IF(ISERROR((J6/E6)),0,((J6/E6))) -> 0 | L6: =IF(E6=0,0,K6+P6) -> 0 | M6: =(E6*($P$30-$Q$30)) -> 0 | N6: =M6-J6 -> 0 | O6: =IF(E6=0,0,(IF((ISERROR(($P$30-$Q$30)/K6)),0,($P$30-$Q$30)/K6)-1)) -> 0
B7: Q3 | E7: =(10*((100+'General information'!$G$22+'General information'!$G$23+'General information'!$G$24)-'General information'!C25)/100)*(D7+C7) -> 0 | F7: =(E7*30)/100 -> 0 | G7: =D7*'General information'!$C$2 -> 0 | H7: =(('General information'!$E$32*C7)*0.8+('General information'!$E$34*C7)*0.2) -> 0 | I7: =F7*Weapons!$P$28 -> 0 | J7: =(G7+I7+H7) -> 0 | K7: =IF(ISERROR((J7/E7)),0,((J7/E7))) -> 0 | L7: =IF(E7=0,0,K7+P7) -> 0 | M7: =(E7*($P$31-$Q$31)) -> 0 | N7: =M7-J7 -> 0 | O7: =IF(E7=0,0,(IF((ISERROR(($P$31-$Q$31)/K7)),0,($P$31-$Q$31)/K7)-1)) -> 0
B8: Q4 | E8: =(10*((100+'General information'!$G$22+'General information'!$G$23+'General information'!$G$24)-'General information'!C26)/100)*(D8+C8) -> 0 | F8: =(E8*40)/100 -> 0 | G8: =D8*'General information'!$C$2 -> 0 | H8: =(('General information'!$E$32*C8)*0.8+('General information'!$E$34*C8)*0.2) -> 0 | I8: =F8*Weapons!$P$28 -> 0 | J8: =(G8+I8+H8) -> 0 | K8: =IF(ISERROR((J8/E8)),0,((J8/E8))) -> 0 | L8: =IF(E8=0,0,K8+P8) -> 0 | M8: =(E8*($P$32-$Q$32)) -> 0 | N8: =M8-J8 -> 0 | O8: =IF(E8=0,0,(IF((ISERROR(($P$32-$Q$32)/K8)),0,($P$32-$Q$32)/K8)-1)) -> 0
B9: Q5 | E9: =(10*((100+'General information'!$G$22+'General information'!$G$23+'General information'!$G$24)-'General information'!C27)/100)*(D9+C9) -> 0 | F9: =(E9*50)/100 -> 0 | G9: =D9*'General information'!$C$2 -> 0 | H9: =(('General information'!$E$32*C9)*0.8+('General information'!$E$34*C9)*0.2) -> 0 | I9: =F9*Weapons!$P$28 -> 0 | J9: =(G9+I9+H9) -> 0 | K9: =IF(ISERROR((J9/E9)),0,((J9/E9))) -> 0 | L9: =IF(E9=0,0,K9+P9) -> 0 | M9: =(E9*($P$33-$Q$33)) -> 0 | N9: =M9-J9 -> 0 | O9: =IF(E9=0,0,(IF((ISERROR(($P$33-$Q$33)/K9)),0,($P$33-$Q$33)/K9)-1)) -> 0
B10: Q6 | E10: =(10*((100+'General information'!$G$22+'General information'!$G$23+'General information'!$G$24)-'General information'!C28)/100)*(D10+C10) -> 0 | F10: =(E10*60)/100 -> 0 | G10: =D10*'General information'!$C$2 -> 0 | H10: =(('General information'!$E$32*C10)*0.8+('General information'!$E$34*C10)*0.2) -> 0 | I10: =F10*Weapons!$P$28 -> 0 | J10: =(G10+I10+H10) -> 0 | K10: =IF(ISERROR((J10/E10)),0,((J10/E10))) -> 0 | L10: =IF(E10=0,0,K10+P10) -> 0 | M10: =(E10*($P$34-$Q$34)) -> 0 | N10: =M10-J10 -> 0 | O10: =IF(E10=0,0,(IF((ISERROR(($P$34-$Q$34)/K10)),0,($P$34-$Q$34)/K10)-1)) -> 0
B11: Q7 | E11: =(10*((100+'General information'!$G$22+'General information'!$G$23+'General information'!$G$24)-'General information'!C29)/100)*(D11+C11) -> 0 | F11: =(E11*200)/100 -> 0 | G11: =D11*'General information'!$C$2 -> 0 | H11: =(('General information'!$E$32*C11)*0.8+('General information'!$E$34*C11)*0.2) -> 0 | I11: =F11*Weapons!$P$28 -> 0 | J11: =(G11+I11+H11) -> 0 | K11: =IF(ISERROR((J11/E11)),0,((J11/E11))) -> 0 | L11: =IF(E11=0,0,K11+P11) -> 0 | M11: =(E11*($P$35-$Q$35)) -> 0 | N11: =M11-J11 -> 0 | O11: =IF(E11=0,0,(IF((ISERROR(($P$35-$Q$35)/K11)),0,($P$35-$Q$35)/K11)-1)) -> 0
B12: Total | F12: =SUM(F5:F11) -> 0 | G12: =SUM(G5:G11) -> 0 | H12: =SUM(H5:H11) -> 0 | I12: =SUM(I5:I11) -> 0 | J12: =SUM(J5:J11) -> 0 | M12: =SUM(M5:M11) -> 0 | N12: =SUM(N5:N11) -> 0
B14: Holding 2
B15: Weapons | C15: Manager | D15: Employees | E15: Production | F15: Raw/Day | G15: Total Salaries | H15: Manager Tax | I15: Raw Material Cost | J15: Total Cost - Without Taxes | K15: Unit Cost - Without Taxes | L15: Unit Cost - With Taxes | M15: Revenue | N15: Profit/Loss | O15: % Profit/Loss Per Weapon
B16: Quality
B17: Q1 | E17: =(10*((100+'General information'!$H$22+'General information'!$H$23+'General information'!$H$24)-'General information'!D23)/100)*(D17+C17) -> 0 | F17: =(E17*10)/100 -> 0 | G17: =D17*'General information'!$C$2 -> 0 | H17: =(('General information'!$E$33*C17)*0.8+('General information'!$E$34*C17)*0.2) -> 0 | I17: =F17*Weapons!$P$28 -> 0 | J17: =(G17+I17+H17) -> 0 | K17: =IF(ISERROR((J17/E17)),0,((J17/E17))) -> 0 | L17: =IF(E17=0,0,K17+Q29) -> 0 | M17: =(E17*($P$29-$Q$29)) -> 0 | N17: =M17-J17 -> 0 | O17: =IF(E17=0,0,(IF((ISERROR(($P$29-$Q$29)/K17)),0,($P$29-$Q$29)/K17)-1)) -> 0
B18: Q2 | E18: =(10*((100+'General information'!$H$22+'General information'!$H$23+'General information'!$H$24)-'General information'!D24)/100)*(D18+C18) -> 0 | F18: =(E18*20)/100 -> 0 | G18: =D18*'General information'!$C$2 -> 0 | H18: =(('General information'!$E$33*C18)*0.8+('General information'!$E$34*C18)*0.2) -> 0 | I18: =F18*Weapons!$P$28 -> 0 | J18: =(G18+I18+H18) -> 0 | K18: =IF(ISERROR((J18/E18)),0,((J18/E18))) -> 0 | L18: =IF(E18=0,0,K18+Q30) -> 0 | M18: =(E18*($P$30-$Q$30)) -> 0 | N18: =M18-J18 -> 0 | O18: =IF(E18=0,0,(IF((ISERROR(($P$30-$Q$30)/K18)),0,($P$30-$Q$30)/K18)-1)) -> 0
B19: Q3 | E19: =(10*((100+'General information'!$H$22+'General information'!$H$23+'General information'!$H$24)-'General information'!D25)/100)*(D19+C19) -> 0 | F19: =(E19*30)/100 -> 0 | G19: =D19*'General information'!$C$2 -> 0 | H19: =(('General information'!$E$33*C19)*0.8+('General information'!$E$34*C19)*0.2) -> 0 | I19: =F19*Weapons!$P$28 -> 0 | J19: =(G19+I19+H19) -> 0 | K19: =IF(ISERROR((J19/E19)),0,((J19/E19))) -> 0 | L19: =IF(E19=0,0,K19+Q31) -> 0 | M19: =(E19*($P$31-$Q$31)) -> 0 | N19: =M19-J19 -> 0 | O19: =IF(E19=0,0,(IF((ISERROR(($P$31-$Q$31)/K19)),0,($P$31-$Q$31)/K19)-1)) -> 0
B20: Q4 | E20: =(10*((100+'General information'!$H$22+'General information'!$H$23+'General information'!$H$24)-'General information'!D26)/100)*(D20+C20) -> 0 | F20: =(E20*40)/100 -> 0 | G20: =D20*'General information'!$C$2 -> 0 | H20: =(('General information'!$E$33*C20)*0.8+('General information'!$E$34*C20)*0.2) -> 0 | I20: =F20*Weapons!$P$28 -> 0 | J20: =(G20+I20+H20) -> 0 | K20: =IF(ISERROR((J20/E20)),0,((J20/E20))) -> 0 | L20: =IF(E20=0,0,K20+Q32) -> 0 | M20: =(E20*($P$32-$Q$32)) -> 0 | N20: =M20-J20 -> 0 | O20: =IF(E20=0,0,(IF((ISERROR(($P$32-$Q$32)/K20)),0,($P$32-$Q$32)/K20)-1)) -> 0
B21: Q5 | E21: =(10*((100+'General information'!$H$22+'General information'!$H$23+'General information'!$H$24)-'General information'!D27)/100)*(D21+C21) -> 0 | F21: =(E21*50)/100 -> 0 | G21: =D21*'General information'!$C$2 -> 0 | H21: =(('General information'!$E$33*C21)*0.8+('General information'!$E$34*C21)*0.2) -> 0 | I21: =F21*Weapons!$P$28 -> 0 | J21: =(G21+I21+H21) -> 0 | K21: =IF(ISERROR((J21/E21)),0,((J21/E21))) -> 0 | L21: =IF(E21=0,0,K21+Q33) -> 0 | M21: =(E21*($P$33-$Q$33)) -> 0 | N21: =M21-J21 -> 0 | O21: =IF(E21=0,0,(IF((ISERROR(($P$33-$Q$33)/K21)),0,($P$33-$Q$33)/K21)-1)) -> 0
B22: Q6 | E22: =(10*((100+'General information'!$H$22+'General information'!$H$23+'General information'!$H$24)-'General information'!D28)/100)*(D22+C22) -> 0 | F22: =(E22*60)/100 -> 0 | G22: =D22*'General information'!$C$2 -> 0 | H22: =(('General information'!$E$33*C22)*0.8+('General information'!$E$34*C22)*0.2) -> 0 | I22: =F22*Weapons!$P$28 -> 0 | J22: =(G22+I22+H22) -> 0 | K22: =IF(ISERROR((J22/E22)),0,((J22/E22))) -> 0 | L22: =IF(E22=0,0,K22+Q34) -> 0 | M22: =(E22*($P$34-$Q$34)) -> 0 | N22: =M22-J22 -> 0 | O22: =IF(E22=0,0,(IF((ISERROR(($P$34-$Q$34)/K22)),0,($P$34-$Q$34)/K22)-1)) -> 0
B23: Q7 | E23: =(10*((100+'General information'!$H$22+'General information'!$H$23+'General information'!$H$24)-'General information'!D29)/100)*(D23+C23) -> 0 | F23: =(E23*200)/100 -> 0 | G23: =D23*'General information'!$C$2 -> 0 | H23: =(('General information'!$E$33*C23)*0.8+('General information'!$E$34*C23)*0.2) -> 0 | I23: =F23*Weapons!$P$28 -> 0 | J23: =(G23+I23+H23) -> 0 | K23: =IF(ISERROR((J23/E23)),0,((J23/E23))) -> 0 | L23: =IF(E23=0,0,K23+Q35) -> 0 | M23: =(E23*($P$35-$Q$35)) -> 0 | N23: =M23-J23 -> 0 | O23: =IF(E23=0,0,(IF((ISERROR(($P$35-$Q$35)/K23)),0,($P$35-$Q$35)/K23)-1)) -> 0
B24: Total | F24: =SUM(F17:F23) -> 0 | G24: =SUM(G17:G23) -> 0 | H24: =SUM(H17:H23) -> 0 | I24: =SUM(I17:I23) -> 0 | J24: =SUM(J17:J23) -> 0 | M24: =SUM(M17:M23) -> 0 | N24: =SUM(N17:N23) -> 0
B26: Holding 1 | O26: Stock - Weapons
B27: Raw Material | C27: Manager | D27: Employees | E27: Production | F27: Manager Tax | G27: Total Salaries | H27: Total Cost - Without Taxes | I27: Unit Cost - Without Taxes | J27: Export Tax | K27: Revenue | L27: Profit/Loss | M27: % Profit/Loss | O27: Quality | P27: Avg Price | Q27: Tax | R27: Amount | S27: Gross Value | T27: Total Tax | U27: Net Total
B28: Quality | O28: Raw | P28: =AVERAGE(WRM_Offers[gross]) -> 28.506 | Q28: =IF(F24=0,0,(($P$28*'General information'!H34%))) -> 0 | S28: =P28*R28 -> 0 | T28: =IF(R28=0,0,((Weapons!$P$28*'General information'!$H$34%)*R28)) -> 0 | U28: =S28-T28 -> 0
B29: Q1 | E29: =((35*((100+'General information'!$G$22+'General information'!$G$23+'General information'!$G$24)-'General information'!$C$22)/100)*(D29+C29))/100 -> 0 | F29: =((C29*'General information'!$E$32)*0.8+(C29*'General information'!$E$34)*0.2) -> 0 | G29: =D29*'General information'!$C$2 -> 0 | H29: =F29+G29 -> 0 | I29: =IF(ISERROR(H29/E29),0,H29/E29) -> 0 | J29: =IF(E29=0,0,((Weapons!$P$28*'General information'!$H$34%)*E29)) -> 0 | K29: =E29*(Weapons!$P$28-$Q$28) -> 0 | L29: =K29-H29 -> 0 | M29: =IFERROR(IF(ISERROR(K29/H29),0,(K29/H29))-IF((K29/H29)<0,0,1),0) -> 0 | O29: Q1 | P29: =AVERAGE(WQ1_Offers[gross]) -> 1.7276667 | Q29: =(P29*'General information'!$H$33%)+(P29*'General information'!$H$34%) -> 0.017276667 | S29: =P29*R29 -> 0 | T29: =((P29*'General information'!$H$33%)+(P29*'General information'!$H$34%)*R29) -> 0.017276667 | U29: =S29-T29 -> -0.017276667
B30: Q2 | E30: =((70*((100+'General information'!$G$22+'General information'!$G$23+'General information'!$G$24)-'General information'!$C$22)/100)*(D30+C30))/100 -> 0 | F30: =((C30*'General information'!$E$32)*0.8+(C30*'General information'!$E$34)*0.2) -> 0 | G30: =D30*'General information'!$C$2 -> 0 | H30: =F30+G30 -> 0 | I30: =IF(ISERROR(H30/E30),0,H30/E30) -> 0 | J30: =IF(E30=0,0,((Weapons!$P$28*'General information'!$H$34%)*E30)) -> 0 | K30: =E30*(Weapons!$P$28-$Q$28) -> 0 | L30: =K30-H30 -> 0 | M30: =IFERROR(IF(ISERROR(K30/H30),0,(K30/H30))-IF((K30/H30)<0,0,1),0) -> 0 | O30: Q2 | P30: =AVERAGE(WQ2_Offers[gross]) -> 3.6583333 | Q30: =(P30*'General information'!$H$33%)+(P30*'General information'!$H$34%) -> 0.036583333 | S30: =P30*R30 -> 0 | T30: =((P30*'General information'!$H$33%)+(P30*'General information'!$H$34%)*R30) -> 0.036583333 | U30: =S30-T30 -> -0.036583333
B31: Q3 | E31: =((125*((100+'General information'!$G$22+'General information'!$G$23+'General information'!$G$24)-'General information'!$C$22)/100)*(D31+C31))/100 -> 0 | F31: =((C31*'General information'!$E$32)*0.8+(C31*'General information'!$E$34)*0.2) -> 0 | G31: =D31*'General information'!$C$2 -> 0 | H31: =F31+G31 -> 0 | I31: =IF(ISERROR(H31/E31),0,H31/E31) -> 0 | J31: =IF(E31=0,0,((Weapons!$P$28*'General information'!$H$34%)*E31)) -> 0 | K31: =E31*(Weapons!$P$28-$Q$28) -> 0 | L31: =K31-H31 -> 0 | M31: =IFERROR(IF(ISERROR(K31/H31),0,(K31/H31))-IF((K31/H31)<0,0,1),0) -> 0 | O31: Q3 | P31: =AVERAGE(WQ3_Offers[gross]) -> 5.5623333 | Q31: =(P31*'General information'!$H$33%)+(P31*'General information'!$H$34%) -> 0.055623333 | S31: =P31*R31 -> 0 | T31: =((P31*'General information'!$H$33%)+(P31*'General information'!$H$34%)*R31) -> 0.055623333 | U31: =S31-T31 -> -0.055623333
B32: Q4 | E32: =((175*((100+'General information'!$G$22+'General information'!$G$23+'General information'!$G$24)-'General information'!$C$22)/100)*(D32+C32))/100 -> 0 | F32: =((C32*'General information'!$E$32)*0.8+(C32*'General information'!$E$34)*0.2) -> 0 | G32: =D32*'General information'!$C$2 -> 0 | H32: =F32+G32 -> 0 | I32: =IF(ISERROR(H32/E32),0,H32/E32) -> 0 | J32: =IF(E32=0,0,((Weapons!$P$28*'General information'!$H$34%)*E32)) -> 0 | K32: =E32*(Weapons!$P$28-$Q$28) -> 0 | L32: =K32-H32 -> 0 | M32: =IFERROR(IF(ISERROR(K32/H32),0,(K32/H32))-IF((K32/H32)<0,0,1),0) -> 0 | O32: Q4 | P32: =AVERAGE(WQ4_Offers[gross]) -> 10.972333 | Q32: =(P32*'General information'!$H$33%)+(P32*'General information'!$H$34%) -> 0.10972333 | S32: =P32*R32 -> 0 | T32: =((P32*'General information'!$H$33%)+(P32*'General information'!$H$34%)*R32) -> 0.10972333 | U32: =S32-T32 -> -0.10972333
B33: Q5 | E33: =((250*((100+'General information'!$G$22+'General information'!$G$23+'General information'!$G$24)-'General information'!$C$22)/100)*(D33+C33))/100 -> 0 | F33: =((C33*'General information'!$E$32)*0.8+(C33*'General information'!$E$34)*0.2) -> 0 | G33: =D33*'General information'!$C$2 -> 0 | H33: =F33+G33 -> 0 | I33: =IF(ISERROR(H33/E33),0,H33/E33) -> 0 | J33: =IF(E33=0,0,((Weapons!$P$28*'General information'!$H$34%)*E33)) -> 0 | K33: =E33*(Weapons!$P$28-$Q$28) -> 0 | L33: =K33-H33 -> 0 | M33: =IFERROR(IF(ISERROR(K33/H33),0,(K33/H33))-IF((K33/H33)<0,0,1),0) -> 0 | O33: Q5 | P33: =AVERAGE(WQ5_Offers[gross]) -> 31.913 | Q33: =(P33*'General information'!$H$33%)+(P33*'General information'!$H$34%) -> 0.31913 | S33: =P33*R33 -> 0 | T33: =((P33*'General information'!$H$33%)+(P33*'General information'!$H$34%)*R33) -> 0.31913 | U33: =S33-T33 -> -0.31913
B34: Total | E34: =SUM(E29:E33) -> 0 | F34: =SUM(F29:F33) -> 0 | G34: =SUM(G29:G33) -> 0 | H34: =SUM(H29:H33) -> 0 | I34: =IF(ISERROR(H34/E34),0,H34/E34) -> 0 | J34: =SUM(J29:J33) -> 0 | K34: =SUM(K29:K33) -> 0 | L34: =SUM(L29:L33) -> 0 | O34: Q6 | P34: =AVERAGE(WQ6_Offers[gross]) -> 41.617667 | Q34: =(P34*'General information'!$H$33%)+(P34*'General information'!$H$34%) -> 0.41617667 | S34: =P34*R34 -> 0 | T34: =((P34*'General information'!$H$33%)+(P34*'General information'!$H$34%)*R34) -> 0.41617667 | U34: =S34-T34 -> -0.41617667
O35: Q7 | P35: =AVERAGE(WQ7_Offers[gross]) -> 78.904667 | Q35: =(P35*'General information'!$H$33%)+(P35*'General information'!$H$34%) -> 0.78904667 | S35: =P35*R35 -> 0 | T35: =((P35*'General information'!$H$33%)+(P35*'General information'!$H$34%)*R35) -> 0.78904667 | U35: =S35-T35 -> -0.78904667
B36: Holding 2 | Q36: =SUM(Q28:Q35) -> 1.74356 | S36: =SUM(S28:S35) -> 0 | T36: =SUM(T28:T35) -> 1.74356 | U36: =SUM(U28:U35) -> -1.74356
B37: Raw Material | C37: Manager | D37: Employees | E37: Production | F37: Manager Tax | G37: Total Salaries | H37: Total Cost - Without Taxes | I37: Unit Cost - Without Taxes | J37: Export Tax | K37: Revenue | L37: Profit/Loss | M37: % Profit/Loss
B38: Quality | P38: Raw | Q38: Cost | R38: Average Cost
B39: Q1 | E39: =((35*((100+'General information'!$H$22+'General information'!$H$23+'General information'!$H$24)-'General information'!$D$22)/100)*(D39+C39))/100 -> 0 | F39: =((C39*'General information'!$E$33)*0.8+(C39*'General information'!$E$34)*0.2) -> 0 | G39: =D39*'General information'!$C$2 -> 0 | H39: =F39+G39 -> 0 | I39: =IF(ISERROR(H39/E39),0,H39/E39) -> 0 | J39: =IF(E39=0,0,((Weapons!$P$28*'General information'!$H$34%)*E39)) -> 0 | K39: =E39*(Weapons!$P$28-$Q$28) -> 0 | L39: =K39-H39 -> 0 | M39: =IFERROR(IF(ISERROR(K39/H39),0,(K39/H39))-IF((K39/H39)<0,0,1),0) -> 0 | O39: Daily use | P39: =F12+F24 -> 0 | Q39: =Q40+Q41 -> 0 | R39: =IF(P39>P40,R40/2+R41/2,R40) -> 0
B40: Q2 | E40: =((70*((100+'General information'!$H$22+'General information'!$H$23+'General information'!$H$24)-'General information'!$D$22)/100)*(D40+C40))/100 -> 0 | F40: =((C40*'General information'!$E$33)*0.8+(C40*'General information'!$E$34)*0.2) -> 0 | G40: =D40*'General information'!$C$2 -> 0 | H40: =F40+G40 -> 0 | I40: =IF(ISERROR(H40/E40),0,H40/E40) -> 0 | J40: =IF(E40=0,0,((Weapons!$P$28*'General information'!$H$34%)*E40)) -> 0 | K40: =E40*(Weapons!$P$28-$Q$28) -> 0 | L40: =K40-H40 -> 0 | M40: =IFERROR(IF(ISERROR(K40/F40),0,(K40/F40))-IF((K40/F40)<0,0,1),0) -> 0 | O40: Production | P40: =E34+E44 -> 0 | Q40: =P40*(I34+I44) -> 0 | R40: =IF(ISERROR(Q40/P40),0,Q40/P40) -> 0
B41: Q3 | E41: =((125*((100+'General information'!$H$22+'General information'!$H$23+'General information'!$H$24)-'General information'!$D$22)/100)*(D41+C41))/100 -> 0 | F41: =((C41*'General information'!$E$33)*0.8+(C41*'General information'!$E$34)*0.2) -> 0 | G41: =D41*'General information'!$C$2 -> 0 | H41: =F41+G41 -> 0 | I41: =IF(ISERROR(H41/E41),0,H41/E41) -> 0 | J41: =IF(E41=0,0,((Weapons!$P$28*'General information'!$H$34%)*E41)) -> 0 | K41: =E41*(Weapons!$P$28-$Q$28) -> 0 | L41: =K41-H41 -> 0 | M41: =IFERROR(IF(ISERROR(K41/F41),0,(K41/F41))-IF((K41/F41)<0,0,1),0) -> 0 | O41: Purchase | P41: =IF(P39>P40,P39-P40,0) -> 0 | Q41: =P41*Weapons!P28 -> 0 | R41: =IF(ISERROR(Q41/P41),0,Q41/P41) -> 0
B42: Q4 | E42: =((175*((100+'General information'!$H$22+'General information'!$H$23+'General information'!$H$24)-'General information'!$D$22)/100)*(D42+C42))/100 -> 0 | F42: =((C42*'General information'!$E$33)*0.8+(C42*'General information'!$E$34)*0.2) -> 0 | G42: =D42*'General information'!$C$2 -> 0 | H42: =F42+G42 -> 0 | I42: =IF(ISERROR(H42/E42),0,H42/E42) -> 0 | J42: =IF(E42=0,0,((Weapons!$P$28*'General information'!$H$34%)*E42)) -> 0 | K42: =E42*(Weapons!$P$28-$Q$28) -> 0 | L42: =K42-H42 -> 0 | M42: =IFERROR(IF(ISERROR(K42/F42),0,(K42/F42))-IF((K42/F42)<0,0,1),0) -> 0 | O42: Surplus / Shortage | P42: =P40-P39 -> 0 | Q42: =P42*P28 -> 0 | R42: =IF(ISERROR(Q42/P42),0,Q42/P42) -> 0
B43: Q5 | E43: =((250*((100+'General information'!$H$22+'General information'!$H$23+'General information'!$H$24)-'General information'!$D$22)/100)*(D43+C43))/100 -> 0 | F43: =((C43*'General information'!$E$33)*0.8+(C43*'General information'!$E$34)*0.2) -> 0 | G43: =D43*'General information'!$C$2 -> 0 | H43: =F43+G43 -> 0 | I43: =IF(ISERROR(H43/E43),0,H43/E43) -> 0 | J43: =IF(E43=0,0,((Weapons!$P$28*'General information'!$H$34%)*E43)) -> 0 | K43: =E43*(Weapons!$P$28-$Q$28) -> 0 | L43: =K43-H43 -> 0 | M43: =IFERROR(IF(ISERROR(K43/H43),0,(K43/H43))-IF((K43/H43)<0,0,1),0) -> 0
B44: Total | E44: =SUM(E39:E43) -> 0 | F44: =SUM(F39:F43) -> 0 | G44: =SUM(G39:G43) -> 0 | H44: =SUM(H39:H43) -> 0 | I44: =IF(ISERROR(H44/E44),0,H44/E44) -> 0 | J44: =SUM(J39:J43) -> 0 | K44: =SUM(K39:K43) -> 0 | L44: =SUM(L39:L43) -> 0

Sheet Airplanes
B2: Holding 1
B3: Airplanes | C3: Employees | D3: Production | E3: Raw/Day | F3: Total Salaries | G3: Raw Material Cost | H3: Total Cost - Without Taxes | I3: Unit Cost - Without Taxes | J3: Unit Cost - With Taxes | K3: Revenue | L3: Profit/Loss | M3: % Profit/Loss Per Airplane
B4: Quality
B5: Q1 | D5: =(5*((100+'General information'!$O$8+'General information'!$O$9+'General information'!$O$10)-'General information'!K9)/100)*C5 -> 0 | E5: =(D5*20)/100 -> 0 | F5: =C5*'General information'!$C$2 -> 0 | G5: =E5*Airplanes!$M$24 -> 0 | H5: =F5+G5 -> 0 | I5: =IFERROR((H5)/D5,0) -> 0 | J5: =IF(D5=0,0,I5+$N$25) -> 0 | K5: =($M$25-$N$25)*D5 -> 0 | L5: =K5-H5 -> 0 | M5: =IFERROR((IF(ISERROR(($M$25-$N$25)/I5),0,(($M$25-$N$25)/I5))-IF((($M$25-$N$25)/I5)<0,0,1)),0) -> 0
B6: Q2 | D6: =(5*((100+'General information'!$O$8+'General information'!$O$9+'General information'!$O$10)-'General information'!K10)/100)*C6 -> 0 | E6: =(D6*40)/100 -> 0 | F6: =C6*'General information'!$C$2 -> 0 | G6: =E6*Airplanes!$M$24 -> 0 | H6: =F6+G6 -> 0 | I6: =IFERROR((H6)/D6,0) -> 0 | J6: =IF(D6=0,0,I6+$N$26) -> 0 | K6: =($M$26-$N$26)*D6 -> 0 | L6: =K6-H6 -> 0 | M6: =IFERROR((IF(ISERROR(($M$26-$N$26)/I6),0,(($M$26-$N$26)/I6))-IF((($M$26-$N$26)/I6)<0,0,1)),0) -> 0
B7: Q3 | D7: =(5*((100+'General information'!$O$8+'General information'!$O$9+'General information'!$O$10)-'General information'!K11)/100)*C7 -> 0 | E7: =(D7*60)/100 -> 0 | F7: =C7*'General information'!$C$2 -> 0 | G7: =E7*Airplanes!$M$24 -> 0 | H7: =F7+G7 -> 0 | I7: =IFERROR((H7)/D7,0) -> 0 | J7: =IF(D7=0,0,I7+$N$27) -> 0 | K7: =($M$27-$N$27)*D7 -> 0 | L7: =K7-H7 -> 0 | M7: =IFERROR((IF(ISERROR(($M$27-$N$27)/I7),0,(($M$27-$N$27)/I7))-IF((($M$27-$N$27)/I7)<0,0,1)),0) -> 0
B8: Q4 | D8: =(5*((100+'General information'!$O$8+'General information'!$O$9+'General information'!$O$10)-'General information'!K12)/100)*C8 -> 0 | E8: =(D8*80)/100 -> 0 | F8: =C8*'General information'!$C$2 -> 0 | G8: =E8*Airplanes!$M$24 -> 0 | H8: =F8+G8 -> 0 | I8: =IFERROR((H8)/D8,0) -> 0 | J8: =IF(D8=0,0,I8+$N$28) -> 0 | K8: =($M$28-$N$28)*D8 -> 0 | L8: =K8-H8 -> 0 | M8: =IFERROR((IF(ISERROR(($M$28-$N$28)/I8),0,(($M$28-$N$28)/I8))-IF((($M$28-$N$28)/I8)<0,0,1)),0) -> 0
B9: Q5 | D9: =(5*((100+'General information'!$O$8+'General information'!$O$9+'General information'!$O$10)-'General information'!K13)/100)*C9 -> 0 | E9: =(D9*100)/100 -> 0 | F9: =C9*'General information'!$C$2 -> 0 | G9: =E9*Airplanes!$M$24 -> 0 | H9: =F9+G9 -> 0 | I9: =IFERROR((H9)/D9,0) -> 0 | J9: =IF(D9=0,0,I9+$N$29) -> 0 | K9: =($M$29-$N$29)*D9 -> 0 | L9: =K9-H9 -> 0 | M9: =IFERROR((IF(ISERROR(($M$29-$N$29)/I9),0,(($M$29-$N$29)/I9))-IF((($M$29-$N$29)/I9)<0,0,1)),0) -> 0
B10: Total | E10: =SUM(E5:E9) -> 0 | F10: =SUM(F5:F9) -> 0 | G10: =SUM(G5:G9) -> 0 | H10: =SUM(H5:H9) -> 0 | K10: =SUM(K5:K9) -> 0 | L10: =SUM(L5:L9) -> 0
B12: Holding 2
B13: Airplanes | C13: Employees | D13: Production | E13: Raw/Day | F13: Total Salaries | G13: Raw Material Cost | H13: Total Cost - Without Taxes | I13: Unit Cost - Without Taxes | J13: Unit Cost - With Taxes | K13: Revenue | L13: Profit/Loss | M13: % Profit/Loss Per Airplane
B14: Quality
B15: Q1 | D15: =(5*((100+'General information'!$P$8+'General information'!$P$9+'General information'!$P$10)-'General information'!L9)/100)*C15 -> 0 | E15: =(D15*20)/100 -> 0 | F15: =C15*'General information'!$C$2 -> 0 | G15: =E15*Airplanes!$M$24 -> 0 | H15: =F15+G15 -> 0 | I15: =IFERROR((H15)/D15,0) -> 0 | J15: =IF(D15=0,0,I15+$N$25) -> 0 | K15: =($M$25-$N$25)*D15 -> 0 | L15: =K15-H15 -> 0 | M15: =IFERROR((IF(ISERROR(($M$25-$N$25)/I15),0,(($M$25-$N$25)/I15))-IF((($M$25-$N$25)/I15)<0,0,1)),0) -> 0
B16: Q2 | D16: =(5*((100+'General information'!$P$8+'General information'!$P$9+'General information'!$P$10)-'General information'!L10)/100)*C16 -> 0 | E16: =(D16*40)/100 -> 0 | F16: =C16*'General information'!$C$2 -> 0 | G16: =E16*Airplanes!$M$24 -> 0 | H16: =F16+G16 -> 0 | I16: =IFERROR((H16)/D16,0) -> 0 | J16: =IF(D16=0,0,I16+$N$26) -> 0 | K16: =($M$26-$N$26)*D16 -> 0 | L16: =K16-H16 -> 0 | M16: =IFERROR((IF(ISERROR(($M$26-$N$26)/I16),0,(($M$26-$N$26)/I16))-IF((($M$26-$N$26)/I16)<0,0,1)),0) -> 0
B17: Q3 | D17: =(5*((100+'General information'!$P$8+'General information'!$P$9+'General information'!$P$10)-'General information'!L11)/100)*C17 -> 0 | E17: =(D17*60)/100 -> 0 | F17: =C17*'General information'!$C$2 -> 0 | G17: =E17*Airplanes!$M$24 -> 0 | H17: =F17+G17 -> 0 | I17: =IFERROR((H17)/D17,0) -> 0 | J17: =IF(D17=0,0,I17+$N$27) -> 0 | K17: =($M$27-$N$27)*D17 -> 0 | L17: =K17-H17 -> 0 | M17: =IFERROR((IF(ISERROR(($M$27-$N$27)/I17),0,(($M$27-$N$27)/I17))-IF((($M$27-$N$27)/I17)<0,0,1)),0) -> 0
B18: Q4 | D18: =(5*((100+'General information'!$P$8+'General information'!$P$9+'General information'!$P$10)-'General information'!L12)/100)*C18 -> 0 | E18: =(D18*80)/100 -> 0 | F18: =C18*'General information'!$C$2 -> 0 | G18: =E18*Airplanes!$M$24 -> 0 | H18: =F18+G18 -> 0 | I18: =IFERROR((H18)/D18,0) -> 0 | J18: =IF(D18=0,0,I18+$N$28) -> 0 | K18: =($M$28-$N$28)*D18 -> 0 | L18: =K18-H18 -> 0 | M18: =IFERROR((IF(ISERROR(($M$28-$N$28)/I18),0,(($M$28-$N$28)/I18))-IF((($M$28-$N$28)/I18)<0,0,1)),0) -> 0
B19: Q5 | D19: =(5*((100+'General information'!$P$8+'General information'!$P$9+'General information'!$P$10)-'General information'!L13)/100)*C19 -> 0 | E19: =(D19*100)/100 -> 0 | F19: =C19*'General information'!$C$2 -> 0 | G19: =E19*Airplanes!$M$24 -> 0 | H19: =F19+G19 -> 0 | I19: =IFERROR((H19)/D19,0) -> 0 | J19: =IF(D19=0,0,I19+$N$29) -> 0 | K19: =($M$29-$N$29)*D19 -> 0 | L19: =K19-H19 -> 0 | M19: =IFERROR((IF(ISERROR(($M$29-$N$29)/I19),0,(($M$29-$N$29)/I19))-IF((($M$29-$N$29)/I19)<0,0,1)),0) -> 0
B20: Total | E20: =SUM(E15:E19) -> 0 | F20: =SUM(F15:F19) -> 0 | G20: =SUM(G15:G19) -> 0 | H20: =SUM(H15:H19) -> 0 | K20: =SUM(K15:K19) -> 0 | L20: =SUM(L15:L19) -> 0
B22: Holding 1 | L22: Stock - Airplanes
B23: Raw Material | C23: Employees | D23: Production | E23: Total Salaries | F23: Unit Cost - Without Taxes | G23: Revenue | H23: Export Tax | I23: Profit/Loss | J23: % Profit/Loss | L23: Quality | M23: Avg Price | N23: Tax | O23: Amount | P23: Gross Value | Q23: Total Tax | R23: Net Total
B24: Quality | L24: Raw | M24: =AVERAGE(ARM_Offers[gross]) -> 1078.0683 | N24: =M24*'General information'!$P$15% -> 0 | P24: =M24*O24 -> 0 | Q24: =O24*N24 -> 0 | R24: =P24-Q24 -> 0
B25: Q1 | D25: =((35*((100+'General information'!$O$8+'General information'!$O$9+'General information'!$O$10)-'General information'!$K$8)/100)*C25)/100 -> 0 | E25: =C25*'General information'!$C$2 -> 0 | F25: =IF(ISERROR(E25/D25),0,E25/D25) -> 0 | G25: =D25*(Airplanes!$M$24-$N$24) -> 0 | H25: =IF(D25=0,0,(($M$24*'General information'!$P$15%)*D25)) -> 0 | I25: =G25-E25 -> 0 | J25: =IFERROR(IF(ISERROR(G25/((E25+H25))),0,(G25/(E25+H25)))-IF((G25/(E25+H25))<0,0,1),0) -> 0 | L25: Q1 | M25: =AVERAGE(AQ1_Offers[gross]) -> 691.714 | N25: =(M25*'General information'!$P$14%)+(M25*'General information'!$P$15%) -> 6.91714 | P25: =M25*O25 -> 0 | Q25: =((M25*'General information'!$P$14%)+(M25*'General information'!V36%))*O25 -> 0 | R25: =P25-Q25 -> 0
B26: Q2 | D26: =((70*((100+'General information'!$O$8+'General information'!$O$9+'General information'!$O$10)-'General information'!$K$8)/100)*C26)/100 -> 0 | E26: =C26*'General information'!$C$2 -> 0 | F26: =IF(ISERROR(E26/D26),0,E26/D26) -> 0 | G26: =D26*(Airplanes!$M$24-$N$24) -> 0 | H26: =IF(D26=0,0,(($M$24*'General information'!$P$15%)*D26)) -> 0 | I26: =G26-E26 -> 0 | J26: =IFERROR(IF(ISERROR(G26/((E26+H26))),0,(G26/(E26+H26)))-IF((G26/(E26+H26))<0,0,1),0) -> 0 | L26: Q2 | M26: =AVERAGE(AQ2_Offers[gross]) -> 934.142 | N26: =(M26*'General information'!$P$14%)+(M26*'General information'!$P$15%) -> 9.34142 | P26: =M26*O26 -> 0 | Q26: =((M26*'General information'!$P$14%)+(M26*'General information'!V37%))*O26 -> 0 | R26: =P26-Q26 -> 0
B27: Q3 | D27: =((125*((100+'General information'!$O$8+'General information'!$O$9+'General information'!$O$10)-'General information'!$K$8)/100)*C27)/100 -> 0 | E27: =C27*'General information'!$C$2 -> 0 | F27: =IF(ISERROR(E27/D27),0,E27/D27) -> 0 | G27: =D27*(Airplanes!$M$24-$N$24) -> 0 | H27: =IF(D27=0,0,(($M$24*'General information'!$P$15%)*D27)) -> 0 | I27: =G27-E27 -> 0 | J27: =IFERROR(IF(ISERROR(G27/((E27+H27))),0,(G27/(E27+H27)))-IF((G27/(E27+H27))<0,0,1),0) -> 0 | L27: Q3 | M27: =AVERAGE(AQ3_Offers[gross]) -> 1299.45 | N27: =(M27*'General information'!$P$14%)+(M27*'General information'!$P$15%) -> 12.9945 | P27: =M27*O27 -> 0 | Q27: =((M27*'General information'!$P$14%)+(M27*'General information'!V38%))*O27 -> 0 | R27: =P27-Q27 -> 0
B28: Q4 | D28: =((175*((100+'General information'!$O$8+'General information'!$O$9+'General information'!$O$10)-'General information'!$K$8)/100)*C28)/100 -> 0 | E28: =C28*'General information'!$C$2 -> 0 | F28: =IF(ISERROR(E28/D28),0,E28/D28) -> 0 | G28: =D28*(Airplanes!$M$24-$N$24) -> 0 | H28: =IF(D28=0,0,(($M$24*'General information'!$P$15%)*D28)) -> 0 | I28: =G28-E28 -> 0 | J28: =IFERROR(IF(ISERROR(G28/((E28+H28))),0,(G28/(E28+H28)))-IF((G28/(E28+H28))<0,0,1),0) -> 0 | L28: Q4 | M28: =AVERAGE(AQ4_Offers[gross]) -> 1433.7 | N28: =(M28*'General information'!$P$14%)+(M28*'General information'!$P$15%) -> 14.337 | P28: =M28*O28 -> 0 | Q28: =((M28*'General information'!$P$14%)+(M28*'General information'!V39%))*O28 -> 0 | R28: =P28-Q28 -> 0
B29: Q5 | D29: =((250*((100+'General information'!$O$8+'General information'!$O$9+'General information'!$O$10)-'General information'!$K$8)/100)*C29)/100 -> 0 | E29: =C29*'General information'!$C$2 -> 0 | F29: =IF(ISERROR(E29/D29),0,E29/D29) -> 0 | G29: =D29*(Airplanes!$M$24-$N$24) -> 0 | H29: =IF(D29=0,0,(($M$24*'General information'!$P$15%)*D29)) -> 0 | I29: =G29-E29 -> 0 | J29: =IFERROR(IF(ISERROR(G29/((E29+H29))),0,(G29/(E29+H29)))-IF((G29/(E29+H29))<0,0,1),0) -> 0 | L29: Q5 | M29: =AVERAGE(AQ5_Offers[gross]) -> 1728.03 | N29: =(M29*'General information'!$P$14%)+(M29*'General information'!$P$15%) -> 17.2803 | P29: =M29*O29 -> 0 | Q29: =((M29*'General information'!$P$14%)+(M29*'General information'!V40%))*O29 -> 0 | R29: =P29-Q29 -> 0
B30: Total | D30: =SUM(D25:D29) -> 0 | E30: =SUM(E25:E29) -> 0 | F30: =IF(ISERROR(E30/D30),0,E30/D30) -> 0 | G30: =SUM(G25:G29) -> 0 | H30: =SUM(H25:H29) -> 0 | I30: =SUM(I25:I29) -> 0 | N30: =SUM(N24:N29) -> 60.87036 | P30: =SUM(P24:P29) -> 0 | Q30: =SUM(Q24:Q29) -> 0 | R30: =SUM(R24:R29) -> 0
B32: Holding 2 | M32: Raw | N32: Cost | O32: Average Cost
B33: Raw Material | C33: Employees | D33: Production | E33: Total Salaries | F33: Unit Cost - Without Taxes | G33: Revenue | H33: Export Tax | I33: Profit/Loss | J33: % Profit/Loss | L33: Daily use | M33: =E10+E20 -> 0 | N33: =N34+N35 -> 0 | O33: =IF(M33>M34,(O34+O35)/(IF(O34=0,1,2)),O34) -> 0
B34: Quality | L34: Production | M34: =D30+D40 -> 0 | N34: =M34*(F30+F40)/2 -> 0 | O34: =IF(ISERROR(N34/M34),0,N34/M34) -> 0
B35: Q1 | D35: =((35*((100+'General information'!$P$8+'General information'!$P$9+'General information'!$P$10)-'General information'!$L$8)/100)*C35)/100 -> 0 | E35: =C35*'General information'!$C$2 -> 0 | F35: =IF(ISERROR(E35/D35),0,E35/D35) -> 0 | G35: =D35*Airplanes!$M$24 -> 0 | H35: =IF(D35=0,0,(($M$24*'General information'!$P$15%)*D35)) -> 0 | I35: =G35-(E35+H35) -> 0 | J35: =IFERROR(IF(ISERROR(G35/((E35+H35))),0,(G35/(E35+H35)))-IF((G35/(E35+H35))<0,0,1),0) -> 0 | L35: Purchase | M35: =IF(M33>M34,M33-M34,0) -> 0 | N35: =M35*M24 -> 0 | O35: =IF(ISERROR(N35/M35),0,N35/M35) -> 0
B36: Q2 | D36: =((70*((100+'General information'!$P$8+'General information'!$P$9+'General information'!$P$10)-'General information'!$L$8)/100)*C36)/100 -> 0 | E36: =C36*'General information'!$C$2 -> 0 | F36: =IF(ISERROR(E36/D36),0,E36/D36) -> 0 | G36: =D36*Airplanes!$M$24 -> 0 | H36: =IF(D36=0,0,(($M$24*'General information'!$P$15%)*D36)) -> 0 | I36: =G36-(E36+H36) -> 0 | J36: =IFERROR(IF(ISERROR(G36/((E36+H36))),0,(G36/(E36+H36)))-IF((G36/(E36+H36))<0,0,1),0) -> 0 | L36: Surplus / Shortage | M36: =M34-M33 -> 0 | N36: =M36*M24 -> 0 | O36: =IF(ISERROR(N36/M36),0,N36/M36) -> 0
B37: Q3 | D37: =((125*((100+'General information'!$P$8+'General information'!$P$9+'General information'!$P$10)-'General information'!$L$8)/100)*C37)/100 -> 0 | E37: =C37*'General information'!$C$2 -> 0 | F37: =IF(ISERROR(E37/D37),0,E37/D37) -> 0 | G37: =D37*Airplanes!$M$24 -> 0 | H37: =IF(D37=0,0,(($M$24*'General information'!$P$15%)*D37)) -> 0 | I37: =G37-(E37+H37) -> 0 | J37: =IFERROR(IF(ISERROR(G37/((E37+H37))),0,(G37/(E37+H37)))-IF((G37/(E37+H37))<0,0,1),0) -> 0
B38: Q4 | D38: =((175*((100+'General information'!$P$8+'General information'!$P$9+'General information'!$P$10)-'General information'!$L$8)/100)*C38)/100 -> 0 | E38: =C38*'General information'!$C$2 -> 0 | F38: =IF(ISERROR(E38/D38),0,E38/D38) -> 0 | G38: =D38*Airplanes!$M$24 -> 0 | H38: =IF(D38=0,0,(($M$24*'General information'!$P$15%)*D38)) -> 0 | I38: =G38-(E38+H38) -> 0 | J38: =IFERROR(IF(ISERROR(G38/((E38+H38))),0,(G38/(E38+H38)))-IF((G38/(E38+H38))<0,0,1),0) -> 0
B39: Q5 | D39: =((250*((100+'General information'!$P$8+'General information'!$P$9+'General information'!$P$10)-'General information'!$L$8)/100)*C39)/100 -> 0 | E39: =C39*'General information'!$C$2 -> 0 | F39: =IF(ISERROR(E39/D39),0,E39/D39) -> 0 | G39: =D39*Airplanes!$M$24 -> 0 | H39: =IF(D39=0,0,(($M$24*'General information'!$P$15%)*D39)) -> 0 | I39: =G39-(E39+H39) -> 0 | J39: =IFERROR(IF(ISERROR(G39/((E39+H39))),0,(G39/(E39+H39)))-IF((G39/(E39+H39))<0,0,1),0) -> 0
B40: Total | D40: =SUM(D35:D39) -> 0 | E40: =SUM(E35:E39) -> 0 | F40: =IF(ISERROR(E40/D40),0,E40/D40) -> 0 | G40: =SUM(G35:G39) -> 0 | H40: =SUM(H35:H39) -> 0 | I40: =SUM(I35:I39) -> 0

Sheet Food
B2: Holding 1
B3: Food | C3: Manager | D3: Employees | E3: Production | F3: Raw/Day | G3: Total Salaries | H3: Manager Tax | I3: Raw Material Cost | J3: Total Cost - Without Taxes | K3: Unit Cost - Without Taxes | L3: Unit Cost - With Taxes | M3: Revenue | N3: Profit/Loss | O3: % Profit/Loss Per Food
B4: Quality
B5: Q1 | E5: =(D5+C5)*(100*((100+'General information'!$O$22+'General information'!$O$23+'General information'!O24)-'General information'!K23)/100) -> 0 | F5: =(E5*1)/100 -> 0 | G5: =D5*'General information'!$C$2 -> 0 | H5: =(('General information'!$M$32*C5)*0.8+('General information'!$M$34*C5)*0.2) -> 0 | I5: =F5*$P$28 -> 0 | J5: =G5+I5+H5 -> 0 | K5: =IF(ISERROR((J5/E5)),0,((J5/E5))) -> 0 | L5: =IF(E5=0,0,K5+$Q$29) -> 0 | M5: =(E5*($P$29-$Q$29)) -> 0 | N5: =M5-J5 -> 0 | O5: =IF(E5=0,0,(IF((ISERROR((($P$29-$Q$29)/K5))),0,(($P$29-$Q$29))/K5)-1)) -> 0
B6: Q2 | E6: =(D6+C6)*(100*((100+'General information'!$O$22+'General information'!$O$23+'General information'!O25)-'General information'!K24)/100) -> 0 | F6: =(E6*2)/100 -> 0 | G6: =D6*'General information'!$C$2 -> 0 | H6: =(('General information'!$M$32*C6)*0.8+('General information'!$M$34*C6)*0.2) -> 0 | I6: =F6*$P$28 -> 0 | J6: =G6+I6+H6 -> 0 | K6: =IF(ISERROR((J6/E6)),0,((J6/E6))) -> 0 | L6: =IF(E6=0,0,K6+$Q$30) -> 0 | M6: =(E6*($P$30-$Q$30)) -> 0 | N6: =M6-J6 -> 0 | O6: =IF(E6=0,0,(IF((ISERROR((($P$30-$Q$30)/K6))),0,(($P$30-$Q$30))/K6)-1)) -> 0
B7: Q3 | E7: =(D7+C7)*(100*((100+'General information'!$O$22+'General information'!$O$23+'General information'!O26)-'General information'!K25)/100) -> 0 | F7: =(E7*3)/100 -> 0 | G7: =D7*'General information'!$C$2 -> 0 | H7: =(('General information'!$M$32*C7)*0.8+('General information'!$M$34*C7)*0.2) -> 0 | I7: =F7*$P$28 -> 0 | J7: =G7+I7+H7 -> 0 | K7: =IF(ISERROR((J7/E7)),0,((J7/E7))) -> 0 | L7: =IF(E7=0,0,K7+$Q$31) -> 0 | M7: =(E7*($P$31-$Q$31)) -> 0 | N7: =M7-J7 -> 0 | O7: =IF(E7=0,0,(IF((ISERROR((($P$31-$Q$31)/K7))),0,(($P$31-$Q$31))/K7)-1)) -> 0
B8: Q4 | E8: =(D8+C8)*(100*((100+'General information'!$O$22+'General information'!$O$23+'General information'!O27)-'General information'!K26)/100) -> 0 | F8: =(E8*4)/100 -> 0 | G8: =D8*'General information'!$C$2 -> 0 | H8: =(('General information'!$M$32*C8)*0.8+('General information'!$M$34*C8)*0.2) -> 0 | I8: =F8*$P$28 -> 0 | J8: =G8+I8+H8 -> 0 | K8: =IF(ISERROR((J8/E8)),0,((J8/E8))) -> 0 | L8: =IF(E8=0,0,K8+$Q$32) -> 0 | M8: =(E8*($P$32-$Q$32)) -> 0 | N8: =M8-J8 -> 0 | O8: =IF(E8=0,0,(IF((ISERROR((($P$32-$Q$32)/K8))),0,(($P$32-$Q$32))/K8)-1)) -> 0
B9: Q5 | E9: =(D9+C9)*(100*((100+'General information'!$O$22+'General information'!$O$23+'General information'!O28)-'General information'!K27)/100) -> 0 | F9: =(E9*5)/100 -> 0 | G9: =D9*'General information'!$C$2 -> 0 | H9: =(('General information'!$M$32*C9)*0.8+('General information'!$M$34*C9)*0.2) -> 0 | I9: =F9*$P$28 -> 0 | J9: =G9+I9+H9 -> 0 | K9: =IF(ISERROR((J9/E9)),0,((J9/E9))) -> 0 | L9: =IF(E9=0,0,K9+$Q$33) -> 0 | M9: =(E9*($P$33-$Q$33)) -> 0 | N9: =M9-J9 -> 0 | O9: =IF(E9=0,0,(IF((ISERROR((($P$33-$Q$33)/K9))),0,(($P$33-$Q$33))/K9)-1)) -> 0
B10: Q6 | E10: =(D10+C10)*(100*((100+'General information'!$O$22+'General information'!$O$23+'General information'!O29)-'General information'!K28)/100) -> 0 | F10: =(E10*6)/100 -> 0 | G10: =D10*'General information'!$C$2 -> 0 | H10: =(('General information'!$M$32*C10)*0.8+('General information'!$M$34*C10)*0.2) -> 0 | I10: =F10*$P$28 -> 0 | J10: =G10+I10+H10 -> 0 | K10: =IF(ISERROR((J10/E10)),0,((J10/E10))) -> 0 | L10: =IF(E10=0,0,K10+$Q$34) -> 0 | M10: =(E10*($P$34-$Q$34)) -> 0 | N10: =M10-J10 -> 0 | O10: =IF(E10=0,0,(IF((ISERROR((($P$34-$Q$34)/K10))),0,(($P$34-$Q$34))/K10)-1)) -> 0
B11: Q7 | E11: =(D11+C11)*(100*((100+'General information'!$O$22+'General information'!$O$23+'General information'!O30)-'General information'!K29)/100) -> 0 | F11: =(E11*20)/100 -> 0 | G11: =D11*'General information'!$C$2 -> 0 | H11: =(('General information'!$M$32*C11)*0.8+('General information'!$M$34*C11)*0.2) -> 0 | I11: =F11*$P$28 -> 0 | J11: =G11+I11+H11 -> 0 | K11: =IF(ISERROR((J11/E11)),0,((J11/E11))) -> 0 | L11: =IF(E11=0,0,K11+$Q$35) -> 0 | M11: =(E11*($P$35-$Q$35)) -> 0 | N11: =M11-J11 -> 0 | O11: =IF(E11=0,0,(IF((ISERROR((($P$35-$Q$35)/K11))),0,(($P$35-$Q$35))/K11)-1)) -> 0
B12: Total | F12: =SUM(F5:F11) -> 0 | G12: =SUM(G5:G11) -> 0 | H12: =SUM(H5:H11) -> 0 | I12: =SUM(I5:I11) -> 0 | J12: =SUM(J5:J11) -> 0 | M12: =SUM(M5:M11) -> 0 | N12: =SUM(N5:N11) -> 0
B14: Holding 2
B15: Food | C15: Manager | D15: Employees | E15: Production | F15: Raw/Day | G15: Total Salaries | H15: Manager Tax | I15: Raw Material Cost | J15: Total Cost - Without Taxes | K15: Unit Cost - Without Taxes | L15: Unit Cost - With Taxes | M15: Revenue | N15: Profit/Loss | O15: % Profit/Loss Per Food
B16: Quality
B17: Q1 | E17: =(D17+C17)*(100*((100+'General information'!$P$22+'General information'!$P$23+'General information'!$P$24)-'General information'!L23)/100) -> 0 | F17: =(E17*1)/100 -> 0 | G17: =D17*'General information'!$C$2 -> 0 | H17: =(('General information'!$M$33*C17)*0.8+('General information'!$M$34*C17)*0.2) -> 0 | I17: =F17*$P$28 -> 0 | J17: =G17+I17+H17 -> 0 | K17: =IF(ISERROR((J17/E17)),0,((J17/E17))) -> 0 | L17: =IF(E17=0,0,K17+$Q$29) -> 0 | M17: =(E17*($P$29-$Q$29)) -> 0 | N17: =M17-J17 -> 0 | O17: =IF(E17=0,0,(IF((ISERROR((($P$29-$Q$29)/K17))),0,(($P$29-$Q$29))/K17)-1)) -> 0
B18: Q2 | E18: =(D18+C18)*(100*((100+'General information'!$P$22+'General information'!$P$23+'General information'!$P$24)-'General information'!L24)/100) -> 0 | F18: =(E18*2)/100 -> 0 | G18: =D18*'General information'!$C$2 -> 0 | H18: =(('General information'!$M$33*C18)*0.8+('General information'!$M$34*C18)*0.2) -> 0 | I18: =F18*$P$28 -> 0 | J18: =G18+I18+H18 -> 0 | K18: =IF(ISERROR((J18/E18)),0,((J18/E18))) -> 0 | L18: =IF(E18=0,0,K18+$Q$30) -> 0 | M18: =(E18*($P$30-$Q$30)) -> 0 | N18: =M18-J18 -> 0 | O18: =IF(E18=0,0,(IF((ISERROR((($P$30-$Q$30)/K18))),0,(($P$30-$Q$30))/K18)-1)) -> 0
B19: Q3 | E19: =(D19+C19)*(100*((100+'General information'!$P$22+'General information'!$P$23+'General information'!$P$24)-'General information'!L25)/100) -> 0 | F19: =(E19*3)/100 -> 0 | G19: =D19*'General information'!$C$2 -> 0 | H19: =(('General information'!$M$33*C19)*0.8+('General information'!$M$34*C19)*0.2) -> 0 | I19: =F19*$P$28 -> 0 | J19: =G19+I19+H19 -> 0 | K19: =IF(ISERROR((J19/E19)),0,((J19/E19))) -> 0 | L19: =IF(E19=0,0,K19+$Q$31) -> 0 | M19: =(E19*($P$31-$Q$31)) -> 0 | N19: =M19-J19 -> 0 | O19: =IF(E19=0,0,(IF((ISERROR((($P$31-$Q$31)/K19))),0,(($P$31-$Q$31))/K19)-1)) -> 0
B20: Q4 | E20: =(D20+C20)*(100*((100+'General information'!$P$22+'General information'!$P$23+'General information'!$P$24)-'General information'!L26)/100) -> 0 | F20: =(E20*4)/100 -> 0 | G20: =D20*'General information'!$C$2 -> 0 | H20: =(('General information'!$M$33*C20)*0.8+('General information'!$M$34*C20)*0.2) -> 0 | I20: =F20*$P$28 -> 0 | J20: =G20+I20+H20 -> 0 | K20: =IF(ISERROR((J20/E20)),0,((J20/E20))) -> 0 | L20: =IF(E20=0,0,K20+$Q$32) -> 0 | M20: =(E20*($P$32-$Q$32)) -> 0 | N20: =M20-J20 -> 0 | O20: =IF(E20=0,0,(IF((ISERROR((($P$32-$Q$32)/K20))),0,(($P$32-$Q$32))/K20)-1)) -> 0
B21: Q5 | E21: =(D21+C21)*(100*((100+'General information'!$P$22+'General information'!$P$23+'General information'!$P$24)-'General information'!L27)/100) -> 0 | F21: =(E21*5)/100 -> 0 | G21: =D21*'General information'!$C$2 -> 0 | H21: =(('General information'!$M$33*C21)*0.8+('General information'!$M$34*C21)*0.2) -> 0 | I21: =F21*$P$28 -> 0 | J21: =G21+I21+H21 -> 0 | K21: =IF(ISERROR((J21/E21)),0,((J21/E21))) -> 0 | L21: =IF(E21=0,0,K21+$Q$33) -> 0 | M21: =(E21*($P$33-$Q$33)) -> 0 | N21: =M21-J21 -> 0 | O21: =IF(E21=0,0,(IF((ISERROR((($P$33-$Q$33)/K21))),0,(($P$33-$Q$33))/K21)-1)) -> 0
B22: Q6 | E22: =(D22+C22)*(100*((100+'General information'!$P$22+'General information'!$P$23+'General information'!$P$24)-'General information'!L28)/100) -> 0 | F22: =(E22*6)/100 -> 0 | G22: =D22*'General information'!$C$2 -> 0 | H22: =(('General information'!$M$33*C22)*0.8+('General information'!$M$34*C22)*0.2) -> 0 | I22: =F22*$P$28 -> 0 | J22: =G22+I22+H22 -> 0 | K22: =IF(ISERROR((J22/E22)),0,((J22/E22))) -> 0 | L22: =IF(E22=0,0,K22+$Q$34) -> 0 | M22: =(E22*($P$34-$Q$34)) -> 0 | N22: =M22-J22 -> 0 | O22: =IF(E22=0,0,(IF((ISERROR((($P$34-$Q$34)/K22))),0,(($P$34-$Q$34))/K22)-1)) -> 0
B23: Q7 | E23: =(D23+C23)*(100*((100+'General information'!$P$22+'General information'!$P$23+'General information'!$P$24)-'General information'!L29)/100) -> 0 | F23: =(E23*20)/100 -> 0 | G23: =D23*'General information'!$C$2 -> 0 | H23: =(('General information'!$M$33*C23)*0.8+('General information'!$M$34*C23)*0.2) -> 0 | I23: =F23*$P$28 -> 0 | J23: =G23+I23+H23 -> 0 | K23: =IF(ISERROR((J23/E23)),0,((J23/E23))) -> 0 | L23: =IF(E23=0,0,K23+$Q$35) -> 0 | M23: =(E23*($P$35-$Q$35)) -> 0 | N23: =M23-J23 -> 0 | O23: =IF(E23=0,0,(IF((ISERROR((($P$35-$Q$35)/K23))),0,(($P$35-$Q$35))/K23)-1)) -> 0
B24: Total | F24: =SUM(F17:F23) -> 0 | G24: =SUM(G17:G23) -> 0 | H24: =SUM(H17:H23) -> 0 | I24: =SUM(I17:I23) -> 0 | J24: =SUM(J17:J23) -> 0 | M24: =SUM(M17:M23) -> 0 | N24: =SUM(N17:N23) -> 0
B26: Holding 1 | O26: Stock - Food
B27: Raw Material | C27: Manager | D27: Employees | E27: Production | F27: Manager Tax | G27: Total Salaries | H27: Total Cost - Without Taxes | I27: Unit Cost - Without Taxes | J27: Unit Cost - With Taxes | K27: Revenue | L27: Profit/Loss | M27: % Profit/Loss | O27: Quality | P27: Avg Price | Q27: Tax | R27: Amount | S27: Gross Value | T27: Total Tax | U27: Net Total
B28: Quality | O28: Raw | P28: =AVERAGE(FRM_Offers[gross]) -> 12.810667 | Q28: =IF(P28=0,0,(Food!$P$28*'General information'!$P$34%)) -> 0 | S28: =P28*R28 -> 0 | T28: =Q28*R28 -> 0 | U28: =S28-T28 -> 0
B29: Q1 | E29: =((35*((100+'General information'!$O$22+'General information'!$O$23+'General information'!$O$24)-'General information'!$K$22)/100)*(D29+C29))/100 -> 0 | F29: =(('General information'!$M$32*C29)*0.8+('General information'!$M$34*C29)*0.2) -> 0 | G29: =D29*'General information'!$C$2 -> 0 | H29: =F29+G29 -> 0 | I29: =IF(ISERROR(H29/E29),0,H29/E29) -> 0 | J29: =IF(E29=0,0,I29+$Q$28) -> 0 | K29: =E29*(Food!$P$28-$Q$28) -> 0 | L29: =K29-H29 -> 0 | M29: =IF(E29=0,0,(IF((ISERROR((($P$28-$Q$28)/I29))),0,(($P$28-$Q$28))/I29)-1)) -> 0 | O29: Q1 | P29: =AVERAGE(FQ1_Offers[gross]) -> 0.57533333 | Q29: =($P$29*'General information'!$P$33%)+($P$29*'General information'!$P$34%) -> 0.0057533333 | S29: =P29*R29 -> 0 | T29: =Q29*R29 -> 0 | U29: =S29-T29 -> 0
B30: Q2 | E30: =((70*((100+'General information'!$O$22+'General information'!$O$23+'General information'!$O$24)-'General information'!$K$22)/100)*(D30+C30))/100 -> 0 | F30: =(('General information'!$M$32*C30)*0.8+('General information'!$M$34*C30)*0.2) -> 0 | G30: =D30*'General information'!$C$2 -> 0 | H30: =F30+G30 -> 0 | I30: =IF(ISERROR(H30/E30),0,H30/E30) -> 0 | J30: =IF(E30=0,0,I30+$Q$28) -> 0 | K30: =E30*(Food!$P$28-$Q$28) -> 0 | L30: =K30-H30 -> 0 | M30: =IF(E30=0,0,(IF((ISERROR((($P$28-$Q$28)/I30))),0,(($P$28-$Q$28))/I30)-1)) -> 0 | O30: Q2 | P30: =AVERAGE(FQ2_Offers[gross]) -> 1.127 | Q30: =($P$30*'General information'!$P$33%)+($P$30*'General information'!$P$34%) -> 0.01127 | S30: =P30*R30 -> 0 | T30: =Q30*R30 -> 0 | U30: =S30-T30 -> 0
B31: Q3 | E31: =((125*((100+'General information'!$O$22+'General information'!$O$23+'General information'!$O$24)-'General information'!$K$22)/100)*(D31+C31))/100 -> 0 | F31: =(('General information'!$M$32*C31)*0.8+('General information'!$M$34*C31)*0.2) -> 0 | G31: =D31*'General information'!$C$2 -> 0 | H31: =F31+G31 -> 0 | I31: =IF(ISERROR(H31/E31),0,H31/E31) -> 0 | J31: =IF(E31=0,0,I31+$Q$28) -> 0 | K31: =E31*(Food!$P$28-$Q$28) -> 0 | L31: =K31-H31 -> 0 | M31: =IF(E31=0,0,(IF((ISERROR((($P$28-$Q$28)/I31))),0,(($P$28-$Q$28))/I31)-1)) -> 0 | O31: Q3 | P31: =AVERAGE(FQ3_Offers[gross]) -> 1.6556667 | Q31: =($P$31*'General information'!$P$33%)+($P$31*'General information'!$P$34%) -> 0.016556667 | S31: =P31*R31 -> 0 | T31: =Q31*R31 -> 0 | U31: =S31-T31 -> 0
B32: Q4 | E32: =((175*((100+'General information'!$O$22+'General information'!$O$23+'General information'!$O$24)-'General information'!$K$22)/100)*(D32+C32))/100 -> 0 | F32: =(('General information'!$M$32*C32)*0.8+('General information'!$M$34*C32)*0.2) -> 0 | G32: =D32*'General information'!$C$2 -> 0 | H32: =F32+G32 -> 0 | I32: =IF(ISERROR(H32/E32),0,H32/E32) -> 0 | J32: =IF(E32=0,0,I32+$Q$28) -> 0 | K32: =E32*(Food!$P$28-$Q$28) -> 0 | L32: =K32-H32 -> 0 | M32: =IF(E32=0,0,(IF((ISERROR((($P$28-$Q$28)/I32))),0,(($P$28-$Q$28))/I32)-1)) -> 0 | O32: Q4 | P32: =AVERAGE(FQ4_Offers[gross]) -> 2.183 | Q32: =($P$32*'General information'!$P$33%)+($P$32*'General information'!$P$34%) -> 0.02183 | S32: =P32*R32 -> 0 | T32: =Q32*R32 -> 0 | U32: =S32-T32 -> 0
B33: Q5 | E33: =((250*((100+'General information'!$O$22+'General information'!$O$23+'General information'!$O$24)-'General information'!$K$22)/100)*(D33+C33))/100 -> 0 | F33: =(('General information'!$M$32*C33)*0.8+('General information'!$M$34*C33)*0.2) -> 0 | G33: =D33*'General information'!$C$2 -> 0 | H33: =F33+G33 -> 0 | I33: =IF(ISERROR(H33/E33),0,H33/E33) -> 0 | J33: =IF(E33=0,0,I33+$Q$28) -> 0 | K33: =E33*(Food!$P$28-$Q$28) -> 0 | L33: =K33-H33 -> 0 | M33: =IF(E33=0,0,(IF((ISERROR((($P$28-$Q$28)/I33))),0,(($P$28-$Q$28))/I33)-1)) -> 0 | O33: Q5 | P33: =AVERAGE(FQ5_Offers[gross]) -> 2.7446667 | Q33: =($P$33*'General information'!$P$33%)+($P$33*'General information'!$P$34%) -> 0.027446667 | S33: =P33*R33 -> 0 | T33: =Q33*R33 -> 0 | U33: =S33-T33 -> 0
B34: Total | E34: =SUM(E29:E33) -> 0 | F34: =SUM(F29:F33) -> 0 | G34: =SUM(G29:G33) -> 0 | H34: =SUM(H29:H33) -> 0 | I34: =AVERAGE(I29:I33) -> 0 | J34: =AVERAGE(J29:J33) -> 0 | K34: =SUM(K29:K33) -> 0 | L34: =SUM(L29:L33) -> 0 | O34: Q6 | P34: =AVERAGE(FQ6_Offers[gross]) -> 3.4103333 | Q34: =($P$34*'General information'!$P$33%)+($P$34*'General information'!$P$34%) -> 0.034103333 | S34: =P34*R34 -> 0 | T34: =Q34*R34 -> 0 | U34: =S34-T34 -> 0
O35: Q7 | P35: =AVERAGE(FQ7_Offers[gross]) -> 5.5443333 | Q35: =($P$35*'General information'!$P$33%)+($P$35*'General information'!$P$34%) -> 0.055443333 | S35: =P35*R35 -> 0 | T35: =Q35*R35 -> 0 | U35: =S35-T35 -> 0
B36: Holding 2 | Q36: =SUM(Q29:Q35) -> 0.17240333 | S36: =SUM(S28:S35) -> 0 | T36: =SUM(T28:T35) -> 0 | U36: =SUM(U28:U35) -> 0
B37: Raw Material | C37: Manager | D37: Employees | E37: Production | F37: Manager Tax | G37: Total Salaries | H37: Total Cost - Without Taxes | I37: Unit Cost - Without Taxes | J37: Unit Cost - With Taxes | K37: Revenue | L37: Profit/Loss | M37: % Profit/Loss
B38: Quality
B39: Q1 | E39: =((35*((100+'General information'!$P$22+'General information'!$P$23+'General information'!$P$24)-'General information'!$L$22)/100)*(D39+C39))/100 -> 0 | F39: =(('General information'!$M$33*C39)*0.8+('General information'!$M$34*C39)*0.2) -> 0 | G39: =D39*'General information'!$C$2 -> 0 | H39: =F39+G39 -> 0 | I39: =IF(ISERROR(H39/E39),0,H39/E39) -> 0 | J39: =IF(E39=0,0,I39+$Q$28) -> 0 | K39: =E39*(Food!$P$28-$Q$28) -> 0 | L39: =K39-H39 -> 0 | M39: =IF(E39=0,0,(IF((ISERROR((($P$28-$Q$28)/I39))),0,(($P$28-$Q$28))/I39)-1)) -> 0 | P39: Raw | Q39: Cost | R39: Average Cost
B40: Q2 | E40: =((70*((100+'General information'!$P$22+'General information'!$P$23+'General information'!$P$24)-'General information'!$L$22)/100)*(D40+C40))/100 -> 0 | F40: =(('General information'!$M$33*C40)*0.8+('General information'!$M$34*C40)*0.2) -> 0 | G40: =D40*'General information'!$C$2 -> 0 | H40: =F40+G40 -> 0 | I40: =IF(ISERROR(H40/E40),0,H40/E40) -> 0 | J40: =IF(E40=0,0,I40+$Q$28) -> 0 | K40: =E40*(Food!$P$28-$Q$28) -> 0 | L40: =K40-H40 -> 0 | M40: =IF(E40=0,0,(IF((ISERROR((($P$28-$Q$28)/I40))),0,(($P$28-$Q$28))/I40)-1)) -> 0 | O40: Daily use | P40: =F12 -> 0 | Q40: =Q41+Q42 -> 0 | R40: =IF(P40>P41,R41/2+R42/2,R41) -> 0
B41: Q3 | E41: =((125*((100+'General information'!$P$22+'General information'!$P$23+'General information'!$P$24)-'General information'!$L$22)/100)*(D41+C41))/100 -> 0 | F41: =(('General information'!$M$33*C41)*0.8+('General information'!$M$34*C41)*0.2) -> 0 | G41: =D41*'General information'!$C$2 -> 0 | H41: =F41+G41 -> 0 | I41: =IF(ISERROR(H41/E41),0,H41/E41) -> 0 | J41: =IF(E41=0,0,I41+$Q$28) -> 0 | K41: =E41*(Food!$P$28-$Q$28) -> 0 | L41: =K41-H41 -> 0 | M41: =IF(E41=0,0,(IF((ISERROR((($P$28-$Q$28)/I41))),0,(($P$28-$Q$28))/I41)-1)) -> 0 | O41: Production | P41: =E34 -> 0 | Q41: =P41*I34 -> 0 | R41: =IF(ISERROR(Q41/P41),0,Q41/P41) -> 0
B42: Q4 | E42: =((175*((100+'General information'!$P$22+'General information'!$P$23+'General information'!$P$24)-'General information'!$L$22)/100)*(D42+C42))/100 -> 0 | F42: =(('General information'!$M$33*C42)*0.8+('General information'!$M$34*C42)*0.2) -> 0 | G42: =D42*'General information'!$C$2 -> 0 | H42: =F42+G42 -> 0 | I42: =IF(ISERROR(H42/E42),0,H42/E42) -> 0 | J42: =IF(E42=0,0,I42+$Q$28) -> 0 | K42: =E42*(Food!$P$28-$Q$28) -> 0 | L42: =K42-H42 -> 0 | M42: =IF(E42=0,0,(IF((ISERROR((($P$28-$Q$28)/I42))),0,(($P$28-$Q$28))/I42)-1)) -> 0 | O42: Purchase | P42: =IF(P40>P41,P40-P41,0) -> 0 | Q42: =AB30 -> 0 | R42: =IF(ISERROR(Q42/P42),0,Q42/P42) -> 0
B43: Q5 | E43: =((250*((100+'General information'!$P$22+'General information'!$P$23+'General information'!$P$24)-'General information'!$L$22)/100)*(D43+C43))/100 -> 0 | F43: =(('General information'!$M$33*C43)*0.8+('General information'!$M$34*C43)*0.2) -> 0 | G43: =D43*'General information'!$C$2 -> 0 | H43: =F43+G43 -> 0 | I43: =IF(ISERROR(H43/E43),0,H43/E43) -> 0 | J43: =IF(E43=0,0,I43+$Q$28) -> 0 | K43: =E43*(Food!$P$28-$Q$28) -> 0 | L43: =K43-H43 -> 0 | M43: =IF(E43=0,0,(IF((ISERROR((($P$28-$Q$28)/I43))),0,(($P$28-$Q$28))/I43)-1)) -> 0 | O43: Surplus / Shortage | P43: =P41-P40 -> 0 | Q43: =P43*AB30 -> 0 | R43: =IF(ISERROR(Q43/P43),0,Q43/P43) -> 0
B44: Total | E44: =SUM(E39:E43) -> 0 | F44: =SUM(F39:F43) -> 0 | G44: =SUM(G39:G43) -> 0 | H44: =SUM(H39:H43) -> 0 | I44: =AVERAGE(I39:I43) -> 0 | J44: =AVERAGE(J39:J43) -> 0 | K44: =SUM(K39:K43) -> 0 | L44: =SUM(L39:L43) -> 0

Sheet Consolidated Results
B2: Houses | E2: Weapons | H2: Food | K2: Airplanes
B4: Salary | C4: =Houses!I10+Houses!E30+Houses!I20+Houses!E40 -> 0 | E4: Salary | F4: =Weapons!G12+Weapons!G34+Weapons!G24+Weapons!G44 -> 0 | H4: Salary | I4: =Food!G12+Food!G24+Food!G34+Food!G44 -> 0 | K4: Salary | L4: =Airplanes!F10+Airplanes!F20+Airplanes!E30+Airplanes!E40 -> 0
B5: Manager Tax | C5: 0 | E5: Manager Tax | F5: =Weapons!H12+Weapons!F34+Weapons!H24+Weapons!F44 -> 0 | H5: Manager Tax | I5: =Food!H12+Food!H24+Food!F34+Food!F44 -> 0 | K5: Manager Tax | L5: 0
B6: Raw Material Cost | C6: =Houses!K10+Houses!K20 -> 0 | E6: Raw Material Cost | F6: =Weapons!I12+Weapons!I24 -> 0 | H6: Raw Material Cost | I6: =Food!I12+Food!I24 -> 0 | K6: Raw Material Cost | L6: =Airplanes!G10+Airplanes!G20 -> 0
B7: Total Cost | C7: =C4+C5+C6 -> 0 | E7: Total Cost | F7: =F4+F5+F6 -> 0 | H7: Total Cost | I7: =I4+I5+I6 -> 0 | K7: Total Cost | L7: =L4+L5+L6 -> 0
B8: Gross Revenue | C8: =Houses!N10+Houses!I30+C9+Houses!N20+Houses!I40 -> 0 | E8: Gross Revenue | F8: =Weapons!M12+Weapons!M24+Weapons!K34+Weapons!K44+F9 -> 0 | H8: Gross Revenue | I8: =I9+Food!M12+Food!M24+Food!K34+Food!K44 -> 0 | K8: Gross Revenue | L8: =Airplanes!K10+Airplanes!K20+Airplanes!G30+Airplanes!G40+L9 -> 0
B9: Sales Taxes | C9: =(Houses!H5+Houses!H15)*Houses!O25+(Houses!H6+Houses!H16)*Houses!O26+(Houses!H7+Houses!H17)*Houses!O27+(Houses!H8+Houses!H18)*Houses!O28+(Houses!H9+Houses!H19)*Houses!O29+(Houses!D30+Houses!D40)*Houses!O24 -> 0 | E9: Sales Taxes | F9: =(Weapons!E5+Weapons!E17)*Weapons!Q29+(Weapons!E6+Weapons!E18)*Weapons!Q30+((Weapons!E7+Weapons!E19)*Weapons!Q31+(Weapons!E8+Weapons!E20)*Weapons!Q32+(Weapons!E9+Weapons!E21)*Weapons!Q33+(Weapons!E10+Weapons!E22)*Weapons!Q34+(Weapons!E11+Weapons!E23)*Weapons!Q35+(Weapons!E34+Weapons!E44)*Weapons!Q28) -> 0 | H9: Sales Taxes | I9: =(Food!E5+Food!E17)*Food!Q29+(Food!E6+Food!E18)*Food!Q30+(Food!E7+Food!E19)*Food!Q31+(Food!E8+Food!E20)*Food!Q32+(Food!E9+Food!E21)*Food!Q33+(Food!E10+Food!E22)*Food!Q34+(Food!E11+Food!E23)*Food!Q35+(Food!E34+Food!E44)*Food!Q28 -> 0 | K9: Sales Taxes | L9: =(Airplanes!D5+Airplanes!D15)*Airplanes!N25+(Airplanes!D6+Airplanes!D16)*Airplanes!N26+(Airplanes!D7+Airplanes!D17)*Airplanes!N27+(Airplanes!D8+Airplanes!D18)*Airplanes!N28+(Airplanes!D9+Airplanes!D19)*Airplanes!N29+(Airplanes!D30+Airplanes!D40)*Airplanes!N24 -> 0
B10: Net Revenue | C10: =C8-C9 -> 0 | E10: Net Revenue | F10: =F8-F9 -> 0 | H10: Net Revenue | I10: =I8-I9 -> 0 | K10: Net Revenue | L10: =L8-L9 -> 0
B12: Profit/Loss | C12: =C10-C7 -> 0 | E12: Profit/Loss | F12: =F10-F7 -> 0 | H12: Profit/Loss | I12: =I10-I7 -> 0 | K12: Profit/Loss | L12: =L10-L7 -> 0
C13: =IFERROR(C12/C10,0) -> 0 | F13: =IFERROR(F12/F10,0) -> 0 | I13: =IFERROR(I12/I10,0) -> 0 | L13: =IFERROR(L12/L10,0) -> 0
F16: Daily Total | K16: Weekly Total
F18: Salary | H18: ='Consolidated Results'!C4+'Consolidated Results'!F4+'Consolidated Results'!I4+'Consolidated Results'!L4 -> 0 | K18: Salary | L18: =H18*7 -> 0
F19: Manager Tax | H19: ='Consolidated Results'!C5+'Consolidated Results'!F5+'Consolidated Results'!I5+'Consolidated Results'!L5 -> 0 | K19: Manager Tax | L19: =H19*7 -> 0
F20: Raw Material Cost | H20: ='Consolidated Results'!C6+'Consolidated Results'!F6+'Consolidated Results'!I6+'Consolidated Results'!L6 -> 0 | K20: Raw Material Cost | L20: =H20*7 -> 0
F21: Total Cost | H21: =H18+H19+H20 -> 0 | K21: Total Cost | L21: =L18+L19+L20 -> 0
F22: Gross Revenue | H22: ='Consolidated Results'!C8+'Consolidated Results'!F8+'Consolidated Results'!I8+'Consolidated Results'!L8 -> 0 | K22: Gross Revenue | L22: =H22*7 -> 0
F23: Sales Taxes | H23: ='Consolidated Results'!C9+'Consolidated Results'!F9+'Consolidated Results'!I9+'Consolidated Results'!L9 -> 0 | K23: Sales Taxes | L23: =H23*7 -> 0
F24: Net Revenue | H24: =H22-H23 -> 0 | K24: Net Revenue | L24: =L22-L23 -> 0
F26: Profit/Loss | H26: =H24-H21 -> 0 | K26: Profit/Loss | L26: =L24-L21 -> 0
H27: =IFERROR(H26/H24,0) -> 0 | L27: =IFERROR(L26/L24,0) -> 0

Sheet Consolidated Stock
B2: =Houses!M22 -> Stock - Houses | J2: =Airplanes!L22 -> Stock - Airplanes
B3: Quality | C3: Price | D3: Tax | E3: Amount | F3: Gross Value | G3: Total Tax | H3: Net Total | J3: Quality | K3: Price | L3: Tax | M3: Amount | N3: Gross Value | O3: Total Tax | P3: Net Total
B4: Raw | C4: =Houses!N24 -> 1010.7783 | D4: =Houses!O24 -> 0 | E4: =Houses!P24 -> 0 | F4: =Houses!Q24 -> 0 | G4: =Houses!R24 -> 0 | H4: =Houses!S24 -> 0 | J4: Raw | K4: =Airplanes!M24 -> 1078.0683 | L4: =Airplanes!N24 -> 0 | M4: =Airplanes!O24 -> 0 | N4: =Airplanes!P24 -> 0 | O4: =Airplanes!Q24 -> 0 | P4: =Airplanes!R24 -> 0
B5: Q1 | C5: =Houses!N25 -> 23392.351 | D5: =Houses!O25 -> 233.92351 | E5: =Houses!P25 -> 0 | F5: =Houses!Q25 -> 0 | G5: =Houses!R25 -> 0 | H5: =Houses!S25 -> 0 | J5: Q1 | K5: =Airplanes!M25 -> 691.714 | L5: =Airplanes!N25 -> 6.91714 | M5: =Airplanes!O25 -> 0 | N5: =Airplanes!P25 -> 0 | O5: =Airplanes!Q25 -> 0 | P5: =Airplanes!R25 -> 0
B6: Q2 | C6: =Houses!N26 -> 47994.785 | D6: =Houses!O26 -> 479.94785 | E6: =Houses!P26 -> 0 | F6: =Houses!Q26 -> 0 | G6: =Houses!R26 -> 0 | H6: =Houses!S26 -> 0 | J6: Q2 | K6: =Airplanes!M26 -> 934.142 | L6: =Airplanes!N26 -> 9.34142 | M6: =Airplanes!O26 -> 0 | N6: =Airplanes!P26 -> 0 | O6: =Airplanes!Q26 -> 0 | P6: =Airplanes!R26 -> 0 | Y6: =P27/657.981 -> 0
B7: Q3 | C7: =Houses!N27 -> 99828.743 | D7: =Houses!O27 -> 998.28743 | E7: =Houses!P27 -> 0 | F7: =Houses!Q27 -> 0 | G7: =Houses!R27 -> 0 | H7: =Houses!S27 -> 0 | J7: Q3 | K7: =Airplanes!M27 -> 1299.45 | L7: =Airplanes!N27 -> 12.9945 | M7: =Airplanes!O27 -> 0 | N7: =Airplanes!P27 -> 0 | O7: =Airplanes!Q27 -> 0 | P7: =Airplanes!R27 -> 0
B8: Q4 | C8: =Houses!N28 -> 199540.18 | D8: =Houses!O28 -> 1995.4018 | E8: =Houses!P28 -> 0 | F8: =Houses!Q28 -> 0 | G8: =Houses!R28 -> 0 | H8: =Houses!S28 -> 0 | J8: Q4 | K8: =Airplanes!M28 -> 1433.7 | L8: =Airplanes!N28 -> 14.337 | M8: =Airplanes!O28 -> 0 | N8: =Airplanes!P28 -> 0 | O8: =Airplanes!Q28 -> 0 | P8: =Airplanes!R28 -> 0
B9: Q5 | C9: =Houses!N29 -> 284842.38 | D9: =Houses!O29 -> 2848.4238 | E9: =Houses!P29 -> 0 | F9: =Houses!Q29 -> 0 | G9: =Houses!R29 -> 0 | H9: =Houses!S29 -> 0 | J9: Q5 | K9: =Airplanes!M29 -> 1728.03 | L9: =Airplanes!N29 -> 17.2803 | M9: =Airplanes!O29 -> 0 | N9: =Airplanes!P29 -> 0 | O9: =Airplanes!Q29 -> 0 | P9: =Airplanes!R29 -> 0
C10: =Houses!N30 -> 0 | D10: =Houses!O30 -> 6555.9844 | E10: =Houses!P30 -> 0 | F10: =Houses!Q30 -> 0 | G10: =Houses!R30 -> 0 | H10: =Houses!S30 -> 0 | K10: =Airplanes!M30 -> 0 | L10: =Airplanes!N30 -> 60.87036 | M10: =Airplanes!O30 -> 0 | N10: =Airplanes!P30 -> 0 | O10: =Airplanes!Q30 -> 0 | P10: =Airplanes!R30 -> 0
B12: =Weapons!O26 -> Stock - Weapons | J12: =Food!O26 -> Stock - Food
B13: Quality | C13: Price | D13: Tax | E13: Amount | F13: Gross Value | G13: Total Tax | H13: Net Total | J13: Quality | K13: Price | L13: Tax | M13: Amount | N13: Gross Value | O13: Total Tax | P13: Net Total
B14: Raw | C14: =Weapons!P28 -> 28.506 | D14: =Weapons!Q28 -> 0 | E14: =Weapons!R28 -> 0 | F14: =Weapons!S28 -> 0 | G14: =Weapons!T28 -> 0 | H14: =Weapons!U28 -> 0 | J14: Raw | K14: =Food!P28 -> 12.810667 | L14: =Food!Q28 -> 0 | M14: =Food!R28 -> 0 | N14: =Food!S28 -> 0 | O14: =Food!T28 -> 0 | P14: =Food!U28 -> 0
B15: Q1 | C15: =Weapons!P29 -> 1.7276667 | D15: =Weapons!Q29 -> 0.017276667 | E15: =Weapons!R29 -> 0 | F15: =Weapons!S29 -> 0 | G15: =Weapons!T29 -> 0.017276667 | H15: =Weapons!U29 -> -0.017276667 | J15: Q1 | K15: =Food!P29 -> 0.57533333 | L15: =Food!Q29 -> 0.0057533333 | M15: =Food!R29 -> 0 | N15: =Food!S29 -> 0 | O15: =Food!T29 -> 0 | P15: =Food!U29 -> 0
B16: Q2 | C16: =Weapons!P30 -> 3.6583333 | D16: =Weapons!Q30 -> 0.036583333 | E16: =Weapons!R30 -> 0 | F16: =Weapons!S30 -> 0 | G16: =Weapons!T30 -> 0.036583333 | H16: =Weapons!U30 -> -0.036583333 | J16: Q2 | K16: =Food!P30 -> 1.127 | L16: =Food!Q30 -> 0.01127 | M16: =Food!R30 -> 0 | N16: =Food!S30 -> 0 | O16: =Food!T30 -> 0 | P16: =Food!U30 -> 0
B17: Q3 | C17: =Weapons!P31 -> 5.5623333 | D17: =Weapons!Q31 -> 0.055623333 | E17: =Weapons!R31 -> 0 | F17: =Weapons!S31 -> 0 | G17: =Weapons!T31 -> 0.055623333 | H17: =Weapons!U31 -> -0.055623333 | J17: Q3 | K17: =Food!P31 -> 1.6556667 | L17: =Food!Q31 -> 0.016556667 | M17: =Food!R31 -> 0 | N17: =Food!S31 -> 0 | O17: =Food!T31 -> 0 | P17: =Food!U31 -> 0
B18: Q4 | C18: =Weapons!P32 -> 10.972333 | D18: =Weapons!Q32 -> 0.10972333 | E18: =Weapons!R32 -> 0 | F18: =Weapons!S32 -> 0 | G18: =Weapons!T32 -> 0.10972333 | H18: =Weapons!U32 -> -0.10972333 | J18: Q4 | K18: =Food!P32 -> 2.183 | L18: =Food!Q32 -> 0.02183 | M18: =Food!R32 -> 0 | N18: =Food!S32 -> 0 | O18: =Food!T32 -> 0 | P18: =Food!U32 -> 0
B19: Q5 | C19: =Weapons!P33 -> 31.913 | D19: =Weapons!Q33 -> 0.31913 | E19: =Weapons!R33 -> 0 | F19: =Weapons!S33 -> 0 | G19: =Weapons!T33 -> 0.31913 | H19: =Weapons!U33 -> -0.31913 | J19: Q5 | K19: =Food!P33 -> 2.7446667 | L19: =Food!Q33 -> 0.027446667 | M19: =Food!R33 -> 0 | N19: =Food!S33 -> 0 | O19: =Food!T33 -> 0 | P19: =Food!U33 -> 0
B20: Q6 | C20: =Weapons!P34 -> 41.617667 | D20: =Weapons!Q34 -> 0.41617667 | E20: =Weapons!R34 -> 0 | F20: =Weapons!S34 -> 0 | G20: =Weapons!T34 -> 0.41617667 | H20: =Weapons!U34 -> -0.41617667 | J20: Q6 | K20: =Food!P34 -> 3.4103333 | L20: =Food!Q34 -> 0.034103333 | M20: =Food!R34 -> 0 | N20: =Food!S34 -> 0 | O20: =Food!T34 -> 0 | P20: =Food!U34 -> 0
B21: Q7 | C21: =Weapons!P35 -> 78.904667 | D21: =Weapons!Q35 -> 0.78904667 | E21: =Weapons!R35 -> 0 | F21: =Weapons!S35 -> 0 | G21: =Weapons!T35 -> 0.78904667 | H21: =Weapons!U35 -> -0.78904667 | J21: Q7 | K21: =Food!P35 -> 5.5443333 | L21: =Food!Q35 -> 0.055443333 | M21: =Food!R35 -> 0 | N21: =Food!S35 -> 0 | O21: =Food!T35 -> 0 | P21: =Food!U35 -> 0
C22: =Weapons!P36 -> 0 | D22: =Weapons!Q36 -> 1.74356 | E22: =Weapons!R36 -> 0 | F22: =Weapons!S36 -> 0 | G22: =Weapons!T36 -> 1.74356 | H22: =Weapons!U36 -> -1.74356 | K22: =Food!P36 -> 0 | L22: =Food!Q36 -> 0.17240333 | M22: =Food!R36 -> 0 | N22: =Food!S36 -> 0 | O22: =Food!T36 -> 0 | P22: =Food!U36 -> 0
B24: Tickets
B25: Quality | C25: Price | D25: Tax | E25: Amount | F25: Gross Value | G25: Total Tax | H25: Net Total
B26: Q1 | D26: =C26*'Effective Tax'!$B$3% -> 0 | E26: 0 | F26: =C26*E26 -> 0 | G26: =D26*E26 -> 0 | H26: =F26-G26 -> 0
B27: Q2 | D27: =C27*'Effective Tax'!$B$3% -> 0 | E27: 0 | F27: =C27*E27 -> 0 | G27: =D27*E27 -> 0 | H27: =F27-G27 -> 0
B28: Q3 | D28: =C28*'Effective Tax'!$B$3% -> 0 | E28: 0 | F28: =C28*E28 -> 0 | G28: =D28*E28 -> 0 | H28: =F28-G28 -> 0
B29: Q4 | D29: =C29*'Effective Tax'!$B$3% -> 0 | E29: 0 | F29: =C29*E29 -> 0 | G29: =D29*E29 -> 0 | H29: =F29-G29 -> 0
B30: Q5 | D30: =C30*'Effective Tax'!$B$3% -> 0 | E30: 0 | F30: =C30*E30 -> 0 | G30: =D30*E30 -> 0 | H30: =F30-G30 -> 0
D31: =SUM(D26:D30) -> 0 | F31: =SUM(F26:F30) -> 0 | G31: =SUM(G26:G30) -> 0 | H31: =SUM(H26:H30) -> 0
B33: Consolidated
B34: Branch | C34: Gross Value | D34: Total Tax | E34: Net Total | F34: Percentage
B35: Residential Industry | C35: =F10 -> 0 | D35: =G10 -> 0 | E35: =H10 -> 0 | F35: =IFERROR(E35/$E$39,0) -> 0
B36: Ground War Industry | C36: =F22 -> 0 | D36: =G22 -> 1.74356 | E36: =H22 -> -1.74356 | F36: =IFERROR(E36/$E$39,0) -> 1
B37: Air War Industry | C37: =N10 -> 0 | D37: =O10 -> 0 | E37: =P10 -> 0 | F37: =IFERROR(E37/$E$39,0) -> 0
B38: Food industry | C38: =N22 -> 0 | D38: =O22 -> 0 | E38: =P22 -> 0 | F38: =IFERROR(E38/$E$39,0) -> 0
B39: Total | C39: =SUM(C35:C38) -> 0 | D39: =SUM(D35:D38) -> 1.74356 | E39: =SUM(E35:E38) -> -1.74356 | F39: =SUM(F35:F38) -> 1

Sheet Return on Investment
B1: Residential Industry
B2: Manufacture - Holding 1 | H2: Raw Material - Holding 1 | O2: Manufacture - Holding 2 | U2: Raw Material - Holding 2
B3: Quality | C3: Gold Price | D3: CC Price | E3: Return (in days) | F3: Return (in Years) | H3: Quality | I3: CC Price | J3: Gold Price | K3: Return (in days) | L3: Return (in Years) | O3: Quality | P3: Gold Price | Q3: CC Price | R3: Return (in days) | S3: Return (in Years) | U3: Quality | V3: CC Price | W3: Gold Price | X3: Return (in days) | Y3: Return (in Years)
B4: Q1 | C4: 10 | D4: =C4*'General information'!$O$2 -> 9949.99 | E4: =IFERROR(D4/Houses!O5,0) -> 0 | F4: =E4/365 -> 0 | H4: Q1 | I4: 1500 | J4: =IFERROR(I4/'General information'!$O$2,0) -> 1.5075392 | K4: =IFERROR(I4/Houses!J25,0) -> 0 | L4: =K4/365 -> 0 | O4: Q1 | P4: 10 | Q4: =P4*'General information'!$O$2 -> 9949.99 | R4: =IFERROR(Q4/Houses!O15,0) -> 0 | S4: =R4/365 -> 0 | U4: Q1 | V4: 1500 | W4: =IFERROR(V4/'General information'!$O$2,0) -> 1.5075392 | X4: =IFERROR(V4/Houses!J35,0) -> 0 | Y4: =X4/365 -> 0
B5: Q2 | C5: 30 | D5: =C5*'General information'!$O$2 -> 29849.97 | E5: =IFERROR(D5/Houses!O6,0) -> 0 | F5: =E5/365 -> 0 | H5: Q2 | I5: 3000 | J5: =IFERROR(I5/'General information'!$O$2,0) -> 3.0150784 | K5: =IFERROR(I5/Houses!J26,0) -> 0 | L5: =K5/365 -> 0 | O5: Q2 | P5: 30 | Q5: =P5*'General information'!$O$2 -> 29849.97 | R5: =IFERROR(Q5/Houses!O16,0) -> 0 | S5: =R5/365 -> 0 | U5: Q2 | V5: 3000 | W5: =IFERROR(V5/'General information'!$O$2,0) -> 3.0150784 | X5: =IFERROR(V5/Houses!J36,0) -> 0 | Y5: =X5/365 -> 0
B6: Q3 | C6: 80 | D6: =C6*'General information'!$O$2 -> 79599.92 | E6: =IFERROR(D6/Houses!O7,0) -> 0 | F6: =E6/365 -> 0 | H6: Q3 | I6: =J6*'General information'!$O$2 -> 9949.99 | J6: 10 | K6: =IFERROR(I6/Houses!J27,0) -> 0 | L6: =K6/365 -> 0 | O6: Q3 | P6: 80 | Q6: =P6*'General information'!$O$2 -> 79599.92 | R6: =IFERROR(Q6/Houses!O17,0) -> 0 | S6: =R6/365 -> 0 | U6: Q3 | V6: =W6*'General information'!$O$2 -> 9949.99 | W6: 10 | X6: =IFERROR(V6/Houses!J37,0) -> 0 | Y6: =X6/365 -> 0
B7: Q4 | C7: 180 | D7: =C7*'General information'!$O$2 -> 179099.82 | E7: =IFERROR(D7/Houses!O8,0) -> 0 | F7: =E7/365 -> 0 | H7: Q4 | I7: 8500 | J7: =IFERROR(I7/'General information'!$O$2,0) -> 8.5427222 | K7: =IFERROR(I7/Houses!J28,0) -> 0 | L7: =K7/365 -> 0 | O7: Q4 | P7: 180 | Q7: =P7*'General information'!$O$2 -> 179099.82 | R7: =IFERROR(Q7/Houses!O18,0) -> 0 | S7: =R7/365 -> 0 | U7: Q4 | V7: 8500 | W7: =IFERROR(V7/'General information'!$O$2,0) -> 8.5427222 | X7: =IFERROR(V7/Houses!J38,0) -> 0 | Y7: =X7/365 -> 0
B8: Q5 | C8: 380 | D8: =C8*'General information'!$O$2 -> 378099.62 | E8: =IFERROR(D8/Houses!O9,0) -> 0 | F8: =E8/365 -> 0 | H8: Q5 | I8: =J8*'General information'!$O$2 -> 34824.965 | J8: 35 | K8: =IFERROR(I8/Houses!J29,0) -> 0 | L8: =K8/365 -> 0 | O8: Q5 | P8: 380 | Q8: =P8*'General information'!$O$2 -> 378099.62 | R8: =IFERROR(Q8/Houses!O19,0) -> 0 | S8: =R8/365 -> 0 | U8: Q5 | V8: =W8*'General information'!$O$2 -> 34824.965 | W8: 35 | X8: =IFERROR(V8/Houses!J39,0) -> 0 | Y8: =X8/365 -> 0
B9: Q6 | C9: 780 | D9: =C9*'General information'!$O$2 -> 776099.22 | O9: Q6 | P9: 780 | Q9: =P9*'General information'!$O$2 -> 776099.22 | S9: =R9/365 -> 0
B10: Q7 | C10: 1230 | D10: =C10*'General information'!$O$2 -> 1223848.8 | O10: Q7 | P10: 1230 | Q10: =P10*'General information'!$O$2 -> 1223848.8 | S10: =R10/365 -> 0
B13: Ground War Industry
B14: Manufacture - Holding 1 | H14: Raw Material - Holding 1 | O14: Manufacture - Holding 2 | U14: Raw Material - Holding 2
B15: Quality | C15: Gold Price | D15: CC Price | E15: Return (in days) | F15: Return (in Years) | H15: Quality | I15: CC Price | J15: Gold Price | K15: Return (in days) | L15: Return (in Years) | O15: Quality | P15: Gold Price | Q15: CC Price | R15: Return (in days) | S15: Return (in Years) | U15: Quality | V15: CC Price | W15: Gold Price | X15: Return (in days) | Y15: Return (in Years)
B16: Q1 | C16: 10 | D16: =C16*'General information'!$O$2 -> 9949.99 | E16: =IFERROR(D16/(Weapons!N5/Weapons!C5),0) -> 0 | F16: =E16/365 -> 0 | H16: Q1 | I16: 1500 | J16: =IFERROR(I16/'General information'!$O$2,0) -> 1.5075392 | K16: =IFERROR(I16/(Weapons!L29/Weapons!C29),0) -> 0 | L16: =K16/365 -> 0 | O16: Q1 | P16: 10 | Q16: =P16*'General information'!$O$2 -> 9949.99 | R16: =IFERROR(Q16/(Weapons!N17/Weapons!E17),0) -> 0 | S16: =R16/365 -> 0 | U16: Q1 | V16: 1500 | W16: =IFERROR(V16/'General information'!$O$2,0) -> 1.5075392 | X16: =IFERROR(V16/(Weapons!L39/Weapons!C39),0) -> 0 | Y16: =X16/365 -> 0
B17: Q2 | C17: 30 | D17: =C17*'General information'!$O$2 -> 29849.97 | E17: =IFERROR(D17/(Weapons!N6/Weapons!C6),0) -> 0 | F17: =E17/365 -> 0 | H17: Q2 | I17: 3000 | J17: =IFERROR(I17/'General information'!$O$2,0) -> 3.0150784 | K17: =IFERROR(I17/(Weapons!L30/Weapons!C30),0) -> 0 | L17: =K17/365 -> 0 | O17: Q2 | P17: 30 | Q17: =P17*'General information'!$O$2 -> 29849.97 | R17: =IFERROR(Q17/(Weapons!N18/Weapons!E18),0) -> 0 | S17: =R17/365 -> 0 | U17: Q2 | V17: 3000 | W17: =IFERROR(V17/'General information'!$O$2,0) -> 3.0150784 | X17: =IFERROR(V17/(Weapons!L40/Weapons!C40),0) -> 0 | Y17: =X17/365 -> 0
B18: Q3 | C18: 80 | D18: =C18*'General information'!$O$2 -> 79599.92 | E18: =IFERROR(D18/(Weapons!N7/Weapons!C7),0) -> 0 | F18: =E18/365 -> 0 | H18: Q3 | I18: =J18*'General information'!O2 -> 9949.99 | J18: 10 | K18: =IFERROR(I18/(Weapons!L31/Weapons!C31),0) -> 0 | L18: =K18/365 -> 0 | O18: Q3 | P18: 80 | Q18: =P18*'General information'!$O$2 -> 79599.92 | R18: =IFERROR(Q18/(Weapons!N19/Weapons!E19),0) -> 0 | S18: =R18/365 -> 0 | U18: Q3 | V18: =W18*'General information'!$O$2 -> 9949.99 | W18: 10 | X18: =IFERROR(V18/(Weapons!L41/Weapons!C41),0) -> 0 | Y18: =X18/365 -> 0
B19: Q4 | C19: 180 | D19: =C19*'General information'!$O$2 -> 179099.82 | E19: =IFERROR(D19/(Weapons!N8/Weapons!C8),0) -> 0 | F19: =E19/365 -> 0 | H19: Q4 | I19: 8500 | J19: =IFERROR(I19/'General information'!$O$2,0) -> 8.5427222 | K19: =IFERROR(I19/(Weapons!L32/Weapons!C32),0) -> 0 | L19: =K19/365 -> 0 | O19: Q4 | P19: 180 | Q19: =P19*'General information'!$O$2 -> 179099.82 | R19: =IFERROR(Q19/(Weapons!N20/Weapons!E20),0) -> 0 | S19: =R19/365 -> 0 | U19: Q4 | V19: 8500 | W19: =IFERROR(V19/'General information'!$O$2,0) -> 8.5427222 | X19: =IFERROR(V19/(Weapons!L42/Weapons!C42),0) -> 0 | Y19: =X19/365 -> 0
B20: Q5 | C20: 380 | D20: =C20*'General information'!$O$2 -> 378099.62 | E20: =IFERROR(D20/(Weapons!N9/Weapons!C9),0) -> 0 | F20: =E20/365 -> 0 | H20: Q5 | I20: =J20*'General information'!O2 -> 34824.965 | J20: 35 | K20: =IFERROR(I20/(Weapons!L33/Weapons!C33),0) -> 0 | L20: =K20/365 -> 0 | O20: Q5 | P20: 380 | Q20: =P20*'General information'!$O$2 -> 378099.62 | R20: =IFERROR(Q20/(Weapons!N21/Weapons!E21),0) -> 0 | S20: =R20/365 -> 0 | U20: Q5 | V20: =W20*'General information'!$O$2 -> 34824.965 | W20: 35 | X20: =IFERROR(V20/(Weapons!L43/Weapons!C43),0) -> 0 | Y20: =X20/365 -> 0
B21: Q6 | C21: 780 | D21: =C21*'General information'!$O$2 -> 776099.22 | E21: =IFERROR(D21/(Weapons!N10/Weapons!C10),0) -> 0 | F21: =E21/365 -> 0 | O21: Q6 | P21: 780 | Q21: =P21*'General information'!$O$2 -> 776099.22 | R21: =IFERROR(Q21/(Weapons!N22/Weapons!E22),0) -> 0 | S21: =R21/365 -> 0
B22: Q7 | C22: 1230 | D22: =C22*'General information'!$O$2 -> 1223848.8 | E22: =IFERROR(D22/(Weapons!N11/Weapons!C11),0) -> 0 | F22: =E22/365 -> 0 | O22: Q7 | P22: 1230 | Q22: =P22*'General information'!$O$2 -> 1223848.8 | R22: =IFERROR(Q22/(Weapons!N23/Weapons!E23),0) -> 0 | S22: =R22/365 -> 0
B25: Food industry
B26: Manufacture - Holding 1 | H26: Raw Material - Holding 1 | O26: Manufacture - Holding 2 | U26: Raw Material - Holding 2
B27: Quality | C27: Gold Price | D27: CC Price | E27: Return (in days) | F27: Return (in Years) | H27: Quality | I27: CC Price | J27: Gold Price | K27: Return (in days) | L27: Return (in Years) | O27: Quality | P27: Gold Price | Q27: CC Price | R27: Return (in days) | S27: Return (in Years) | U27: Quality | V27: CC Price | W27: Gold Price | X27: Return (in days) | Y27: Return (in Years)
B28: Q1 | C28: 10 | D28: =C28*'General information'!$O$2 -> 9949.99 | E28: =IFERROR(D28/(Food!N5/Food!C5),0) -> 0 | F28: =E28/365 -> 0 | H28: Q1 | I28: 1500 | J28: =IFERROR(I28/'General information'!$O$2,0) -> 1.5075392 | K28: =IFERROR(I28/(Food!L29/Food!C29),0) -> 0 | L28: =K28/365 -> 0 | O28: Q1 | P28: 10 | Q28: =P28*'General information'!$O$2 -> 9949.99 | R28: =IFERROR(Q28/(Food!N17/Food!C17),0) -> 0 | S28: =R28/365 -> 0 | U28: Q1 | V28: 1500 | W28: =IFERROR(V28/'General information'!$O$2,0) -> 1.5075392 | X28: =IFERROR(V28/(Food!L39/Food!C39),0) -> 0 | Y28: =X28/365 -> 0
B29: Q2 | C29: 30 | D29: =C29*'General information'!$O$2 -> 29849.97 | E29: =IFERROR(D29/(Food!N6/Food!C6),0) -> 0 | F29: =E29/365 -> 0 | H29: Q2 | I29: 3000 | J29: =IFERROR(I29/'General information'!$O$2,0) -> 3.0150784 | K29: =IFERROR(I29/(Food!L30/Food!C30),0) -> 0 | L29: =K29/365 -> 0 | O29: Q2 | P29: 30 | Q29: =P29*'General information'!$O$2 -> 29849.97 | R29: =IFERROR(Q29/(Food!N18/Food!C18),0) -> 0 | S29: =R29/365 -> 0 | U29: Q2 | V29: 3000 | W29: =IFERROR(V29/'General information'!$O$2,0) -> 3.0150784 | X29: =IFERROR(V29/(Food!L40/Food!C40),0) -> 0 | Y29: =X29/365 -> 0
B30: Q3 | C30: 80 | D30: =C30*'General information'!$O$2 -> 79599.92 | E30: =IFERROR(D30/(Food!N7/Food!C7),0) -> 0 | F30: =E30/365 -> 0 | H30: Q3 | I30: =J30*'General information'!$O$2 -> 9949.99 | J30: 10 | K30: =IFERROR(I30/(Food!L31/Food!C31),0) -> 0 | L30: =K30/365 -> 0 | O30: Q3 | P30: 80 | Q30: =P30*'General information'!$O$2 -> 79599.92 | R30: =IFERROR(Q30/(Food!N19/Food!C19),0) -> 0 | S30: =R30/365 -> 0 | U30: Q3 | V30: =W30*'General information'!$O$2 -> 9949.99 | W30: 10 | X30: =IFERROR(V30/(Food!L41/Food!C41),0) -> 0 | Y30: =X30/365 -> 0
B31: Q4 | C31: 180 | D31: =C31*'General information'!$O$2 -> 179099.82 | E31: =IFERROR(D31/(Food!N8/Food!C8),0) -> 0 | F31: =E31/365 -> 0 | H31: Q4 | I31: 8500 | J31: =IFERROR(I31/'General information'!$O$2,0) -> 8.5427222 | K31: =IFERROR(I31/(Food!L32/Food!C32),0) -> 0 | L31: =K31/365 -> 0 | O31: Q4 | P31: 180 | Q31: =P31*'General information'!$O$2 -> 179099.82 | R31: =IFERROR(Q31/(Food!N20/Food!C20),0) -> 0 | S31: =R31/365 -> 0 | U31: Q4 | V31: 8500 | W31: =IFERROR(V31/'General information'!$O$2,0) -> 8.5427222 | X31: =IFERROR(V31/(Food!L42/Food!C42),0) -> 0 | Y31: =X31/365 -> 0
B32: Q5 | C32: 380 | D32: =C32*'General information'!$O$2 -> 378099.62 | E32: =IFERROR(D32/(Food!N9/Food!C9),0) -> 0 | F32: =E32/365 -> 0 | H32: Q5 | I32: =J32*'General information'!$O$2 -> 34824.965 | J32: 35 | K32: =IFERROR(I32/(Food!L33/Food!C33),0) -> 0 | L32: =K32/365 -> 0 | O32: Q5 | P32: 380 | Q32: =P32*'General information'!$O$2 -> 378099.62 | R32: =IFERROR(Q32/(Food!N21/Food!C21),0) -> 0 | S32: =R32/365 -> 0 | U32: Q5 | V32: =W32*'General information'!$O$2 -> 34824.965 | W32: 35 | X32: =IFERROR(V32/(Food!L43/Food!C43),0) -> 0 | Y32: =X32/365 -> 0
B33: Q6 | C33: 780 | D33: =C33*'General information'!$O$2 -> 776099.22 | E33: =IFERROR(D33/(Food!N10/Food!C10),0) -> 0 | F33: =E33/365 -> 0 | O33: Q6 | P33: 780 | Q33: =P33*'General information'!$O$2 -> 776099.22 | R33: =IFERROR(Q33/(Food!N22/Food!C22),0) -> 0 | S33: =R33/365 -> 0
B34: Q7 | C34: 1230 | D34: =C34*'General information'!$O$2 -> 1223848.8 | E34: =IFERROR(D34/(Food!N11/Food!C11),0) -> 0 | F34: =E34/365 -> 0 | O34: Q7 | P34: 1230 | Q34: =P34*'General information'!$O$2 -> 1223848.8 | R34: =IFERROR(Q34/(Food!N23/Food!C23),0) -> 0 | S34: =R34/365 -> 0
B37: Air War Industry
B38: Manufacture - Holding 1 | H38: Raw Material - Holding 1 | O38: Manufacture - Holding 2 | U38: Raw Material - Holding 2
B39: Quality | C39: Gold Price | D39: CC Price | E39: Return (in days) | F39: Return (in Years) | H39: Quality | I39: CC Price | J39: Gold Price | K39: Return (in days) | L39: Return (in Years) | O39: Quality | P39: Gold Price | Q39: CC Price | R39: Return (in days) | S39: Return (in Years) | U39: Quality | V39: CC Price | W39: Gold Price | X39: Return (in days) | Y39: Return (in Years)
B40: Q1 | C40: 10 | D40: =C40*'General information'!$O$2 -> 9949.99 | E40: =IFERROR(D40/Airplanes!L5,0) -> 0 | F40: =E40/365 -> 0 | H40: Q1 | I40: 1500 | J40: =IFERROR(I40/'General information'!$O$2,0) -> 1.5075392 | K40: =IFERROR(I40/Airplanes!I25,0) -> 0 | L40: =K40/365 -> 0 | O40: Q1 | P40: 10 | Q40: =P40*'General information'!$O$2 -> 9949.99 | R40: =IFERROR(Q40/Airplanes!L15,0) -> 0 | S40: =R40/365 -> 0 | U40: Q1 | V40: 1500 | W40: =IFERROR(V40/'General information'!$O$2,0) -> 1.5075392 | X40: =IFERROR(V40/Airplanes!I35,0) -> 0 | Y40: =X40/365 -> 0
B41: Q2 | C41: 30 | D41: =C41*'General information'!$O$2 -> 29849.97 | E41: =IFERROR(D41/Airplanes!L6,0) -> 0 | F41: =E41/365 -> 0 | H41: Q2 | I41: 3000 | J41: =IFERROR(I41/'General information'!$O$2,0) -> 3.0150784 | K41: =IFERROR(I41/Airplanes!I26,0) -> 0 | L41: =K41/365 -> 0 | O41: Q2 | P41: 30 | Q41: =P41*'General information'!$O$2 -> 29849.97 | R41: =IFERROR(Q41/Airplanes!L16,0) -> 0 | S41: =R41/365 -> 0 | U41: Q2 | V41: 3000 | W41: =IFERROR(V41/'General information'!$O$2,0) -> 3.0150784 | X41: =IFERROR(V41/Airplanes!I36,0) -> 0 | Y41: =X41/365 -> 0
B42: Q3 | C42: 80 | D42: =C42*'General information'!$O$2 -> 79599.92 | E42: =IFERROR(D42/Airplanes!L7,0) -> 0 | F42: =E42/365 -> 0 | H42: Q3 | I42: =J42*'General information'!$O$2 -> 9949.99 | J42: 10 | K42: =IFERROR(I42/Airplanes!I27,0) -> 0 | L42: =K42/365 -> 0 | O42: Q3 | P42: 80 | Q42: =P42*'General information'!$O$2 -> 79599.92 | R42: =IFERROR(Q42/Airplanes!L17,0) -> 0 | S42: =R42/365 -> 0 | U42: Q3 | V42: =W42*'General information'!$O$2 -> 9949.99 | W42: 10 | X42: =IFERROR(V42/Airplanes!I37,0) -> 0 | Y42: =X42/365 -> 0
B43: Q4 | C43: 180 | D43: =C43*'General information'!$O$2 -> 179099.82 | E43: =IFERROR(D43/Airplanes!L8,0) -> 0 | F43: =E43/365 -> 0 | H43: Q4 | I43: 8500 | J43: =IFERROR(I43/'General information'!$O$2,0) -> 8.5427222 | K43: =IFERROR(I43/Airplanes!I28,0) -> 0 | L43: =K43/365 -> 0 | O43: Q4 | P43: 180 | Q43: =P43*'General information'!$O$2 -> 179099.82 | R43: =IFERROR(Q43/Airplanes!L18,0) -> 0 | S43: =R43/365 -> 0 | U43: Q4 | V43: 8500 | W43: =IFERROR(V43/'General information'!$O$2,0) -> 8.5427222 | X43: =IFERROR(V43/Airplanes!I38,0) -> 0 | Y43: =X43/365 -> 0
B44: Q5 | C44: 380 | D44: =C44*'General information'!$O$2 -> 378099.62 | E44: =IFERROR(D44/Airplanes!L9,0) -> 0 | F44: =E44/365 -> 0 | H44: Q5 | I44: =J44*'General information'!$O$2 -> 34824.965 | J44: 35 | K44: =IFERROR(I44/Airplanes!I29,0) -> 0 | L44: =K44/365 -> 0 | O44: Q5 | P44: 380 | Q44: =P44*'General information'!$O$2 -> 378099.62 | R44: =IFERROR(Q44/Airplanes!L19,0) -> 0 | S44: =R44/365 -> 0 | U44: Q5 | V44: =W44*'General information'!$O$2 -> 34824.965 | W44: 35 | X44: =IFERROR(V44/Airplanes!I39,0) -> 0 | Y44: =X44/365 -> 0
B45: Q6 | C45: 780 | D45: =C45*'General information'!$O$2 -> 776099.22 | E45: =IFERROR(D45/Airplanes!L10,0) -> 0 | F45: =E45/365 -> 0 | O45: Q6 | P45: 780 | Q45: =P45*'General information'!$O$2 -> 776099.22 | R45: =IFERROR(Q45/Airplanes!L20,0) -> 0 | S45: =R45/365 -> 0
B46: Q7 | C46: 1230 | D46: =C46*'General information'!$O$2 -> 1223848.8 | E46: =IFERROR(D46/Airplanes!L11,0) -> 0 | F46: =E46/365 -> 0 | O46: Q7 | P46: 1230 | Q46: =P46*'General information'!$O$2 -> 1223848.8 | R46: =IFERROR(Q46/Airplanes!L21,0) -> 0 | S46: =R46/365 -> 0

Sheet Effective Tax
A1: Nominal Rate | B1: Effective Rate | E1: Nominal Rate | F1: Effective Rate | I1: Nominal Rate | J1: Effective Rate | M1: Nominal Rate | N1: Effective Rate | Q1: Nominal Rate | R1: Effective Rate
B2: TAX (VAT) | C2: TAX (Import) | F2: TAX (VAT) | G2: TAX (Import) | J2: TAX (VAT) | K2: TAX (Import) | N2: TAX (VAT) | O2: TAX (Import) | R2: TAX (VAT) | S2: TAX (Import)
A3: 0.01 | B3: 0.990099 | C3: 0.9705 | E3: 0.21 | I3: 0.41 | M3: 0.61 | Q3: 0.81
A4: 0.02 | E4: 0.22 | I4: 0.42 | M4: 0.62 | Q4: 0.82
A5: 0.03 | E5: 0.23 | I5: 0.43 | M5: 0.63 | Q5: 0.83
A6: 0.04 | E6: 0.24 | I6: 0.44 | M6: 0.64 | Q6: 0.84
A7: 0.05 | B7: 4.7619 | C7: 4.6704 | E7: 0.25 | I7: 0.45 | M7: 0.65 | Q7: 0.85
A8: 0.06 | E8: 0.26 | I8: 0.46 | M8: 0.66 | Q8: 0.86
A9: 0.07 | E9: 0.27 | I9: 0.47 | M9: 0.67 | Q9: 0.87
A10: 0.08 | E10: 0.28 | I10: 0.48 | M10: 0.68 | Q10: 0.88
A11: 0.09 | E11: 0.29 | I11: 0.49 | M11: 0.69 | Q11: 0.89
A12: 0.1 | E12: 0.3 | I12: 0.5 | M12: 0.7 | Q12: 0.9
A13: 0.11 | E13: 0.31 | I13: 0.51 | M13: 0.71 | Q13: 0.91
A14: 0.12 | E14: 0.32 | I14: 0.52 | M14: 0.72 | Q14: 0.92
A15: 0.13 | E15: 0.33 | I15: 0.53 | M15: 0.73 | Q15: 0.93
A16: 0.14 | E16: 0.34 | I16: 0.54 | M16: 0.74 | Q16: 0.94
A17: 0.15 | E17: 0.35 | I17: 0.55 | M17: 0.75 | Q17: 0.95
A18: 0.16 | E18: 0.36 | I18: 0.56 | M18: 0.76 | Q18: 0.96
A19: 0.17 | E19: 0.37 | I19: 0.57 | M19: 0.77 | Q19: 0.97
... A22: 0.2 | E22: 0.4 | I22: 0.6 | M22: 0.8 | Q22: 1

Sheet HQ3 Offers
A1: id | B1: country_id | C1: amount | D1: net | E1: gross | F1: added
A2: 75150000 | B2: 76 | C2: 1 | D2: 97058.823 | E2: 99000 | F2: 2024-11-07 02:34:04
A3: 75894492 | B3: 42 | C3: 92 | D3: 98217.822 | E3: 99200 | F3: 2024-11-07 02:34:04
A4: 75897481 | B4: 35 | C4: 1 | D4: 97254.902 | E4: 99200 | F4: 2024-11-07 02:34:04
A5: 75874685 | B5: 36 | C5: 1 | D5: 95465.856 | E5: 99284.49 | F5: 2024-11-07 02:34:04
A6: 75781218 | B6: 47 | C6: 1 | D6: 97549.02 | E6: 99500 | F6: 2024-11-07 02:34:04
A7: 75893179 | B7: 49 | C7: 1 | D7: 98514.852 | E7: 99500 | F7: 2024-11-07 02:34:04
A8: 75897018 | B8: 43 | C8: 1 | D8: 98712.871 | E8: 99700 | F8: 2024-11-07 02:34:04
A9: 75897364 | B9: 24 | C9: 11 | D9: 98907.871 | E9: 99896.95 | F9: 2024-11-07 02:34:04
A10: 75896766 | B10: 24 | C10: 2 | D10: 98907.921 | E10: 99897 | F10: 2024-11-07 02:34:04
A11: 75896620 | B11: 24 | C11: 1 | D11: 98907.921 | E11: 99897 | F11: 2024-11-07 02:34:04
A12: 75896422 | B12: 24 | C12: 1 | D12: 94243.066 | E12: 99897.65 | F12: 2024-11-07 02:34:04
A13: 75896321 | B13: 24 | C13: 2 | D13: 98908.614 | E13: 99897.7 | F13: 2024-11-07 02:34:04
... A31: 75053665 | B31: 47 | C31: 11 | D31: 99010.891 | E31: 100001 | F31: 2024-11-07 02:34:04

Sheet HQ1 Offers
A1: id | B1: country_id | C1: amount | D1: net | E1: gross | F1: added
A2: 75897362 | B2: 24 | C2: 3 | D2: 22970.248 | E2: 23199.95 | F2: 2024-11-07 02:34:04
A3: 75895504 | B3: 24 | C3: 29 | D3: 22970.257 | E3: 23199.96 | F3: 2024-11-07 02:34:04
A4: 75895138 | B4: 24 | C4: 2 | D4: 22970.277 | E4: 23199.98 | F4: 2024-11-07 02:34:04
A5: 75895469 | B5: 24 | C5: 1 | D5: 21886.774 | E5: 23199.98 | F5: 2024-11-07 02:34:04
A6: 75891279 | B6: 24 | C6: 2 | D6: 22970.297 | E6: 23200 | F6: 2024-11-07 02:34:04
A7: 75875923 | B7: 32 | C7: 16 | D7: 23099.01 | E7: 23330 | F7: 2024-11-07 02:34:04
A8: 75894489 | B8: 42 | C8: 140 | D8: 23158.416 | E8: 23390 | F8: 2024-11-07 02:34:04
A9: 75886643 | B9: 29 | C9: 88 | D9: 23158.416 | E9: 23390 | F9: 2024-11-07 02:34:04
A10: 75889444 | B10: 29 | C10: 2 | D10: 23158.416 | E10: 23390 | F10: 2024-11-07 02:34:04
A11: 75896969 | B11: 42 | C11: 2 | D11: 23158.416 | E11: 23390 | F11: 2024-11-07 02:34:04
A12: 75894983 | B12: 42 | C12: 1 | D12: 23158.416 | E12: 23390 | F12: 2024-11-07 02:34:04
A13: 75897066 | B13: 42 | C13: 1 | D13: 23158.416 | E13: 23390 | F13: 2024-11-07 02:34:04
... A31: 75878414 | B31: 11 | C31: 5 | D31: 23316.832 | E31: 23550 | F31: 2024-11-07 02:34:03

Sheet FQ5 Offers
A1: id | B1: country_id | C1: amount | D1: net | E1: gross | F1: added
A2: 75893943 | B2: 37 | C2: 307826 | D2: 2.6733 | E2: 2.7 | F2: 2024-11-07 02:34:04
A3: 75897012 | B3: 31 | C3: 998 | D3: 2.6733 | E3: 2.7 | F3: 2024-11-07 02:34:04
A4: 75887905 | B4: 35 | C4: 94586 | D4: 2.6832 | E4: 2.71 | F4: 2024-11-07 02:34:04
A5: 75887185 | B5: 1 | C5: 21031 | D5: 2.6832 | E5: 2.71 | F5: 2024-11-07 02:34:03
A6: 75896108 | B6: 29 | C6: 8355 | D6: 2.6832 | E6: 2.71 | F6: 2024-11-07 02:34:04
A7: 75896799 | B7: 35 | C7: 2244 | D7: 2.6832 | E7: 2.71 | F7: 2024-11-07 02:34:04
A8: 75894917 | B8: 1 | C8: 2000 | D8: 2.6832 | E8: 2.71 | F8: 2024-11-07 02:34:03
A9: 75876659 | B9: 1 | C9: 9001 | D9: 2.6931 | E9: 2.72 | F9: 2024-11-07 02:34:03
A10: 75896893 | B10: 24 | C10: 8995 | D10: 2.703 | E10: 2.73 | F10: 2024-11-07 02:34:04
A11: 75874347 | B11: 42 | C11: 84372 | D11: 2.7129 | E11: 2.74 | F11: 2024-11-07 02:34:04
A12: 75896560 | B12: 42 | C12: 40073 | D12: 2.7129 | E12: 2.74 | F12: 2024-11-07 02:34:04
A13: 75896210 | B13: 24 | C13: 4601 | D13: 2.7129 | E13: 2.74 | F13: 2024-11-07 02:34:04
... A31: 75896895 | B31: 43 | C31: 9993 | D31: 2.7353 | E31: 2.79 | F31: 2024-11-07 02:34:04

Sheet FQ1 Offers
A1: id | B1: country_id | C1: amount | D1: net | E1: gross | F1: added
A2: 75897306 | B2: 23 | C2: 3998 | D2: 0.5347 | E2: 0.54 | F2: 2024-11-07 02:34:04
A3: 75894784 | B3: 12 | C3: 3326 | D3: 0.5446 | E3: 0.55 | F3: 2024-11-07 02:34:03
A4: 75898098 | B4: 27 | C4: 790 | D4: 0.5446 | E4: 0.55 | F4: 2024-11-07 02:34:04
A5: 75892266 | B5: 56 | C5: 14126 | D5: 0.549 | E5: 0.56 | F5: 2024-11-07 02:34:04
A6: 75873905 | B6: 32 | C6: 42982 | D6: 0.5644 | E6: 0.57 | F6: 2024-11-07 02:34:04
A7: 75895256 | B7: 54 | C7: 13866 | D7: 0.5588 | E7: 0.57 | F7: 2024-11-07 02:34:04
A8: 75877489 | B8: 50 | C8: 10000 | D8: 0.5644 | E8: 0.57 | F8: 2024-11-07 02:34:04
A9: 75880058 | B9: 50 | C9: 10000 | D9: 0.5644 | E9: 0.57 | F9: 2024-11-07 02:34:04
A10: 75844535 | B10: 50 | C10: 9990 | D10: 0.5229 | E10: 0.57 | F10: 2024-11-07 02:34:04
A11: 75898110 | B11: 65 | C11: 841 | D11: 0.5644 | E11: 0.57 | F11: 2024-11-07 02:34:04
A12: 75898106 | B12: 35 | C12: 350 | D12: 0.5644 | E12: 0.57 | F12: 2024-11-07 02:34:04
A13: 75890302 | B13: 40 | C13: 59372 | D13: 0.5743 | E13: 0.58 | F13: 2024-11-07 02:34:04
... A31: 75893477 | B31: 13 | C31: 37583 | D31: 0.5842 | E31: 0.59 | F31: 2024-11-07 02:34:04

Sheet WQ7 Offers
A1: id | B1: country_id | C1: amount | D1: net | E1: gross | F1: added
A2: 75896785 | B2: 51 | C2: 3500 | D2: 77.7228 | E2: 78.5 | F2: 2024-11-07 02:34:04
A3: 75895480 | B3: 53 | C3: 459 | D3: 77.7228 | E3: 78.5 | F3: 2024-11-07 02:34:04
A4: 75897998 | B4: 49 | C4: 189 | D4: 76.4078 | E4: 78.7 | F4: 2024-11-07 02:34:04
A5: 75897591 | B5: 81 | C5: 8888 | D5: 78.0198 | E5: 78.8 | F5: 2024-11-07 02:34:04
A6: 75898081 | B6: 30 | C6: 4000 | D6: 78.0198 | E6: 78.8 | F6: 2024-11-07 02:34:04
A7: 75890607 | B7: 42 | C7: 19871 | D7: 78.1188 | E7: 78.9 | F7: 2024-11-07 02:34:04
A8: 75895890 | B8: 33 | C8: 1499 | D8: 78.1188 | E8: 78.9 | F8: 2024-11-07 02:34:04
A9: 75898068 | B9: 80 | C9: 200 | D9: 78.1188 | E9: 78.9 | F9: 2024-11-07 02:34:04
A10: 75896427 | B10: 42 | C10: 100 | D10: 77.3529 | E10: 78.9 | F10: 2024-11-07 02:34:04
A11: 75897745 | B11: 11 | C11: 21 | D11: 78.1188 | E11: 78.9 | F11: 2024-11-07 02:34:03
A12: 75856025 | B12: 42 | C12: 4984 | D12: 78.1683 | E12: 78.95 | F12: 2024-11-07 02:34:04
A13: 75897452 | B13: 24 | C13: 1354 | D13: 78.1683 | E13: 78.95 | F13: 2024-11-07 02:34:04
... A31: 75817153 | B31: 76 | C31: 3638 | D31: 78.2079 | E31: 78.99 | F31: 2024-11-07 02:34:04

Sheet ARM Offers
A1: id | B1: country_id | C1: amount | D1: net | E1: gross | F1: added
A2: 75894496 | B2: 42 | C2: 4389 | D2: 1072 | E2: 1072 | F2: 2024-11-07 02:34:04
A3: 75882314 | B3: 13 | C3: 436 | D3: 1072 | E3: 1072 | F3: 2024-11-07 02:34:04
A4: 75894271 | B4: 13 | C4: 25 | D4: 1072 | E4: 1072 | F4: 2024-11-07 02:34:04
A5: 75897338 | B5: 42 | C5: 21 | D5: 1072 | E5: 1072 | F5: 2024-11-07 02:34:04
A6: 75893246 | B6: 13 | C6: 10 | D6: 1072 | E6: 1072 | F6: 2024-11-07 02:34:04
A7: 75882489 | B7: 13 | C7: 6 | D7: 1072 | E7: 1072 | F7: 2024-11-07 02:34:04
A8: 75889798 | B8: 13 | C8: 2 | D8: 1072 | E8: 1072 | F8: 2024-11-07 02:34:04
A9: 75898114 | B9: 65 | C9: 334 | D9: 1073.79 | E9: 1073.79 | F9: 2024-11-07 02:34:04
A10: 75897933 | B10: 65 | C10: 198 | D10: 1073.8 | E10: 1073.8 | F10: 2024-11-07 02:34:04
A11: 75896931 | B11: 65 | C11: 7 | D11: 1073.99 | E11: 1073.99 | F11: 2024-11-07 02:34:04
A12: 75897337 | B12: 65 | C12: 5 | D12: 1073.99 | E12: 1073.99 | F12: 2024-11-07 02:34:04
A13: 75896946 | B13: 65 | C13: 4 | D13: 1074.99 | E13: 1074.99 | F13: 2024-11-07 02:34:04
... A31: 75894380 | B31: 40 | C31: 9 | D31: 1087 | E31: 1087 | F31: 2024-11-07 02:34:04

Sheet HRM Offers
A1: id | B1: country_id | C1: amount | D1: net | E1: gross | F1: added
A2: 75898077 | B2: 13 | C2: 2 | D2: 1000 | E2: 1000 | F2: 2024-11-07 02:34:04
A3: 75897541 | B3: 13 | C3: 47 | D3: 1006 | E3: 1006 | F3: 2024-11-07 02:34:04
A4: 75897484 | B4: 13 | C4: 20 | D4: 1006 | E4: 1006 | F4: 2024-11-07 02:34:04
A5: 75897826 | B5: 13 | C5: 8 | D5: 1006 | E5: 1006 | F5: 2024-11-07 02:34:04
A6: 75879457 | B6: 13 | C6: 100 | D6: 1006.98 | E6: 1006.98 | F6: 2024-11-07 02:34:04
A7: 75897805 | B7: 11 | C7: 5 | D7: 1008.88 | E7: 1008.88 | F7: 2024-11-07 02:34:03
A8: 75895045 | B8: 11 | C8: 111 | D8: 1008.9 | E8: 1008.9 | F8: 2024-11-07 02:34:03
A9: 75895025 | B9: 11 | C9: 4 | D9: 1008.98 | E9: 1008.98 | F9: 2024-11-07 02:34:03
A10: 75895873 | B10: 40 | C10: 100 | D10: 1009 | E10: 1009 | F10: 2024-11-07 02:34:04
A11: 75885822 | B11: 11 | C11: 21 | D11: 1009.9 | E11: 1009.9 | F11: 2024-11-07 02:34:03
A12: 75885291 | B12: 11 | C12: 8 | D12: 1009.9 | E12: 1009.9 | F12: 2024-11-07 02:34:03
A13: 75897565 | B13: 14 | C13: 1 | D13: 1009.99 | E13: 1009.99 | F13: 2024-11-07 02:34:04
... A31: 75897209 | B31: 35 | C31: 1 | D31: 1017 | E31: 1017 | F31: 2024-11-07 02:34:04

Sheet FRM Offers
A1: id | B1: country_id | C1: amount | D1: net | E1: gross | F1: added
A2: 75898066 | B2: 13 | C2: 135 | D2: 12 | E2: 12 | F2: 2024-11-07 02:34:04
A3: 75897793 | B3: 13 | C3: 1882 | D3: 12.6 | E3: 12.6 | F3: 2024-11-07 02:34:04
A4: 75892864 | B4: 44 | C4: 5098 | D4: 12.7 | E4: 12.7 | F4: 2024-11-07 02:34:04
A5: 75895227 | B5: 13 | C5: 1058 | D5: 12.7 | E5: 12.7 | F5: 2024-11-07 02:34:04
A6: 75896530 | B6: 13 | C6: 115 | D6: 12.7 | E6: 12.7 | F6: 2024-11-07 02:34:04
A7: 75895087 | B7: 34 | C7: 600 | D7: 12.75 | E7: 12.75 | F7: 2024-11-07 02:34:04
A8: 75898075 | B8: 65 | C8: 1011 | D8: 12.76 | E8: 12.76 | F8: 2024-11-07 02:34:04
A9: 75898123 | B9: 65 | C9: 170 | D9: 12.76 | E9: 12.76 | F9: 2024-11-07 02:34:04
A10: 75897937 | B10: 65 | C10: 2000 | D10: 12.77 | E10: 12.77 | F10: 2024-11-07 02:34:04
A11: 75897832 | B11: 65 | C11: 16 | D11: 12.77 | E11: 12.77 | F11: 2024-11-07 02:34:04
A12: 75897769 | B12: 65 | C12: 8 | D12: 12.77 | E12: 12.77 | F12: 2024-11-07 02:34:04
A13: 75892039 | B13: 44 | C13: 908 | D13: 12.78 | E13: 12.78 | F13: 2024-11-07 02:34:04
... A31: 75896331 | B31: 9 | C31: 323 | D31: 12.99 | E31: 12.99 | F31: 2024-11-07 02:34:03

Sheet WRM Offers
A1: id | B1: country_id | C1: amount | D1: net | E1: gross | F1: added
A2: 75897804 | B2: 67 | C2: 8 | D2: 27 | E2: 27 | F2: 2024-11-07 02:34:04
A3: 75896565 | B3: 24 | C3: 3201 | D3: 28.45 | E3: 28.45 | F3: 2024-11-07 02:34:04
A4: 75896922 | B4: 10 | C4: 1049 | D4: 28.45 | E4: 28.45 | F4: 2024-11-07 02:34:03
A5: 75897150 | B5: 24 | C5: 900 | D5: 28.45 | E5: 28.45 | F5: 2024-11-07 02:34:04
A6: 75896398 | B6: 9 | C6: 3265 | D6: 28.48 | E6: 28.48 | F6: 2024-11-07 02:34:03
A7: 75897116 | B7: 9 | C7: 307 | D7: 28.48 | E7: 28.48 | F7: 2024-11-07 02:34:03
A8: 75897962 | B8: 14 | C8: 25 | D8: 28.48 | E8: 28.48 | F8: 2024-11-07 02:34:04
A9: 75897564 | B9: 14 | C9: 3524 | D9: 28.49 | E9: 28.49 | F9: 2024-11-07 02:34:04
A10: 75894335 | B10: 9 | C10: 51 | D10: 28.49 | E10: 28.49 | F10: 2024-11-07 02:34:03
A11: 75898120 | B11: 56 | C11: 50 | D11: 28.49 | E11: 28.49 | F11: 2024-11-07 02:34:04
A12: 75895692 | B12: 9 | C12: 20 | D12: 28.49 | E12: 28.49 | F12: 2024-11-07 02:34:03
A13: 75895497 | B13: 83 | C13: 667 | D13: 28.5 | E13: 28.5 | F13: 2024-11-07 02:34:04
... A31: 75896574 | B31: 23 | C31: 75 | D31: 28.72 | E31: 28.72 | F31: 2024-11-07 02:34:04
